Workbook

Sheet Hoja1
A4: DOCTORADO EN HISTORIA ECONÓMICA
A5: ECONOMÍA POLÍTICA DE LA TRIBUTACIÓN EN COLOMBIA
A6: AUTOR: Isidro Hernández Rodríguez
A8: INFORMES DE HACIENDA DE 1824 A 1915
A10: NOTAS
A11: 1. Las cifras son idénticas a las que aparecen en los agregados estadísticos de los Informesde Hacienda de ese período y en algunos casos difiere de la cifra que el Secretario escribe en la explicación de la vigencia fiscal
A13: 2. Se verificó la suma y en algunos casos no coincide como se muestra en rojo
A15: 3. En algunos cifras se dejan algunos comentarios al cotejar el agregado con otros apartes estadísticos de los informes
A17: 4.En la hoja de gasto se hace la anotación que al cotejar la cifra corresponde a lo aprobado, no lo ejecutado
A19: 5. La unidad monetaria es el peso oro

Sheet INGRESOS 1824-1825
A1: Año económico contado desde el 1o de julio de 1824 hasta el 30 de junio de 1825
A3: Cobrado por las tesorerías
B5: Pesos | C5: Reales
A6: Alcabalas | B6: 119902 | C6: 3/4
A7: Contribución Directa | B7: 194558 | C7: 6
A8: Contribución extraordinaria | B8: 115010 | C8: 5 3/4
A9: Tributos de indígenas | B9: 172051 | C9: 2 1/4
A10: Diezmos | B10: 135573 | C10: 1 3/4
A11: Vacantes, mayores y menores | B11: 87302 | C11: 7 3/4
A12: Novenos de fábricas de iglesias | B12: 6218 | C12: 1/4
A13: Mesadas eclesiásticas | B13: 2789 | C13: 1/4
A14: Conventos suprimidos | B14: 979 | C14: 3/4
A15: Mandas forzosas | B15: 1015 | C15: 2 1/4
A16: Hospitales sin destino | B16: 1906 | C16: 5 1/2
A17: Quintos de oro y plata | B17: 32747 | C17: 7 3/4
A18: Salinas | B18: 187904 | C18: 7
A19: Papel sellado | B19: 55866 | C19: 4
A20: Aguardientes | B20: 60563 | C20: 7 1/2
A21: Arrendamientos de tierras, casas y bodegas | B21: 3282 | C21: 1 1/4
A22: Naipes | B22: 200 | C22: 5
A23: Derecho de consumo | B23: 7014 | C23: 1
A24: Comisos | B24: 4147 | C24: 6
A25: Fundición | B25: 4302 | C25: 1
A26: Alcances de cuentas | B26: 4433 | C26: 2
A27: Guarapo y gallos | B27: 1446 | C27: 6
A28: Montepío militar | B28: 71543 | C28: 7 1/4
A29: Montepío del ministerio | B29: 2166 | C29: 2 1/2
A30: Secuestros y confiscaciones | B30: 23243 | C30: 7 1/2
A31: Camellón | B31: 3838 | C31: 3 1/4
A32: Fondos del museo | B32: 9221 | C32: 2
A33: Tiendas de composición | B33: 500 | C33: 0
A34: Productos de minas | B34: 679 | C34: 0
A35: Contribuciones para la guerra | B35: 88419 | C35: 5 3/4
A36: Depósitos | B36: 256035 | C36: 1/2
A37: Temporalidades | B37: 15735 | C37: 1 1/2
A38: Donativos | B38: 6389 | C38: 7
A39: Aprovechamientos | B39: 9335 | C39: 1/4
A40: Venduta | B40: 10445 | C40: 4 1/4
A41: Bienes mostrencos | B41: 45 | C41: 0
A42: Medias anatas seculares | B42: 534 | C42: 0
A43: Derechos de calación de buques | B43: 8958 | C43: 0
A44: Fletes de buques | B44: 5123 | C44: 6 1/2
A45: Venta de efectos, utensilios de marina y buques | B45: 23030 | C45: 0
A46: Inválidos | B46: 2801 | C46: 7 1/2
A47: Hospitalidades | B47: 2066 | C47: 2 1/4
A48: Subsidio | B48: 7310 | C48: 7 1/2
A49: Tierras baldías | B49: 4477 | C49: 2
A50: Escobilla | B50: 2799 | C50: 7 3/4
A51: Multas | B51: 2402 | C51: 2
A52: Reintegros al erario | B52: 43057 | C52: 6 1/2
A53: Cúmulo de hacienda | B53: 139011 | C53: 1 1/4
A54: Empréstitos forzosos y voluntarios | B54: 516188 | C54: 5
A55: Consolidación | B55: 25713 | C55: 1 1/2
A56: Manumisión | B56: 630 | C56: 3 1/2
A57: Seminario | B57: 272 | C57: 1 1/2
A58: Penas de cámara | B58: 139 | C58: 4 3/4
A59: Productos de imprenta | B59: 73 | C59: 7 3/4
A60: Productos de azogue | B60: 123 | C60: 4.25
A62: Cobrado por las aduanas
D63: =SUM(B66:B89)+E63 -> 2651177.2 | E63: =D64/8 -> 7.25
A64: Primera clase | D64: =SUM(D66:D88) -> 58
A66: Importación | B66: 1888066 | C66: 7 1/4 | D66: 7
A67: Exportación | B67: 467848 | C67: 5 1/2 | D67: 5
A68: Consumo | B68: 148011 | C68: 0 | D68: 5
A69: Toneladas | B69: 40147 | C69: 3 | D69: 3
A70: Uno por ciento de atraso de deudas | B70: 56 | C70: 7 3/4 | D70: 7 | E70: 1
A71: Producto de edificios | B71: 1904 | C71: 0
A72: Comisos | B72: 449 | C72: 7 1/2 | D72: 7 | E72: 1
A73: Depósito por comiso | B73: 823 | C73: 2 1/2 | D73: 2
A75: Segunda clase
A77: Anclaje | B77: 28734 | C77: 1/2
A78: Patentes de buques | B78: 1120 | C78: 0
A79: Derecho presunto | B79: 2187 | C79: 3 1/2 | D79: 3
A80: Impuestos para hospitales militares sobre presas | B80: 18286 | C80: 1 1/2 | D80: 1
A81: Derecho de guías | B81: 15272 | C81: 5 3/4 | D81: 5 | E81: 2
A83: Tercera clase
A84: San Lázaro | B84: 9974 | C84: 2 | D84: 2
A85: Aduanaje | B85: 4630 | C85: 3 | D85: 3
A86: Consulado | B86: 10687 | C86: 1 1/2 | D86: 1 | E86: 1
A87: Malecón | B87: 8314 | C87: 2 | D87: 2
A88: Impuesto provisional | B88: 4432 | C88: 5 1/2 | D88: 5
A89: Derecho de pisos | B89: 230 | C89: 0
A91: Producto de las casas de mondeda
A93: De la de Bogotá | B93: 35115 | C93: 3 3/4
A94: Del la de Popayán | B94: 66877 | C94: 5
A96: Cobrado por las administraciones de tabaco
A98: Producto en bruto del vendido de todas clases | B98: 859066 | C98: 7 1/2
A100: Cobrado en las administraciones de correos
A102: Producto total | B102: 94719 | C102: 2 1/2
A104: TOTAL GENERAL | B104: 6196725 | C104: 3
B106: =SUM(B6:B102) -> 6188453
B108: =B104-B106 -> 8272
B109: =B108/B104 -> 0.0013348987
B110: =B108/B106 -> 0.001336683
A112: FUENTE: EXPOSICION DEL SECRETARIO DE HACIENDA PRESENTADA AL CONGRESO DE 1826
A113: JOSE MARIA DEL CASTILLO

Sheet INGRESOS 1826-1827
A1: RESUMEN DE LOS RAMOS DE INGRESO Y EGRESO DE CAUDALES QUE FORMAN EL TESORO NACIONAL DE LA REPUBLICA DE COLOMBIA
A2: INGRESO GENERAL DE CAUDALES
A4: ADUANAS
A5: RAMOS | B5: VALORES | C5: TOTALES
A6: Importación | B6: 3178197.6
A7: Exportación | B7: 582100.4
A8: Consumo | B8: 424854
A9: Toneladas | B9: 75638
A10: Pena de retardación | B10: 1126.2
A11: Almacenaje | B11: 456
A12: Patentes | B12: 1434.7
A13: Derecho de moneda en oro | B13: 722.7
A14: Derecho del anclaje | B14: 55973.6
A15: Derecho de calación | B15: 5578.4
A16: Depósitos | B16: 8152.3
A17: Diversos deudores | B17: 41658.5
... A20: Productos del año anterior cobrados en el presente | B20: 101188.3
A21: Productos aproximativos | B21: 1208146.3 | C21: 5688019.1 | D21: =SUM(B6:B21) -> 5688017.3
A23: CASAS DE MONEDA
A24: Existencia anterior | B24: 82522.1
A25: Valor de las rendiciones de oro | B25: 2473557.3
A26: Valor de las rendiciones de las de la plata | B26: 40952
A27: Febles de oro y plata | B27: 5013.2
A28: Valor de los bocadillos | B28: 5126.7
A29: Líquido | C29: 142151.4 | D29: =SUM(B24:B28) -> 2607171.3 | E29: =B24+B26+B27+B28+8537.4 -> 142151.4 | F29: =C29-E29 -> 0
A31: TABACOS
A32: Producto de tabacos de hoja | B32: 800380.7
A33: Productos del polvo | B33: 137.5 | C33: 800518.5 | D33: =B32+B33 -> 800518.2
A35: CORREOS
A36: Producto de correspondencia | B36: 66399.2
A37: Producto de encomiendas | B37: 44043.7
A38: Producto de certificados | B38: 467.7
A39: Producto del apartado | B39: 210
A40: Aproximativos | B40: 538.4 | C40: 111659 | D40: =SUM(B36:B40) -> 111659
A42: TESORERIAS
A43: Existencia del año anterior | B43: 231171.7
A44: Salinas | B44: 213261.3
A45: Quintos de oro y plata | B45: 34737.7
A46: Papel sellado | B46: 52776.5
A47: Aguardientes | B47: 28126.4
A48: Vendutas | B48: 2246.6
A49: Novenos del Estado | B49: 97933.6
A50: Aprovechamientos | B50: 20726.4
A51: Arrendamientos de tierras, casas y bodegas | B51: 2094.5
A52: Derechos de fundición | B52: 2000.3
A53: Escobillas | B53: 539.1
A54: Vacantes mayores y menores | B54: 93488.3
... A87: Ramos ajenos | B87: 174531.4
A88: Fondos del museo | B88: 744.1 | C88: 3795488.6 | D88: =SUM(B43:B88) -> 3795491.9
A90: TESORERÍA DEL MAGDALENA
A91: Masa común de hacienda | B91: 968078.5
A92: Novenos de diezmos | B92: 7939.1
A93: Papel sellado | B93: 9517.6
A94: Alcabalas | B94: 2864.6
A95: Comisos | B95: 797
A96: Contribución directa | B96: 12804.7
A97: Reintegros | B97: 10387.7
A98: Créditos contra la República | B98: 5720
A99: Depósitos de hacienda | B99: 4909.3
A100: Subsidio | B100: 662
A101: Consolidación | B101: 5312.7
A102: Empréstito extranjero | B102: 541493.4
... A117: Bodegas | B117: 178.2
A118: Existencia del año anterior | B118: 1451 | C118: 1618534.5 | D118: =SUM(B91:B118) -> 1618530.5
A120: Ingreso total | C120: 12156372 | D120: =D21+E29+D33+D40+D88+D118 -> 12156368
D121: =D120-D29+C29 -> 9691348.4

Sheet INGRESOS 1831-1832
A1: SECRETARIA DE ESTADO EN EL DESPACHO DE HACIENDA
A2: ESTADO GENERAL DEL INGRESO Y EGRESO QUE HAN TENIDO LAS RENTAS NACIONALES EN EL AÑO ECONOMICO
A3: CORRIDO DESDE 1º DE JULIO DE 1831 A 30 DE JUNIO DE 1832; EL CUAL SE FORMA CON ARREGLO A LOS PARTICULARES
A4: QUE SE HAN PRESENTADO POR LA CONTADURIA GENERAL
A8: INGRESO GENERAL DE TESORERIAS | B8: RAMOS PROPIOS DE LA HACIENDA | D8: RAMOS AJENOS | F8: TOTALES | K8: EGRESO GENERAL DE TESORERIAS
B9: PESOS | C9: REALES | D9: PESOS | E9: REALES | F9: PESOS | G9: REALES | H9: PESOS | I9: REALES | L9: PESOS | M9: REALES | N9: PESOS | O9: REALES
A10: Quintos de fundición de oro y plata | B10: 24618 | C10: 4 1/2 | F10: 24618 | G10: 4 1/2 | K10: Dieta de diputados y gastos del congreso | L10: 58461 | M10: 6 1/4
A11: Alcabalas | B11: 247788 | C11: 5 1/2 | F11: 247788 | G11: 5 1/2 | K11: Sueldos y gastos civiles | L11: 159367 | M11: 1/2
A12: Salinas | B12: 265837 | C12: 4 | F12: 265837 | G12: 4 | K12: Sueldos y gastos de hacienda | L12: 58252 | M12: 2
A13: Contribución de indígenas | B13: 10208 | C13: 1 1/4 | F13: 10208 | G13: 1 1/4 | K13: Idem de ejército y marina | L13: 1131662 | M13: 6 1/2
A14: Aguardientes | B14: 115968 | C14: 1 1/2 | F14: 115968 | G14: 1 1/2 | K14: Pensiones | L14: 1917 | M14: 1/2
A15: Productos de imprenta | B15: 16 | C15: 3 | F15: 16 | G15: 3 | K15: Créditos pagados | L15: 37942 | M15: 6 3/4
A16: Hospital de San Lázaro | B16: 463 | F16: 463 | G16: 3 | K16: Réditos pagados | L16: 923 | M16: 6
A17: Aprovechamientos | B17: 8417 | C17: 2 1/2 | F17: 8417 | G17: 2 1/2 | K17: Gastos generales | L17: 30919 | M17: 5
A18: Vacantes, mayores y menores | D18: 6159 | E18: 3 | F18: 6159 | G18: 3 | K18: Gastos de imprenta | L18: 7029 | M18: 2 1/4
A19: Novenos del Estado | B19: 43788 | C19: 3 1/2 | F19: 43788 | G19: 3 1/2 | K19: Gastos de papel sellado | L19: 4919 | M19: 5 1/2
A20: Hospitales sin destino | B20: 2076 | C20: 7 1/4 | F20: 2076 | G20: 7 1/4 | K20: Librado con calidad de reintegro | L20: 3648 | M20: 1/2
A21: Seminario de nobles de Madrid | D21: 2706 | F21: 2706 | K21: Suplementos a otras rentas | L21: 5793 | M21: 6
A22: Caja de indígenas de Nemocón | B22: 401 | C22: 2 | F22: 401 | G22: 2 | K22: Plata reacuñada | L22: 300
A23: Mesadas eclesiásticas | B23: 1732 | F23: 1732 | K23: Temporalidades | L23: 155
A24: Temporalidades | D24: 25 | E24: 6 1/2 | F24: 25 | G24: 6 1/2 | K24: Fábricas de iglesias | L24: 750
A25: Montepío ministerios | B25: 12 | F25: 12 | K25: Escobilla | L25: 154 | M25: 2
A26: Arrendamientos de tierras | D26: 103 | E26: 1 1/4 | F26: 103 | G26: 1 1/4 | K26: Expolios arzobispales | L26: 5404 | M26: 3 1/2
A27: Crédito público | D27: 50458 | E27: 7 | F27: 50458 | G27: 7 | K27: Expolios de curas | L27: 3159 | M27: 1 1/4
A28: Expolios | B28: 27154 | C28: 1 3/4 | F28: 27154 | G28: 1 3/4 | K28: Hacienda en común | L28: 47676 | M28: 7 3/4
A29: Multas | D29: 7795 | E29: 5 | F29: 7795 | G29: 5 | K29: Hospital de San Lázaro | L29: 1697 | M29: 5 1/4
A30: Conventos suprimidos | D30: 65 | E30: 6 | F30: 65 | G30: 6 | K30: Alcances de cuentas | L30: 180 | M30: 2 1/2
A31: Efectos de fincas del Estado | B31: 2671 | C31: 2 1/4 | F31: 2671 | G31: 2 1/4 | K31: Sínodo de misioneros | L31: 200
A32: Papel sellado | D32: 5447 | F32: 5447 | K32: Secuestros | L32: 90
A33: Alcabala de fincas raíces | D33: 2768 | E33: 2 1/2 | F33: 2768 | G33: 2 1/2 | K33: Montepío militar | L33: 110
A34: Noveno de consolidación | D34: 23568 | E34: 2 | F34: 23568 | G34: 2
A35: Derechos de hipotecas y registro | D35: 1187 | E35: 2 | F35: 1187 | G35: 2
A36: Hacienda en común | B36: 9232 | C36: 1 3/4 | F36: 9232 | G36: 1 3/4
A37: Bodegas del Estado | B37: 96 | C37: 6 | F37: 96 | G37: 6
A38: Diez por ciento de rentas municipales | D38: 1332 | E38: 2 1/2 | F38: 1332 | G38: 2 1/2
A39: Comisos | B39: 1229 | C39: 6 | F39: 1229 | G39: 6
A40: Secuestros | D40: 3449 | E40: 1 1/4 | F40: 3449 | G40: 1 1/4
A41: Derechos de carga sobre los efectos extranjeros que transitan por el Magdalena | B41: 1906 | C41: 7 | F41: 1906 | G41: 7
A42: Mandas forzosas | B42: 131 | C42: 2 | F42: 132 | G42: 2
A43: Bienes de difuntos | B43: 470 | F43: 470 | H43: 869288 | I43: 5 1/4
A45: CASAS DE MONEDA | K45: CASAS DE MONEDA
A46: La de Bogotá, utiulidad líquida | B46: 81190 | F46: 81190 | K46: Los sueldos y gastos de ambas casas se han deducido del
A47: La de Popayán, utilidad líquida | B47: 44113 | C47: 5 1/2 | F47: 44113 | G47: 5 1/2 | H47: =B46+B47 -> 125303 | I47: 5 1/4 | K47: producto total
A49: ADUANAS | K49: ADUANAS
A50: Importación | B50: 373232 | C50: 5 | D50: 124410 | E50: 7 | F50: 497643 | G50: 4 | K50: Sueldos de empleados y resguardos | L50: 32042 | M50: 6 1/4
A51: Alcabala | B51: 94061 | C51: 5 3/4 | D51: 13437 | E51: 3 | F51: 107499 | G51: 3/4 | K51: Gastos ordinarios y extraordinarios | L51: 3174 | M51: 4 1/2
A52: Extracción presunta | B52: 83947 | C52: 5 1/2 | D52: 11992 | E52: 4 1/4 | F52: 95940 | G52: 1 3/4 | K52: Devolución de derechos de importación | L52: 1355 | M52: 1 1/4
A53: Consulado | D53: 28505 | E53: 6 | F53: 28505 | G53: 6 | K53: Devolución de derechos de alcabala | L53: 15304 | M53: 2
A54: Exportación | D54: 24885 | E54: 1 | F54: 24885 | G54: 1 | K54: Devolución de extracción presunta | L54: 76077 | M54: 4 1/4
A55: Toneladas | B55: 2933 | C55: 4 1/2 | D55: 419 | E55: 1/2 | F55: 3352 | G55: 5 | K55: Devolución de derechos de consulado | L55: 26 | M55: 2
A56: Anclaje | D56: 1630 | F56: 1630 | K56: Abonos por órdnes del gobierno | L56: 3242 | M56: 3
A57: Derecho de entrada de buques | D57: 1013 | F57: 1013 | K57: Abonos por derechos de deuda flotante | L57: 16373 | M57: 4
A58: Derecho de prácticos | B58: 714 | C58: 4 | D58: 102 | E58: 4 | F58: 820 | K58: Abonos por septima parte derechos de importación | L58: 25183 | M58: 2
A59: Derecho de patente de nacionalización | B59: 282 | C59: 3 | D59: 40 | E59: 2 | F59: 322 | G59: 5 1/2 | K59: Abonos por derechos de exportación | L59: 6410 | M59: 1/4
A60: San Lázaro | D60: 4528 | F60: 4528 | K60: Recaudación del derecho consular | L60: 242 | M60: 7 1/4
A61: Aprovechamientos | B61: 104 | C61: 2 1/2 | F61: 104 | G61: 2 1/2 | K61: Reintegros | L61: 11405 | M61: 1
A62: Almacenaje | B62: 13 | F62: 13 | K62: Abono a los capitanes de puerto | L62: 340
A63: Derecho de sales | B63: 2557 | C63: 2 | D63: 365 | E63: 2 1/2 | F63: 2922 | G63: 4 1/2 | K63: Abono al administrador de San Lázaro | L63: 6062 | M63: 1 1/4
A64: Derecho de tránsito | B64: 1476 | C64: 5 1/2 | D64: 210 | E64: 7 1/2 | F64: 1687 | G64: 5 | H64: 770867 | I64: 4 | K64: Abono al tribunal del consulado | L64: 20355 | M64: 7 1/4 | N64: 217595 | O64: 6 1/4
A66: TABACOS | K66: TABACOS
A67: Producto del de hoja | D67: 486796 | E67: 2 | F67: 486796 | G67: 2 | K67: Compra de tabaco en factoría y de comisos, fletes y acarreos | L67: 201367 | M67: 1 1/4
A68: Productos del de comisos | D68: 1217 | E68: 4 1/2 | F68: 1217 | G68: 4 1/2 | K68: Sueldos fijos y eventuales | L68: 67428 | M68: 1/4
A69: Producto de petacas | D69: 757 | E69: 1/2 | F69: 757 | G69: 1/2 | H69: 488770 | I69: 7 | K69: Gastos ordinarios y extraordinarios | L69: 8765 | M69: 1 3/4 | N69: 277560 | O69: 3 3/4
A71: CORREOS | K71: CORREOS
A72: Producto de correspondencia | B72: 37766 | C72: 7 3/4 | F72: 37766 | G72: 7 3/4 | K72: Sueldos de empleados y salarios de conductores | L72: 45081 | M72: 1
A73: Producto de encomiendas | B73: 34835 | C73: 3/4 | F73: 34835 | G73: 3/4 | K73: Gastos ordinarios y extraordinarios | L73: 8867 | M73: 4
A74: Producto de certificados | B74: 170 | F74: 170 | H74: 73080 | I74: 1/2 | K74: Cartas sobrantes de pago | L74: 3410 | M74: 2 3/4 | N74: 73743 | O74: 1 3/4
A75: Producto del apartado | B75: 308 | F75: 308 | K75: Suplementos a las subalternas | L75: 16384 | M75: 2
A78: Ingreso general | B78: 1521932 | C78: 1 1/4 | D78: 805378 | E78: 4 3/4 | F78: 2327310 | G78: 6 | H78: 2327310 | I78: 6 | L78: 2129615 | M78: 1 1/4
A79: Egreso general | N79: 2129615 | O79: 1 1/4
A80: Existencia | H80: 197695 | I80: 4 1/4
A82: Fuente: Con base en Franciso Soto (1833) informe de hacienda

Sheet INGRESOS 1832 A 1833
A1: ESTADO GENERAL DEL INGRESO Y EGRESO QUE HAN TENIDO LAS RENTAS DE LA NUEVA GRANADA EN TODO
A2: EL AÑO ECONÓMICO CONTADO DE 1º DE DICIEMBRE DE 1832 A 30 DE NOVIEMBRE DE 1833
A5: INGRESO GENERAL | D5: EGRESO GENERAL
A6: RAMOS | B6: PESOS | C6: REALES | E6: PESOS | F6: REALES
A8: Derecho de importación | B8: 651695 | C8: 6 1/2 | D8: Sueldos y gastos civiles | E8: 375017 | F8: 6 1/4
A9: Idem de exportación | B9: 13108 | C9: 1/4 | D9: Sueldos y gastos de hacienda | E9: 260935 | F9: 2 1/4
A10: Idem de toneladas | B10: 6628 | D10: Sueldos y gastos militares | E10: 842869 | F10: 7 1/2
A11: Idem de prácticos | B11: 888 | D11: Sueldos y gastos de marina | E11: 82704 | F11: 3 3/4
A12: Idem de nacionalización | B12: 327 | C12: 2 | D12: Gastos de plaza | E12: 6982 | F12: 5 3/4
A13: Alcabala menor | B13: 328460 | C13: 6 3/4 | D13: Gastos de fortificación | E13: 4865 | F13: 1 3/4
A14: Idem de fincas raíces | B14: 27837 | C14: 5 1/2 | D14: Gastos de hospitales | E14: 35646 | F14: 6
A15: Hipotecas y registro | B15: 5578 | C15: 1/4 | D15: Gastos generales | E15: 273713 | F15: 6 1/4
A16: Producto de papel sellado | B16: 33752 | C16: 1 3/4 | D16: Pensiones | E16: 3257 | F16: 5
A17: Idem de fincas del Estado | B17: 2837 | C17: 6 1/2 | D17: Devuelto por derecho de importación | E17: 49741 | F17: 7 1/2
A18: Diez por ciento de rentas municipales | B18: 2883 | C18: 5 1/2 | D18: Idem por el de alcabala | E18: 28048 | F18: 2
A19: Producto de venduta | B19: 108 | C19: 7 1/4 | D19: Gastos de la renta de correos | E19: 51764 | F19: 6 3/4
A20: Idem de salinas | B20: 254002 | C20: 1/4 | D20: Gastos de la renta de tabacos | E20: 224759 | F20: 4
A21: Quintos de oro y plata | B21: 36367 | C21: 1 1/2
A22: Producto de aguardiente de caña | B22: 120348 | C22: 7 1/4
A23: Derecho de tránsito | B23: 3646 | C23: 1/4
A24: Idem de internación | B24: 2682 | C24: 1 1/4
A25: Idem de titulos | B25: 1982
A26: Utilidades de amonedación | B26: 110172 | C26: 5 1/2
A27: Producto de correos | B27: 93329 | C27: 2
A28: Producto de tabacos | B28: 547985 | C28: 3 1/4
A29: Vacantes mayores y menores | B29: 6467
A30: Medias anatas, mesadas y anualidades | B30: 20958 | C30: 1/4
A31: Producto de diezmos | B31: 75260 | C31: 2 3/4
A32: Espolios arzobispales | B32: 27396 | C32: 3 3/4
A33: Multas | B33: 542 | C33: 6
A34: Donativos | B34: 1130 | C34: 2 1/4
A35: Aprovechamientos | B35: 7990 | C35: 3
A36: Producto de bodegas | B36: 477 | C36: 2 3/4
A37: Hacienda en común | B37: 100170 | C37: 6
A39: Suma total | B39: 2485015 | C39: 2 3/4 | E39: 2240308 | F39: 3/4
B40: =SUM(B8:B37) -> 2485004 | C40: =94/8 -> 11.75 | E40: =SUM(E8:E20) -> 2240300 | F40: =68/8 -> 8.5
B41: =B40+C40 -> 2485015.8 | E41: =E40+F40 -> 2240308.5
A43: Fuente Con base en Soto (1834)
A45: Existencia de dinero en las tesorería el 30 de noviembre de 1832 | D45: 25185 | E45: 7 1/4
A46: Fuente Con base en Soto (1834)

Sheet INGRESOS 1833 - 1834
A1: "Como la ley de 28 de mayo de 1834 dispuso que el año económico se contase de 1º de septiembre a 31 de agosto, y que las cuentas entonces corrientes habían de cerrarse el 31 de agosto de dicho año
A2: debo contraer a los nueve meses corridos desde 1º de diciembre de 1833 a la última fecha expresada; la manifestación de los ingresos y egresos del tesoro nacional; agreagando sin embargo el presupuesto
A3: de 12 meses contaderos desde 1º de septiembre del presente año al último de agosto de 1836 para los gastos que demanda el servicio nacional"
A4: Para nueve meses contados desde diciembre de 1833 hasta agosto de 1834
B5: PESOS | C5: REALES
A6: Ingresos propios del ramo | B6: 1740904
A7: Egresos | B7: 1749775 | C7: 6
A8: Diferencia | B8: 8871 | C8: 6
A10: Fuente: con base en Soto (1835)
B12: =B6-B7 -> -8871

Sheet INGRESOS 1810 -1836
A1: CUADRO COMPARATIVO DE LOS RENDIMIENTOS QUE TUVIERON LOS IMPUESTOS ESTABLECIDOS EN LA NUEVA GRANADA EN 1801, EN LOS
A2: QUE INMEDIATAMENTE PRECEDIERON AL DE 1810, TIEMPO DEL GOBIERNO ESPAÑOL, Y DE LAS CONTRIBUCIONES EN 1832, 33, 34 Y 35,
A3: TIEMPO DE LA REPÚBLICA DE LA NUEVA GRANADA
A8: IMPUESTOS Y CONTRIBUCIONES | D8: AÑO COMÚN TOMADO | F8: AÑO ECONÓMICO DE 1º DE JULIO DE 1831 | I8: AÑO ECONÓMICO DE 1º DE | L8: AÑO ECONÓMICO DE 1º DE | O8: AÑO ECONÓMICO DE 1º DE | R8: AÑO ECONÓMICO DE 1º DE
D9: ENTRE LOS QUE | F9: A 30 DE JUNIO DE 1832 | I9: DICIEMBRE DE 32 A 30 DE | L9: DICIEMBRE DE 33 A 31 DE AGOSTO | O9: SEPTIEMBRE DE 1834 A | R9: SEPTIEMBRE DE 1835 A
B10: 1801 | D10: INMEDIATAMENTE PRECEDIERON | I10: NOVIEMBRE DE 1833 | L10: DE 1834, SEGÚN LA CUENTA PASADA | O10: 31 DE AGOSTO DE 1835 | R10: 31 DE AGOSTO DE 1836
D11: AL DE 1810 | L11: AL CONGRESO, Y DE 1º DE SEPTIEMBRE
L12: A 30 DE NOVIEMBRE DEL MISMO,
L13: CALCULADO SOBRE EL PRODUCTO DE
L14: LOS NUEVE MESES ANTERIORES
C15: PESOS | E15: PESOS | G15: PESOS | H15: REALES | J15: PESOS | K15: REALES | M15: PESOS | N15: REALES | P15: PESOS | Q15: REALES | S15: PESOS | T15: REALES
A16: Alcabalas | C16: 97762 | E16: 184880 | G16: 247788 | H16: 5 1/2 | J16: 328460 | K16: 6 3/4 | M16: 268346 | N16: 7 | P16: 173955 | Q16: 7 1/2 | R16: Suprimido
A17: Tributos | C17: 14424 | E17: 47000 | F17: Suprimido | I17: Suprimido | L17: Suprimido | O17: Suprimido | R17: id.
A18: Protectoría | C18: 904 | F18: id. | I18: id. | L18: id. | O18: id. | R18: id.
A19: Novenos reales | C19: 26574 | G19: 43788 | H19: 3 1/2
A20: Inválidos | C20: 3223 | F20: Suprimido | I20: id. | L20: id. | O20: id. | R20: id.
A21: Quintos reales | C21: 3360
A22: Fundición | C22: 638 | E22: 78000 | G22: 24618 | H22: 4 1/2 | J22: 36367 | K22: 1 1/2 | M22: 42662 | N22: 1 1/4 | P22: 64194 | Q22: 1 1/4 | S22: 61814 | T22: 7
A23: Medias anatas de empleos | C23: 4394 | E23: 15000 | F23: Suprimido | I23: Suprimido | L23: Suprimido | O23: Suprimido | R23: Suprimido
A24: Tierras | C24: 7974 | E24: 4000 | F24: id. | I24: id. | L24: id. | O24: id. | R24: id.
A25: Salinas | C25: 42725 | E25: 65000 | G25: 265837 | H25: 4 | J25: 254002 | K25: " 1/4 | M25: 247119 | N25: 6 | P25: 253748 | Q25: 7 | S25: 225416 | T25: 2 1/2
A26: Papel sellado | C26: 6235 | E26: 53000 | G26: 5447 | J26: 33752 | K26: 1 3/4 | M26: 40659 | N26: 1 1/4 | P26: 36060 | Q26: 7 1/2 | S26: 46529 | T26: 4 1/4
A27: Aguardiente | B27: Por estanco | C27: 75341 | D27: Por estanco | E27: 295048 | F27: Por estanco y patentes | G27: 115068 | H27: 1 1/2 | I27: Por estanco y patentes | J27: 120348 | K27: 7 1/4 | L27: Por estanco y patentes | M27: 13557 | N27: 6 1/4 | O27: Por estanco y patentes | P27: 95026 | Q27: 1 1/2 | R27: Por estanco y patentes | S27: 99980 | T27: 1
A28: Pólvora | C28: 1381 | E28: 11500 | F28: Suprimido | I28: Suprimido | L28: Suprimido | O28: Suprimido | R28: Suprimido
A29: Comisos | C29: 1019 | E29: 25000 | G29: 1229 | H29: 6
A30: Multas | C30: 116 | G30: 7795 | J30: 542 | K30: 6 | M30: 5 | N30: " 1/4 | P30: 16 | Q30: 6 1/4
A31: Arriendo de gallos | C31: 370 | E31: 700 | F31: Suprimido | I31: Suprimido | L31: Suprimido | O31: Suprimido | R31: Suprimido
A32: Aprovechamientos de amonedación | C32: 3194
A33: Recaudo por las tesorerías de provincia | C33: 688503
A34: Imposiciones a censo | C34: 24155 | F34: id. | I34: id. | L34: id. | O34: id. | R34: id.
A35: Oficios vendibles | C35: 2196 | E35: 10000 | F35: id. | I35: id. | L35: id. | O35: id. | R35: id.
A36: Real subsidio | C36: 245 | F36: id. | I36: id. | L36: id. | O36: id. | R36: id.
A37: Minas de plata, en administración de cuenta del gobierno | C37: 15072 | F37: id. | I37: id. | L37: id. | O37: id. | R37: id.
A38: Vacantes mayores | C38: 2458 | G38: 6159 | H38: 3 | J38: 6467 | M38: 10860 | N38: 2 1/2 | P38: 35386 | Q38: 2 1/4 | S38: 25504 | T38: 2 1/4
A39: Id. menores | C39: 19561
A40: Medias anatas ecleciásticas | C40: 6179 | E40: 22000 | G40: 1732
A41: Mesadas ecleciásticas | C41: 6452
A42: Bulas de cruzada | C42: 5863 | E42: 30000 | F42: Suprimido | I42: Suprimido | L42: Suprimido | O42: Suprimido | R42: Suprimido
A43: Id de carne | C43: 777 | F43: id. | I43: id. | L43: id. | O43: id. | R43: id.
A44: Tabaco | C44: 64039 | E44: 470000 | G44: 488770 | H44: 7 | J44: 547985 | K44: 3 1/4 | M44: 579507 | N44: 7 | P44: 615493 | Q44: " 1/4 | S44: 731015 | T44: 4 1/2
A45: Naipes | C45: 440 | E45: 12000 | F45: Suprimido | I45: Suprimido | L45: Suprimido | O45: Suprimido | R45: Suprimido
A46: Espolios | C46: 74468 | G46: 27154 | H46: 1 3/4 | J46: 27396 | K46: 3 3/4 | M46: 26519 | N46: 2 1/2 | P46: 3789 | Q46: 5 | S46: 3535 | T46: 1 1/2
A47: Novenos beneficiales | C47: 77964
A48: Fábrica de iglesias | C48: 6693
A49: Camellón | C49: 5248 | F49: Suprimido | I49: Suprimido | L49: Suprimido | O49: Suprimido | R49: Suprimido
A50: Seminarios de nobles | C50: 2020 | G50: 2706
A51: Orden de Carlos 3º | C51: 10200
A52: Hospitales sin destino | C52: 3853 | G52: 2076 | H52: 7 1/4
A53: Temporalidades | C53: 22500 | E53: 47510 | G53: 25 | H53: 6 1/2
A54: Penas de cámaras | C54: 104
A55: Aduanas | E55: 191000 | G55: 770867 | H55: 4 | J55: 672647 | K55: " 3/4 | M55: 570900 | N55: 5 1/2 | P55: 626235 | Q55: 7 3/4 | S55: 907111 | T55: 6
A56: Casas de moneda | E56: 150000 | G56: 125303 | H56: 5 1/4 | J56: 110172 | K56: 5 1/2 | M56: 112671 | N56: 2 | P56: 117723 | Q56: 5 1/4 | S56: 121300 | T56: 3 3/4
A57: Pulperías | E57: 6000 | F57: Suprimido | I57: Suprimido | L57: Suprimido | O57: Suprimido | R57: Suprimido
A58: Diezmos y vacantes | E58: 100000
A59: Anualidades | E59: 23000
A60: Correos | E60: 35000 | G60: 73080 | H60: " 1/2 | J60: 93329 | K60: 2 | M60: 88414 | N60: 6 1/2 | P60: 98598 | Q60: 1 3/4 | S60: 90374 | T60: 7 1/4
A61: Pasos de ríos y peajes | E61: 6000 | F61: Suprimido | I61: Suprimido | L61: Suprimido | O61: Suprimido | R61: Suprimido
A62: Bodegas | E62: 3500 | G62: 96 | H62: 6 | J62: 477 | K62: 2 3/4 | M62: 266 | N62: 5 1/4 | P62: 860 | S62: 1011 | T62: 3 1/2
A63: Hacienda en común | E63: 567958 | G63: 9232 | H63: 1 3/4 | J63: 100170 | K63: 6 | M63: 84917 | N63: 5 | P63: 76366 | Q63: 3 3/4 | S63: 75508 | T63: 7 1/2
A64: Contribución personal de indígenas | G64: 10208 | H64: 1 1/4 | I64: Suprimido | L64: Suprimido | O64: Suprimido | R64: Suprimido
A65: Producto de imprenta | G65: 16 | H65: 3
A66: Hospital de San Lázaro | G66: 463
A67: Aprovechamientos | G67: 8417 | H67: 2 1/2 | J67: 7990 | K67: 3 | M67: 7433 | N67: 3 1/2 | P67: 6194 | Q67: 4 3/4 | S67: 5429 | T67: " 1/2
A68: Cajas de indígenas de Enemocón | G68: 401 | H68: 2 | I68: Suprimido | L68: Suprimido | O68: Suprimido | R68: Suprimido
A69: Montepío ministerial | G69: 12 | I69: id. | L69: id. | O69: id. | R69: id.
A70: Arrendamiento de tierras | G70: 103 | H70: 1 1/4
A71: Crédito público | G71: 50458 | H71: 7
A72: Conventos suprimidos | G72: 65 | H72: 6 | I72: id. | L72: id. | O72: id. | R72: id.
A73: Efectos y fincas del Estado | G73: 2671 | H73: 2 1/4 | J73: 2837 | K73: 6 1/2 | M73: 6697 | N73: 4 1/4 | P73: 8023 | Q73: " 3/4 | S73: 12319 | T73: 3 1/2
A74: Alcabala de fincas raíces | G74: 2768 | H74: 2 1/2 | J74: 27837 | K74: 5 | M74: 22988 | N74: 2 1/2 | P74: 24787 | Q74: 1 | R74: Suprimido
A75: Noveno de consolidación | G75: 23568 | H75: 2
A76: Hipotecas y registro | G76: 1187 | H76: 3 | J76: 5578 | K76: 1/4 | M76: 4894 | P76: 5847 | Q76: 7 | S76: 8328 | T76: 6 1/4
A77: Diez por ciento de rentas municipales | G77: 1332 | H77: 2 1/2 | J77: 2883 | K77: 5 1/2 | M77: 4125 | N77: 1 1/2 | P77: 6705 | Q77: 2 1/4 | S77: 1636 | T77: 3
A78: Secuestros | G78: 3449 | H78: 1 3/4 | I78: Suprimido | L78: Suprimido | O78: Suprimido | R78: Suprimido
A79: Derechos por los efectos que transiten por el Magdalena | G79: 1906 | H79: 7
A80: Mandas forzosas | G80: 132 | H80: 2 | I80: id. | L80: id. | O80: id. | R80: id.
A81: Bienes de difuntos | G81: 470
A82: Producto de venduta | J82: 108 | K82: 7 1/4 | M82: 89 | N82: 2 1/4 | P82: 24 | Q82: 3 3/4 | S82: 4 | T82: 5 1/4
A83: Derechos de tránsito | J83: 3646 | K83: " 3/4 | M83: 2431 | N83: 5 | O83: Suprimido | R83: Suprimido
A84: Id de internación | J84: 2682 | K84: 1 1/4 | M84: 1369 | N84: 6 1/4 | P84: 1889 | Q84: 4 3/4 | R84: Está suprimido | S84: 2238 | T84: 2
A85: Titulos | J85: 1982 | M85: 2258 | N85: 5 1/4 | P85: 1580 | S85: 2226
A86: Medias anatas, anualidades y mesadas | J86: 20958 | K86: " 1/4 | M86: 7615 | N86: 6 | P86: 4765 | Q86: 2 1/4 | S86: 5665 | T86: 4
A87: Diezmos | J87: 75260 | K87: 2 3/4 | M87: 74567 | N87: 4 1/2 | P87: 77252 | Q87: 2 1/4 | S87: 57054 | T87: 6 1/2
A88: Donativos | J88: 1130 | K88: 2 1/4 | M88: 324 | N88: 4 1/4
A89: Decuento sobre sueldos y pensiones | P89: 2014 | Q89: 4 1/2 | S89: 17792 | T89: 3
A90: Producto de bienes embargados | P90: 632 | S90: 4761 | T90: 5 3/4
A91: Legación romana | S91: 10086 | T91: 2
A93: Suma | C93: 1355624 | E93: 2453096 | G93: 22327310 | H93: 6 | J93: 2485015 | K93: 2 3/4 | M93: 2321204 | N93: 2 1/2 | P93: 2337171 | Q93: 3 1/4 | S93: 2517044 | T93: 4 3/4
C94: =SUM(C16:C91) -> 1328624 | E94: =SUM(E16:E91) -> 2453096 | G94: =SUM(G16:G91) -> 2326396 | H94: =(116+H95)/8 -> 15.5 | J94: =SUM(J16:J91) -> 2485005 | K94: =(88+K95)/8 -> 12.1875 | M94: =SUM(M16:M91) -> 2221192 | N94: =(74+N95)/8 -> 10.1875 | P94: =SUM(P16:P91) -> 2337161 | Q94: =(75+Q95)/8 -> 10.5625 | S94: =SUM(S16:S91) -> 2516635 | T94: =(97+T95)/8 -> 13.0625
G95: =G94+H94 -> 2326411.5 | H95: 8 | J95: =J94+K94 -> 2485017.2 | K95: 9.5 | M95: =M94+N94 -> 2221202.2 | N95: 7.5 | P95: =P94+Q94 -> 2337171.6 | Q95: 9.5 | S95: =S94+T94 -> 2516648.1 | T95: 7.5
A96: OBSERVACIONES
A97: 1. Los datos que se han tenido a la vista para la formación de este cuadro son los siguientes:la historia de la revolución hispano-americana escrita por don Mariano Torrente, en lo relativo a los ingresos de 1801;
A98: Historia de la revolución de la república de Colombia escrita por don José Manuel Restrepo, con respecto a los ingresos de un año común tomados de los últimos de la dominación española, y de las exposiciones
A99: presentadas a los congresos de la Nueva Granada en los años de 1833, 34, 35 y 36 por la secretaría de hacienda en cuanto al rendimiento de las contribucione de la misma República en los años económicos a que ellas se refieren
A101: 2. Como en los estados que presentan las dos obras citadas se hallan unos ramos unidos con otros cuando en los de la secretaría de hacienda están separados, ha sido indispensable repetir la enunciación de los mismos ramos: así,
A102: por ejemplo, se notan en este cuadro las siguientes partida: "Diezmos"; "Diezmos y vacantes";"Novenos reales" y "Novenos beneficiales"; todas las cuales, sin la causa mencionada, pudieran haberse reunido en una sola
A104: 3. Si del total de los impuestos cobrados en tiempo del gobierno español, se deduce el monto de los que han sido suprimidos en el de Colombia y la Nueva Granada, y el residuo se compara cone l producto de las contribuciones
A105: de esta última República, resultará una diferencia en contra de la administración española por las sumas siguientes:
C107: 1832 | E107: 1833 | G107: 1834 | I107: 1835 | K107: 1836
C108: PESOS | D108: REALES | E108: PESOS | F108: REALES | G108: PESOS | H108: REALES | I108: PESOS | J108: REALES | K108: PESOS | L108: REALES
...

Sheet INGRESOS 1836-1837
A1: CUENTA GENERAL DEL TESORO EN EL ULTIMO AÑO ECONÓMICO, Y PRESUPUESTO DE GASTOS PAR EL AÑO DE 1838-1839
B2: PESOS | C2: REALES | D2: PESOS | E2: REALES | F2: PESOS | G2: REALES
A3: EXISTENCIA DE LA CUENTA ANTERIOR
A4: En tabaco en especie | F4: 374561 | G4: 4
A5: En pagares de aduanas | F5: 274224 | G5: 2 3/4
A6: En idem en la tesorería del Chocó | F6: 31101 | G6: 5
A7: En cartas sobrantes | F7: 2802 | G7: 2 1/2
A8: En dinero efectivo | F8: 334969 | G8: 4
A9: En pagarés de tabaco | F9: 24526
F10: 1042185 | G10: 2 1/2 | I10: =SUM(F4:F9) -> 1042183 | J10: =(17+J11)/8 -> 2.3125
I11: =+I10+J10 -> 1042185.3 | J11: 1.5
A12: IMPORTE DE LAS CONTRIBUCIONES
A13: Aduana por ramos nacionales | F13: 1006291 | G13: 3 "
A14: Dedúcese lo devuelto por cobrado de más por importación | D14: 11438 | E14: 1/2
A15: Por alcabala | D15: 15986 | E15: 3/4
A16: Por toneladas | D16: 73 | E16: 4 3/4
A17: Dedúcese igualmente el importe de los pagarés existentes en las cuentas del año anterior
A18: por estar cargado en la primera partida de existenias, cuyo valo es el de | D18: 305325 | E18: 7 3/4 | F18: 332823 | G18: 5 3/4 | I18: =SUM(D14:D18) -> 332822 | J18: 3/4
I19: =I18+J19 -> 332823.62 | J19: =13/8 -> 1.625
A20: Líquido | F20: 673467 | G20: 5 1/4 | I20: =F13-F18 -> 673468
A22: Correos | F22: 79956 | G22: 3
A23: Tesorerías | F23: 657939 | G23: 1/2
A24: Casas de moneda | F24: 114762 | G24: 6
A25: Tabaco | F25: 666446 | G25: 6 1/6
A26: Importe total, según documento número 1 | F26: 2192572 | G26: 5 | I26: =SUM(F22:F25)+F20 -> 2192570 | J26: =(5+3+6+6+5) -> 25
I27: =I26+J27 -> 2192573.1 | J27: =J26/8 -> 3.125
A28: EGRESO, SEGÚN EL DOCUMENTO NÚMERO 2
A29: Tesorerías | D29: 1810339 | E29: 3 1/4
A30: Correos | D30: 43722 | E30: 1 3/4
A31: Tabacos | D31: 444224 | E31: 5 1/2 | F31: 2298346 | G31: 3 | I31: =SUM(D29:D31) -> 2298285 | J31: 10.5
A32: Diferencia entre el producto de las contribuciones y los egresos | F32: 105773 | G32: 6 | I32: =I31+J32 -> 2298286.3 | J32: =J31/8 -> 1.3125
A33: Total existencia en 31 de agosto de 1837 | F33: 936411 | G33: 4 1/2 | I33: =F26-F31 -> -105774 | J33: =G26-G32 -> -1
A34: En tabaco en especie | D34: 363727 | E34: 7 3/4 | I34: =I33-J34 -> -105773.88 | J34: =J33/8 -> -0.125
A35: En pagarés de tabaco | D35: 30520 | I35: =F10-F32 -> 936412 | J35: =2-G32 -> -4
A36: En idem de aduanas | D36: 259384 | E36: 2 3/4 | I36: =+I35+J36 -> 936411.5 | J36: =J35/8 -> -0.5
A37: En cartas sobrantes | D37: 3017 | E37: 1 3/4
A38: En pagarés de tesorería | D38: 4105 | E38: 5 1/4
A39: En documentos de la tesorería de Panamá no datados | D39: 7602 | E39: 6 3/4
A40: En dinero | D40: 668358 | E40: 1/4 | I40: =SUM(D34:D39) -> 668355 | J40: =3.5+21 -> 24.5
I41: =I40+J41 -> 668358.06 | J41: =J40/8 -> 3.0625
A42: En la casa de moneda de Bogotá, incluso el valro de las pastas | D42: 134952 | E42: 7 1/4
A43: En la de Popayán id. id. | D43: 57773 | E43: 2
A44: En las factorías y administración de tabacos | D44: 52391 | E44: 1 1/2
A45: En las tesorerías | D45: 245308
A46: En vía de unas y otras tesorerías | D46: 48065 | E46: 3 3/4
A47: En las administraciones de correos | D47: 3238 | E47: 7 1/4
A48: En las aduanas | D48: 3417 | E48: 4 1/4
A49: Dedúcese | D49: 545147 | E49: 2 | I49: =SUM(D42:D48) -> 545144 | J49: =2.5+24 -> 26.5
I50: =I49+J50 -> 545147.31 | J50: =J49/8 -> 3.3125
A51: Por existencias de la cuenta de ramos ajenos, documento número 3 | B51: 18430 | C51: 5 1/2
A52: Por suplementos a la renta de tabacos en el año de la cuenta | B52: 223663 | C52: " 1/4 | D52: 277093 | E52: 6 " | F52: 269053 | G52: 4 "
A53: Existencia en 31 de agosto de 1837 | F53: 936411 | G53: 4 1/4
A55: Producto de las contribuciones en el año económico de 1835 a 1836 | F55: 2517044 | G55: 4 1/4
A56: Id. en el año económico de 1836 a 1837 | F56: 2192572 | G56: 5
A57: Disminución | F57: 324471 | G57: 7 1/4
A59: Fuente: Con base en De Aranzazu (1838)
B60: PESOS | C60: REALES
A61: Ingresos | B61: 2192572 | C61: 2
A62: Egresos | B62: 2298346 | C62: 3
A63: Déficit/superávit | B63: 105773 | C63: 6
A67: CUADRO DEMOSTRATIVO DE LA EXISTENCIA QUE HABÍA EN 1º DE SEPTIEMBRE DE 1836, Y DEL IMPORTE DE LAS CONTRIBUCIONES
A68: Y RENTAS DE LA REPÚBLICA EN EL AÑO ECONÓMICO CONCLUIDO EN 31 DE AGOSTO DE 1837
B71: PESOS | C71: REALES | D71: PESOS | E71: REALES | F71: PESOS | G71: REALES
A72: EXISTENCIA DE LA CUENTA ANTERIOR
A73: En tabaco en especie | F73: 374561 | G73: 4
A74: En pagares de aduanas | F74: 274224 | G74: 2 3/4
A75: En id. en la tesorería del Chocó | F75: 31101 | G75: 5
A76: En cartas sobrantes | F76: 2802 | G76: 2 1/2
A77: En dinero efectivo | F77: 334969
A78: En pagarés de tabaco | F78: 24526
F79: 1042185 | G79: 2 1/4
A81: RAMOS DE INGRESO
A83: Importación:
A84: Octava parte del crédito exterior granadino | D84: 66658 | E84: 3 "
A85: Octava parte aplicada a la deuda flotante | D85: 66658 | E85: 3 "
A86: Seis octavas partes de los fondos comunes | D86: 568104 | E86: 5 "
A87: Alcabala | D87: 291939 | E87: 7 1/4
A88: Toneladas | D88: 8365 | E88: 2 3/4
A89: Exportación de platina | D89: 512 | E89: 4 3/4
A90: Derecho de entrada | D90: 1089 | E90: 2 3/4
A91: Idem de prácticos | D91: 704
A92: Patentes de nacionalización de buques | D92: 87
A93: Derecho de depósito | D93: 1094
A94: Comisos | D94: 1077 | E94: 2 1/2
D95: 1006291 | E95: 3 | I95: =SUM(D84:D94)+31/8 -> 1006290.9
A98: De cuya cantidad se deduce lo devuelto por cobrado de más
A99: Por importación | B99: 11438 | C99: " 1/2
A100: Por alcabala | B100: 15986 | C100: " 3/4
A101: Por toneladas | B101: 73 | C101: 4 3/4
A102: Pagarés de la cuenta anterior | B102: 305325 | C102: 7 3/4 | D102: 332823 | E102: 5 3/4 | F102: 673467 | G102: 5 1/4
A105: CORREOS
A106: Producto de la correspondencia | D106: 36105 | E106: 1 1/2
A107: Idem de encomiendas | D107: 29839 | E107: 3 1/2
A108: idem de administración de subalternas, certificados y apartado | D108: 10094 | E108: 1/2
D109: 82038 | E109: 5 1/2
I110: =SUM(D106:D108) -> 76038
A112: De cuya cantidad se deduce el importe de las cartas sobrantes ya cargadas en la existencia
A113: del año anterior | D113: 2082 | E113: 2 1/2 | F113: 79956 | G113: 3 "
A116: TESORERÍAS
A118: Derecho de internación | D118: 1780 | E118: 2 3/4
...

Sheet GASTO DE HACIENDA 1824-1825
A1: GASTOS EJECUTADOS EN EL DEPARTAMENTO DE HACIENDA DESDE EL 1 DE JULIO DE 1824 HASTA EL 30 DE JUNIO DE1825
B2: PESOS | C2: REALES
A3: Secretaría de Hacienda en sueldos y gastos | B3: 12960
A4: La comisión de repartimiento de bienes nacionales | B4: 1720
A5: Liquidación de la deuda nacional, doméstica y extranjera | B5: 2042 | C5: 6
A6: Dirección general de todas sus secciones | B6: 21656 | C6: 6
A7: Las tesorerías | B7: 138993 | C7: 5
A8: Las aduanas | B8: 107923 | C8: 0 3/4
A9: Las administraciones de tabacos en principales sueldos y gastos | B9: 500632 | C9: 6 3/4
A10: La administración de correos en salarios de conductores, sueldos y gastos | B10: 72213 | C10: 7
A11: Total | B11: 858142 | C11: 7 1/2
A12: Nota. No se ponen los gastos de las casas de moneda por no haberse recibido más que la razón de sus productos netos
A13: Fuente: José María del Castillo, Informe del Secretario de Hacienda, 1826

Sheet PRESUPUESTO GASTOS 1826
A1: PRESUPUESTO PARA 1826
B2: PESOS | C2: REALES | D2: MARAVEDÍ
A3: Presupuesto del Departamento de Relaciones Exteriores
A4: SECRETARIA DE RELACIONES EXTERIORES | B4: 14180 | C4: 0
A5: LEGACION EN LOS ESTADOS UNIDOS | B5: 17066 | C5: 5 1/4
A6: LEGACION EN MEJICO | B6: 14133 | C6: 2 1/2
A7: LEGACION EN GUATEMALA | B7: 11583 | C7: 2 1/2
A8: LEGACION EN EL PERU | B8: 12633 | C8: 2 1/2
A9: LEGACION EN CHILE | B9: 5833 | C9: 2 1/2
A10: LEGACION EN BUENOS AIRES | B10: 5833 | C10: 2 1/2
A11: ASAMBLEA DEL ITMO | B11: 20000 | C11: 0
A12: LeGACION QUE HAY QUE ENVIAR A BRASIL | B12: 18666 | C12: 5 1/4
A13: LEGACION EN LONDRES | B13: 30733 | C13: 2 1/4
A14: LAGACION QUE HAY QUE ENVIARSE A FRANCIA | B14: 17733 | C14: 2 1/4
A15: LEGACION EN ROMA | B15: 13166 | C15: 5 1/4
A16: LEGACION QUE HAY QUE ENVIARSE A HOLANDA | B16: 21433 | C16: 2 1/4
A17: LEGACION QUE HAY QUE ENVIARSE A DINAMARCA | B17: 18633 | C17: 2 1/4
A18: LEGACION QUE HAY QUE ENVIARSE AL BALTICO | B18: 24133 | C18: 2 1/4
A19: Para legaciones que pueden hacerse necesarias y otros gastos eventuales | B19: 50000 | C19: 0 | E19: =B23/B20 -> 1.3524388e-05
A20: TOTAL | B20: 295762 | C20: 7 1/4 | E20: =B23/B22 -> 1.3524571e-05
B22: =SUM(B4:B19) -> 295758
B23: =B20-B22 -> 4
A24: FUENTE: EXPOSICION DEL SECRETARIO DE HACIENDA PRESENTADA AL CONGRESO DE 1826
A25: JOSE MARIA DEL CASTILLO
A27: Presupuesto del Departamento del Interior
A29: Viáticos a los Representantes por la leguas que tienen que recorrer | B29: =SUM(B30:B58) -> 79302
A30: Tunja | B30: 630
A31: Pamplona | B31: 1200
A32: Socorro | B32: 1200
A33: Casanare | B33: 240
A34: Mérida | B34: 1320
A35: Trujillo | B35: 820
A36: Maracaibo | B36: 1680
A37: Coro | B37: 1060
A38: Barinas | B38: 2460
A39: Caracas | B39: 15600
A40: Barcelona | B40: 3240
A41: Cumaná | B41: 3400
... A73: Corte Superior de Justicia de Guayaquil | B73: 17800
A74: Intendencias departamentales
A75: Orinoco | B75: 7316 | C75: 5 | D75: 10
A76: Venezuela | B76: 8416 | C76: 5 | D76: 10
A77: Apure | B77: 6616 | C77: 5 | D77: 10
A78: Zulia | B78: 7416 | C78: 5 | D78: 10
A79: Boyacá | B79: 6416 | C79: 5 | D79: 10
A80: Cundinamarca | B80: 6416 | C80: 5 | D80: 10
A81: Magdalena | B81: 8316 | C81: 5 | D81: 10
A82: Istmo | B82: 8516 | C82: 5 | D82: 10
A83: Cauca | B83: 6616 | C83: 5 | D83: 10
A84: Ecuador | B84: 6816 | C84: 5 | D84: 10
A85: Asuay | B85: 6716 | C85: 5 | D85: 10
A86: Guayaquil | B86: 7716 | C86: 5 | D86: 10
A87: Gobiernos provinciales
A88: Margarita | B88: 3345
A89: Guayana | B89: 4580
A90: Barcelona | B90: 3345
A91: Apure | B91: 4345
A92: Carabobo | B92: 4280
A93: Coro | B93: 4245
A94: Trujillo | B94: 3515
A95: Mérida | B95: 3315
A96: Pamplona | B96: 3615
A97: Socorro | B97: 4580
A98: Casanare | B98: 3645
A99: Mariquita | B99: 3315
... A109: Chimborazo | B109: 3880
A110: Loja | B110: =1600+1000+480+365+200+300 -> 3945
A111: Jaen y Mainas | B111: 3845
A112: Manaví | B112: 3595
A113: Establecimientos públicos
A114: Colegio de San Bartolomé (Bogotá) | B114: =SUM(B115:B120) -> 1607
A115: Catedrático de derecho canonico | B115: 200
A116: Catedrático de instituta | B116: 200
A117: Catedrático de derecho público | B117: 250
A118: Catedrático de latinidad de mayores | B118: 200
A119: Catedrático de latinidad de menores | B119: 169 | C119: 1 1/2
A120: Becas (7 cada una a $84) | B120: 588
A121: Escuelas Normales de Bogotá, Caracas y Quito | B121: 2940
A122: Cátedra de anatomía en Bogotá | B122: 1440
A123: Bbiliotecario de Bogotá | B123: 400
A124: Maestro de primeras letras de Bogotá | B124: 150
A125: Hacen todas estas partidas la suma de | B125: 7347 | C125: 1 1/2
B126: =B114+SUM(B121:B124) -> 6537
A128: Mueseo de ciencias naturales | B128: 6600
A130: Total presupuesto del Departamento del Interior | B130: 721431 | C130: 1 | D130: 1
A132: Presupuesto del Departamento de Guerra
A133: Estados mayores | B133: =13380+313560+71244 -> 398184
A134: Fuerza veterana | B134: =273024+73728+2171880+782784+386232+68256 -> 3755904
A135: Administración | B135: =4320+18720 -> 23040
A136: Milicias | B136: =23136+9672+2850+9480 -> 45138
A137: Retiros e inválidos | B137: =99679+61503 -> 161182
A138: Maestranzas | B138: =49824+139588 -> 189412
A139: Fortificación | B139: =17024+300000 -> 317024
A140: Hospitales | B140: =182975+114323 -> 297298 | C140: 6
A141: Raciones | B141: 391051 | C141: 7
A142: Fábricas | B142: 25061 | C142: 4
A143: Parques | B143: 150000
A144: Remontas y bagajes | B144: 50000
A145: Gastos extraordinarios | B145: 1000000
A146: Suma total | B146: 6803296
...

Sheet GASTO EN 1827
A1: EXTRACTO DEL PRESUPUESTO DE GASTO DEL DEPARTAMENTO DEL INTERIOR DE LA REPUBLICA DE COLOMBIA EN EL AÑO DE 1827
A3: Cámara de Representantes | B3: 123746
A4: Senado | B4: 75144
A5: Poder ejecutivo | B5: 48000
A6: Secretaria del interior | B6: 10660
A7: Gastos de esta secretaría e imprsiones de leyes y decretos | B7: 2000
A8: Gaceta de Colombia y otros gastos de papeles públicos | B8: 4000
A9: Alta corte de justicia | B9: 24000
A10: Cinco cortes superiores | B10: 71600
A11: Doce intendencias, sus secretarías y doce jueces letrados de hacienda | B11: 87100
A12: 22 gobiernos provinciales, igual número de oficiales de secretaría,
A13: sus gastos y 22 jueces letrados de hacienda | B13: 70300
A14: Establecimientos de educación en varios puntos de la República | B14: 6067
A15: Museo y cátedras de ciencias naturales | B15: 4900
A17: Total | B17: 527686 | C17: =SUM(B3:B15) -> 527517
A18: Fuente: Con base en José María Restrepo (1827) Informe del Departamento del Interior
A20: SON CIFRAS DEL PRESUPUESTO A APROBAR
A21: RESUMEN GENERAL DE GASTOS EN EL AÑO DE 1827 EN CADA UNO DE LOS DEPARTAMENTOS DE LA ADMINISTRACIÓN DE LA REPÚBLICA
B23: PESOS | C23: REALES | D23: PESOS | E23: REALES
A24: Departamento de relaciones exteriores | D24: 69369 | E24: 7
A25: Departamento del interior | D25: 526886 | E25: 4
A26: Departamento de la guerra | D26: 4307797 | E26: 4
A27: Departamento de marina (1) | D27: 912721 | G27: =4300+44880+123006+151956+46830+75573+57784+6226+5566+26937+10626+4600+7440+34917+8550+113420+178889+11220 -> 912720
A28: Departamento de hacienda | B28: 579047 | D28: 2679047
A29: El interés de la deuda exterior asciende a | B29: 1800000
A30: El uno por ciento para el fondo de amortización de esta deuda | B30: 300000
A32: Total | D32: 8495822
B33: =SUM(B28:B30) -> 2679047 | D33: =SUM(D24:D30) -> 8495820 | E33: =SUM(E24:E30) -> 15
A34: 1 En el caso de que hayan de equiparse y armarse todos los buques de guerra de la República, entonces el presupuesto del departamento de marina subirá a 2026422 pesos 6 reales.
A35: Fuente: Con base en el Informe del Secretario de Hacienda José María del Castillo (1827)

Sheet 1834
B1: pesos | C1: reales
A2: ingresos del tesoro de 1832 | B2: 2282386 | C2: 5
A3: ingresos del tesoro de 1833 | B3: 2485015 | C3: 2 1/4
A4: Gastos del tesoro de 1833 | B4: 2240308 | C4: 3/4
A5: Déficit o superávit | B5: 244707 | C5: 2
A7: Informe del Secretario de Estado en el Despacho de Hacienda, Francisco Soto
A10: Estado General del Ingreso y Egreso que han tenido las rentas
A11: de la Nueva Granada en todo el año económico contado de 1o de diciembre de 1832 a 30 de noviembre de 1833
A13: Derecho de importación
A14: Idem de exportación
A15: Idem de toneladas

Sheet Gastos de 1833
A1: Resumen del presupuesto de gastos de cada uno de los departamentos de la administración del Estado
A2: 1833
B3: pesos | C3: reales
A4: Departamento del interior y relaciones exteriores | B4: 354441 | C4: 6 3/4
A5: Departamento de guerra y marina | B5: 1255288 | C5: 3
A6: Departamento de hacienda | B6: 907971 | C6: 2
A8: total | B8: 2517701 | C8: 3 3/4
A10: Fuente: Con base en Franciso Soto (1833) informe de hacienda
A12: Es el proyecto de presupuesto

Sheet GATOS 1834-1835
A1: PRESUPUESTOS DE GASTOS PARA 1834-1835
D2: TOTAL
B3: PESOS | C3: REALES | D3: PESOS | E3: REALES
A4: Secretaría del Interior y Relaciones Exteriores | B4: 406799 | C4: 4
A5: Secretaría de Guerra y Marina | B5: =1025876+217177 -> 1243053 | C5: 8
A6: Secretaría de Hacienda | B6: 879357 | C6: 7 3/4 | D6: 2529211 | E6: 3 3/4 | F6: 2529211
B8: =SUM(B4:B6) -> 2529209
A10: Fuente Con base en Soto (1834)

Sheet GASTO 1835-1836
A1: DEL PRESUPUESTO DE GASTOS PARA EL AÑO CONTADO DESDE 1º DE SEPTIEMBRE DE 1835 A ULTIMO DE AGOSTO DE 1836
B4: PESOS | C4: REALES
A5: Secretaría del interior | B5: 418287 | C5: 4
A6: Secretaría de guerra y marina | B6: 1315325 | C6: 3 1/2
A7: Secretaría de hacienda | B7: 980543 | C7: 1 1/2
A9: Total | B9: 2714156 | C9: 1
B10: =B5+B6+B7 -> 2714155 | C10: =9/8 -> 1.125
B11: =B10+C10 -> 2714156.1
A12: Fuente: con base en Soto (1835)

Sheet GASTO 1836-1837
A1: PRESUPUESTO GENERAL DE SUELDOS Y GASTOS DEL DEPARTAMENTO DEL INTERIOR Y RELACIONES EXTERIORES
A2: EN EL AÑO ECONÓMICO DE HACIENDA COMPRENSIVO DESDE 1º DE SEPTIEMBRE DE 1836 HASTA 31 DE AGOSTO DE 1837
A3: CON ARREGLO A LAS DISPOSICIONE VIGENTES
B4: PESOS | C4: REALES
A5: Congreso | B5: 96014
A6: Poder ejecutivo | B6: 54432
A7: Gastos diplomáticos y consulares | B7: 19032 | C7: 4 3/4
A8: Poder judicial, fuera de una partida indeterminada | B8: 97480
A9: Instrucción pública | B9: 16798 | C9: 6
A10: Misiones | B10: 8258
A11: Gobernaciones de las provincias | B11: 79370
A12: Cámaras de provincia | B12: 11551
A13: Jefaturas políticas | B13: 3400
A14: Periódicos provinciales | B14: 3000
A15: Gatos varios y extraordinarios | B15: 57590
A17: Suma total | B17: 446926 | C17: 2 3/4
B18: =SUM(B5:B15) -> 446925 | C18: =10/8 -> 1.25
B19: =B18+C18 -> 446926.25
A20: Fuente: Con base en De Pombo (1836) Informe al Congreso
A27: PRESUPUESTO DEL 1º DE SEPTIEMBRE DE 1836 A AGOSTO DE 1837
B29: PESOS | C29: REALES
A30: Secretaría del Interior y relaciones exteriores | B30: 446926 | C30: 2 3/4
A31: el de la de guera | B31: 1052677 | C31: 2
A32: El de la marina | B32: 346926
A33: El de la de hacienda | B33: 1057563 | C33: 3
A35: Suma total | B35: 2904092 | C35: 7 3/4
B36: =SUM(B30:B33) -> 2904092
A38: Fuente: Con base en Soto (1836) Informe al Congreso

Sheet I-G PROVINCIAS 1836-1837
A1: CUADRO GENERAL DE LOS PRODUCTOS DE LAS RENTAS PROVINCIALES EN UN AÑO CONTADO
A2: DESDE 1º DE SEPTIEMBRE DE 1836 HASTA 31 DE AGOSTO DE 1837
B4: RENTAS APLICABLES A LOS GASTOS COMUNES | G4: RENTAS DE APLICACIÓN ESPECIAL
A5: PROVINCIAS | H5: PARA LA ENSEÑANZA PÚBLICA | N5: PARA LAS VÍAS DE COMUNICACIÓN
B6: PRODUCTOS | D6: CRÉDITOS | F6: DEUDAS | H6: PRODUCTOS | J6: CRÉDITOS | L6: DEUDAS | N6: PRODUCTOS | P6: CRÉDITOS | R6: DEUDAS
B7: REALES | C7: CUARTILLOS | D7: REALES | E7: CUARTILLOS | F7: REALES | G7: CUARTILLOS | H7: REALES | I7: CUARTILLOS | J7: REALES | K7: CUARTILLOS | L7: REALES | M7: CUARTILLOS | N7: REALES | O7: CUARTILLOS | P7: REALES | Q7: CUARTILLOS | R7: REALES | S7: CUARTILLOS
A9: Antioquia | B9: 9055 | C9: 3 | H9: 2088 | I9: 3 | N9: 4138 | O9: 1 | P9: 21600
A10: Bogotá | B10: 27658 | D10: 58297 | E10: 1 | F10: 10151 | G10: 3 | H10: 378 | N10: 57154 | P10: 34934 | Q10: 2 | R10: 1000 | S10: 2
A11: Buenaventura | B11: 5745 | D11: 1563 | E11: 3 | F11: 2320 | H11: 17675 | I11: 1 | N11: 32582 | O11: 1 | P11: 4363 | Q11: 1
A12: Cartagena | B12: 10946 | C12: 2 | D12: 56227 | E12: 2 | F12: 17822 | G12: 1 | H12: 831 | N12: 89884 | P12: 25814 | Q12: 2 | R12: 16654 | S12: 6
A13: Casanare | P13: 2180
A14: Cauca | B14: 2990 | C14: 3 | D14: 1600 | H14: 719 | P14: 6892
A15: Chocó | B15: 4284 | C15: 2 | D15: 6068 | E15: 2 | N15: 25448 | P15: 2807
A16: Mariquita | B16: 1463 | C16: 1 | D16: 2135 | E16: 2 | F16: 1559 | H16: 152 | I16: 3 | J16: 200 | N16: 146 | O16: 2 | P16: 10807 | Q16: 2 | R16: 148
A17: Mompós | B17: 6692 | D17: 1937 | N17: 6188 | O17: 3 | P17: 6500
A18: Neiva | B18: 457 | D18: 13187 | E18: 2 | F18: 436 | H18: 489 | I18: 2 | P18: 10582
A19: Pamplona | B19: 7720 | C19: 3 | D19: 5043 | E19: 2 | F19: 1382 | P19: 18610
A20: Panamá | P20: 9932 | Q20: 3
A21: Pasto | B21: 6953 | C21: 1 | D21: 8707 | E21: 2 | H21: 400 | P21: 8008 | Q21: 3
A22: Popayán | B22: 554 | C22: 2 | D22: 144 | H22: 240 | P22: 6593 | Q22: 3
A23: Riohacha | B23: 22254 | C23: 1 | H23: 1600 | P23: 2023 | Q23: 1
A24: Santa Marta | B24: 8928 | D24: 52444 | E24: 2 | F24: 10315 | G24: 2 | H24: 557 | N24: 93708 | O24: 3 | P24: 16963 | Q24: 3
A25: Socorro | B25: 7912 | C25: 1 | H25: 3472 | P25: 13653 | Q25: 1
A26: Tunja | B26: 8607 | D26: 848 | P26: 32393 | Q26: 3
A27: Vélez | B27: 6161 | C27: 1 | D27: 1035 | H27: 1725 | P27: 11402 | Q27: 2
A28: Veragua | B28: 1559 | C28: 1 | D28: 6878 | F28: 1800 | H28: 108 | P28: 5811 | Q28: 2
A29: Totates | B29: 139943 | C29: 1 | D29: 216117 | E29: 2 | F29: 45786 | G29: 2 | H29: 30937 | J29: 200 | N29: 308641 | O29: 2 | P29: 249065 | R29: 17861 | S29: 8
B30: =SUM(B9:B28) -> 139938 | C30: =SUM(C9:C28) -> 21 | D30: =SUM(D9:D28) -> 216113 | E30: =SUM(E9:E28) -> 18 | F30: =SUM(F9:F28) -> 45785 | G30: =SUM(G9:G28) -> 6 | H30: =SUM(H9:H28) -> 30434 | I30: =SUM(I9:I28) -> 9 | ... S30: =SUM(S9:S28) -> 8
B31: =B30+C31 -> 139943.25 | C31: =C30/4 -> 5.25 | D31: =D30+E31 -> 216117.5 | E31: =E30/4 -> 4.5 | F31: =F30+G31 -> 45786.5 | G31: =G30/4 -> 1.5 | H31: =H30+I31 -> 30436.25 | I31: =I30/4 -> 2.25 | J31: =J30+K31 -> 200 | K31: =K30/4 -> 0 | N31: =N30+O31 -> 309250.5 | O31: =O30/4 -> 2.5 | P31: =P30+Q31 -> 251874 | Q31: =Q30/4 -> 7 | R31: =R30+S31 -> 17804 | S31: =S30/4 -> 2
A33: NOTAS
A34: 1. No se han recibido las noticias oportunamente pedidas a las gobernaciones de Casanare y Panamá
A35: 2. En la columna de créditos a favor de las rentas aplicadas para las vías de comunicación se han incluido lo que cada provincia (ilegilbe) en 31 de agosto
A36: por las porciones de derecho nacional de caminos, estas porciones, ascendentes a 230.420 reales, o $28.803 (ilegible) integramente satisfechas
A38: Bogotá, marzo 3 de 1838
A40: Fuente: Con base en De Pombo (1838)
A45: CUADRO GENERAL DE LOS GASTOS HECHOS CON LAS RENTAS PRIVINCIALES COMUNES Y DE
A46: APLICACIÓN ESPECIAL, DURANTE EL AÑO CONTADO DESDE 1º DE SEPTIEMBRE DE 1836 HASTA 31 DE AGOSTO DE 1837
B48: FONDOS COMUNES | D48: FONDO DE APLICACIÓN ESPECIAL
D49: PARA LA ENSEÑANZA PÚBLICA | F49: PARA LAS VIAS DE COMUNICACIÓN | H49: GASTOS DE RECAUDACIÓN
B50: EGRESOS | D50: EGRESOS | F50: EGRESOS | H50: EGRESOS
B51: REALES | C51: CUARTILLOS | D51: REALES | E51: CUARTILLOS | F51: REALES | G51: CUARTILLOS | H51: REALES | I51: CUARTILLOS
A52: Antioquia | B52: 8428 | C52: 2 | F52: 2361 | H52: 882
A53: Bogotá | B53: 16602 | F53: 56416 | G53: 2 | H53: 2842 | I53: 2
A54: Buenaventura | B54: 1983 | C54: 1 | D54: 8762 | F54: 6424 | H54: 2864 | I54: 2
A55: Cartagena | B55: 31824 | D55: 800 | F55: 32522 | H55: 5106 | I55: 1
A56: Casanare
A57: Cauca | B57: 4977 | D57: 328 | H57: 976
A58: Chocó | B58: 3078 | C58: 3 | H58: 173 | I58: 2
A59: Mariquita | B59: 2402 | C59: 2 | H59: 86 | I59: 2
A60: Mompós | B60: 11882 | H60: 534
A61: Neiva | B61: 728
A62: Pamplona | B62: 8900 | H62: 911 | I62: 3
A63: Panamá
A64: Pasto | B64: 6005 | C64: 2 | H64: 441
A65: Popayán | B65: 1786 | H65: 135
A66: Riohacha | B66: 12286 | H66: 2400
A67: Santa Marta | B67: 6296 | C67: 2 | D67: 2361 | E67: 3 | F67: 6409 | G67: 2 | H67: 3117
A68: Socorro | B68: 4554 | C68: 3 | H68: 422
A69: Tunja | B69: 8746 | H69: 1184
A70: Vélez | B70: 5304 | D70: 591 | H70: 1000
A71: Veragua | B71: 7688 | H71: 100
A72: Totates | B72: 144472 | C72: 3 | D72: 12842 | F72: 104133 | G72: 2 | H72: 23676
B73: =SUM(B52:B71) -> 143469 | C73: =SUM(C52:C71) -> 15 | D73: =SUM(D52:D71) -> 12842 | E73: =SUM(E52:E71) -> 3 | F73: =SUM(F52:F71) -> 104132 | G73: =SUM(G52:G71) -> 4 | H73: =SUM(H52:H71) -> 23173 | I73: =SUM(I52:I71) -> 12
B74: =B73+C74 -> 143472.75 | C74: =C73/4 -> 3.75 | D74: =D73+E74 -> 12842.75 | E74: =E73/4 -> 0.75 | F74: =F73+G74 -> 104133 | G74: =G73/4 -> 1 | H74: =H73+I74 -> 23176 | I74: =I73/4 -> 3
A76: NOTAS
A77: 1. No se han recibido noticias oportunamente pedidas a las gobernaciones de Casanare y Panamá
A78: 2. En las partidas de egresos no se comprenden los gastos comunes de recaudación, especificados en columna separada
A80: Bogotá, marzo 2 de 1832
A82: Fuente: Con base en De Pombo (1838)

Sheet GASTO 1838-1839
A1: PRESUPUESTO GENERAL DE SUELDOS Y GASTOS PARA EL AÑO ECONÓMICO DE HACIENDA COMPRENDIDO
A2: DESDE 1º DE SEPTIEMBRE DE 1838 HASTA 31 DE AGOSTO DE 1839
A4: Secretaría del interior
A5: Congreso | B5: 105932
A6: Poder ejecutivo | B6: 51338 | C6: 5 1/4
A7: Gastos diplomáticos y consulares | B7: 23787 | C7: 5
A8: Poder judicial | B8: 95860
A9: Gobernaciones de las provincias | B9: 79938
A10: Cámaras de provincia | B10: 16374 | C10: 7
A11: Jefaturas políticas | B11: 5772
A12: Instrucción pública | B12: 16712 | C12: 6
A13: Miasiones | B13: 10099
A14: Gastos varios y extraordinarios | B14: 81790
A16: Total suma | B16: 487604 | C16: 7 1/4
A18: Secretaría de guerra y marina
A19: Guerra
A20: Sueldos y gastos de la secretaría de guerra y marina | B20: 14392
A21: Sueldos y gastos del esgtado mayor general | B21: 14568
A22: Sueldos de los generales y coroneles en servicio | B22: 31536
A23: Sueldos y gastos de las jefaturas militares y comandancias en jefes de columnas | B23: 23734
A24: Sueldos y gastos de las comandancias de fortalezas y castillos | B24: 6016
A25: Sueldos y gastos del ramo de ingenieros | B25: 4094 | C25: 4
A26: Sueldos y gastos de los parques y maestranzas | B26: 6723
A27: Sueldos y gastos de la fuerza permanente | B27: 583879 | C27: 6
A28: Sueldos y gastos de la guardia nacional | B28: 82524
A29: Pensiones de los generales, jefes y oficiales | B29: 164292
A30: Pensiones de los individuos de tropa inválidos | B30: 25394
A31: Pensiones de las viudas de algunos militares | B31: 4624
A32: Sueldos y gastos de los hospitales militares | B32: 60215
A33: Sueldos y gastos de las escuelas militares | B33: 5020
A34: Pago de deudas | B34: 3985 | C34: 3 1/4
A35: Gastos varios | B35: 81200
D36: =SUM(B20:B35) -> 1112196
A37: Suma | B37: 1064197 | C37: 5 1/4 | D37: =D36+E37 -> 1112196 | E37: =E36/8 -> 0
A39: Marina
A40: Comandancia de marina de Cartagena | B40: 4000
A41: Arcenal de idem. | B41: 19882 | C41: 4
A42: Escuela militar de marina | B42: 2350
A43: Capitanías de puerto | B43: 32895 | C43: 2 3/16
A44: Compañía de infantería de marina | B44: 20898
A45: Marina activa
A46: Cuatro goletas | B46: 105926 | C46: 3 4/16
A47: Cuatro pailebotes | B47: 50429 | C47: 2 4/16
A48: Cinco flecheras | B48: 36890 | C48: 7 8/16
A49: Sosten de un pontón | B49: 1212
A50: Limpia del canal de Bocachica | B50: 3300
A51: Retiros y pensiones | B51: 6344
A52: Adquisición de buques | B52: 120000
A53: Para las pensiones de retiros e inválidos que puedan ocurrir
A54: en el próximo año económico de hacienda y deban
A55: declararse a oficiales e inválidos de tropa | B55: 1500
A57: Suma total | B57: 405628 | C57: 3 | D57: =SUM(B40:B55) -> 405626
D58: =D57+E58 -> 405626 | E58: =E57/8 -> 0
A59: Secretaría de hacienda
A61: Secretaría de hacienda | D61: 12172
A62: Oficinas generales de hacienda | D62: 105563
A63: Tesorerías y oficinas anexas | D63: 65655 | E63: 5
A64: Aduanas y resguardos | D64: 78789
A65: Renta de tabacos | D65: 47980
A66: Renta de correos | D66: 67788
A67: Jubilaciones | D67: 7362 | E67: 4
A68: Deudas | D68: 79641 | E68: 1 1/4
A69: A diezmos | B69: 59627 | C69: " 1/2
A70: En virtud de la Ley de 30 de abril de 1835 | B70: 16000
A71: No comprendidas en ella | B71: 4014 | C71: " 3/4
A72: Reditos de principales impuestos sobre fincas del Estado | D72: 3656 | E72: 7 1/4
A73: Gastos eventuales | D73: 467350
A75: Total | D75: 935958 | E75: 1 1/2 | F75: =SUM(D61:D73) -> 935956
F76: =F75+G76 -> 935956 | G76: =G75/8 -> 0
A77: Bogotá, 1º de marzo de 1838
A78: Fuente: Con bae en De Aranzazu (1838)

Sheet 1841 Hacienda
A1: Año económico del 1º de septiembre de 1839 a 31 de agosto de 1840
B3: Pesos | C3: reales | E3: Pesos | F3: reales
A4: CARGO
A5: Existencia de la cuenta anterior
A6: En tabacos en especie á principios | B6: 313567 | C6: 6 | D6: 3/4
A7: De lo que quedó adeudado de las contribuciones i rentas nacionales | B7: 266465 | C7: 4 | D7: 1/4
A8: En dinero | B8: 378068 | C8: 4 | D8: 1/4
E9: 958102 | F9: 7 | G9: 1/4 | H9: =SUM(B6:B8) -> 958100 | I9: =SUM(C6:C8) -> 14 | J9: 1
H10: =H9+(I9+J9)/8 -> 958101.88
A11: Ingreso al Tesoro en efectivo por contribuciones y rentas nacionales | E11: 2201243 | F11: 5 | G11: 3/4
A13: Lo que ha quedado adeudado por producto de los mismos , en el año de la | E13: 410298 | F13: 7 | G13: 1/4
A15: SUMA | E15: 3569645
E16: =E9+E11+E13 -> 3569643
A19: DATA
A21: Gastos jenerales del Tesoro | B21: 2327041 | C21: 5 | D21: "
A23: Diferencia entre el tabaco vendido de la existencia en especie del año
A24: anterior, i la existencia | B24: 18306 | C24: 6 | D24: "
A26: Lo que quedó adeudado por producto de las contribuciones i rentas nacional
A27: en el año anterior, parte cobrado y cargado en la partida de ingreso, i parte
A28: que pasa á deudas por cobrar de años anteriores | B28: 266465 | C28: 4 | D28: 1/4
E29: 26118143 | F29: 7 | G29: 1/4
A31: Existencia en 31 de agosto de 1840 | E31: 957831 | F31: 5 | G31: 1/4
A33: El ingreso efectivo por contribuciones del año | E33: 1965710 | F33: 7 | G33: 1/2
A35: Por recaudo de deudas de años anteriores | E35: 235532 | F35: 6 | G35: 1/2
E37: 2201343 | F37: 5 | G37: 3/4
A39: Mariano Calbo, esposición que hace el Secretario de Estado en el Despacho de Hacienda sobre los negocios de su departamento al Congreso Constitucional de la Nueva Granada en 1841
A43: PRESUPUESTO 1841 - 1842
A45: Departamento del Interior i Relaciones Esteriores | B45: 575468 | C45: 6 | D45: 3/4
A46: Para el de Guerra | B46: 1007059 | C46: 7 | D46: 1/4
A47: Para el de Marina | B47: 178086 | C47: 4
A48: Para Hacienda | B48: 1107410 | C48: 6
A50: Total | B50: 2868026
A53: Año económico del 1º de septiembre de 1839 a 31 de agosto de 1840
C54: INGRESOS | G54: EGRESOS
A55: Ingreso de ramos ajenos
A57: Existencia del año anterior | B57: 140971 | C57: 4 | D57: 3/4
A58: Hospital de leprosos | B58: 3746 | C58: 4 | D58: 1/4 | E58: Lazaretos | F58: 7124 | G58: 6 | H58: 1/2
A59: Quinta parte de aguardientes | B59: 16861 | C59: 4 | D59: 1/2 | E59: Quinta parte de aguardientes | F59: 171300 | G59: 2 | H59: 1/4
A60: San Lázaro | B60: 3496 | C60: 4 | D60: 1/2 | E60: Desima parte de aguardientes | F60: 8442 | G60: 3 | H60: 1/4
A61: Anclaje | B61: 3444 | C61: 4 | D61: 1/2 | E61: Derecho de caminos | F61: 15410 | G61: 6 | H61: 3/4
A62: Derechos de caminos | B62: 21130 | C62: 2 | D62: 1/4 | E62: Depósitos | F62: 140809 | G62: 2 | H62: 3/4
A63: Depósitos | B63: 160591 | C63: 2 | D63: 3/4 | E63: Suplementos | F63: 19765 | G63: 2 | H63: 3/4
A64: Suplementos | B64: 130371 | C64: 4 | D64: 3/4 | E64: Existencia para la cuenta siguiente | F64: 279610 | G64: 2 | H64: 1/2
A65: Fondo de cuerpos militares | B65: 935 | C65: 4 | D65: 1/2
F66: 488292 | G66: 6 | H66: 1/2
B67: 488292 | C67: 6 | D67: 1/2
B68: =SUM(B57:B65) -> 481545 | C68: =SUM(C57:C65) -> 32 | D68: 4
B69: =B68+(C68+D68)/8 -> 481549.5

Sheet 1843 Hacienda
A1: CUADRO No. 1
A2: CUENTA JENERAL
A3: DE LOS GASTOS DEL TESORO DE LA REPUBLICA I DE SUS AHORROS DESDE 1.o DE SEPTIEMBRE DE 1841 HASTA 31 DE AGOSTO DE 1942
A6: DEPARTAMENTO DEL INTERIOR I RELACIONES ESTERIORES | B6: Cantidades decretadas por la lei de 22 de Mayo de 1841. | E6: Gastado. | H6: Ahorrado.
A7: Por la 1.a cantidad del artículo 1.o de la lei de gastos. | B7: 105632 | E7: 35111 | F7: 4 | G7: =3/4 -> 0.75 | H7: 70520 | I7: 3 | J7: =1/4 -> 0.25
A8: Por la 2.a …….. | B8: 54452 | E8: 32008 | F8: 4 | G8: =3/4 -> 0.75 | H8: 22443 | I8: 3 | J8: =1/4 -> 0.25
A9: Por la 3.a …….. | B9: 47760 | C9: 6 | D9: =1/2 -> 0.5 | E9: 35793 | F9: 3 | G9: =3/4 -> 0.75 | H9: 11967 | I9: 2 | J9: =3/4 -> 0.75
A10: Por la 4.a …….. | B10: 120490 | C10: 6 | E10: 33936 | F10: 2 | G10: =1/4 -> 0.25 | H10: 86553 | I10: 5 | J10: =3/4 -> 0.75
A11: Por la 5.a …….. | B11: 80488 | C11: 6 | E11: 30369 | F11: 2 | G11: =1/4 -> 0.25 | H11: 50118 | I11: 7 | J11: =3/4 -> 0.75
A12: Por la 6.a …….. | B12: 19647 | C12: 7 | E12: 6508 | F12: 3 | G12: =3/4 -> 0.75 | H12: 13139 | I12: 3 | J12: =1/4 -> 0.25
A13: Por la 7.a …….. | B13: 5772 | C13: 7 | E13: 811 | F13: 5 | G13: =3/4 -> 0.75 | H13: 4960 | I13: 2 | J13: =1/4 -> 0.25
A14: Por la 8.a …….. | B14: 8100 | C14: 7 | E14: 811 | F14: 5 | H14: 8100 | I14: 2
A15: Por la 9.a …….. | B15: 16169 | C15: 1 | D15: =1/2 -> 0.5 | E15: 7354 | F15: 5 | G15: =1/2 -> 0.5 | H15: 8815 | I15: 1
A16: Por la 10.a …….. | B16: 31080 | C16: 1 | E16: 16163 | F16: 5 | G16: =1/2 -> 0.5 | H16: 14916 | I16: 2 | J16: =1/2 -> 0.5
A17: Por la 11.a …….. | B17: 10134 | C17: 1 | E17: 1013 | F17: 1 | G17: =1/4 -> 0.25 | H17: 9120 | I17: 6 | J17: =3/4 -> 0.75
A18: Por la 12.a …….. | B18: 34000 | C18: 1 | E18: 6850 | F18: 6 | H18: 27149 | I18: 2
A19: Por la 13.a …….. | B19: 50485 | C19: 1 | E19: 35885 | F19: 6 | G19: =1/4 -> 0.25 | H19: 14599 | I19: 7 | J19: =3/4 -> 0.75
A20: SUMA PROVISIONAL | B20: 584210 | C20: 7 | E20: 241805 | F20: 6 | G20: =3/4 -> 0.75 | H20: 342405 | I20: 7 | J20: =1/4 -> 0.25
B21: =SUM(B7:B19) -> 584209 | C21: =SUM(C7:C19) -> 44 | D21: =SUM(D7:D19) -> 1 | E21: =SUM(E7:E19) -> 242612 | F21: =SUM(F7:F19) -> 51 | G21: =SUM(G7:G19) -> 5.75 | H21: =SUM(H7:H19) -> 342399 | I21: =SUM(I7:I19) -> 45 | J21: =SUM(J7:J19) -> 5.25
A22: DEPARTAMENTO DE HACIENDA
A23: Por la 14.a …….. | B23: 12172 | C23: 1 | E23: 5336 | F23: 5 | G23: =1/2 -> 0.5 | H23: 6835 | I23: 2 | J23: =1/2 -> 0.5
A24: Por la 15.a …….. | B24: 22190 | C24: 1 | E24: 9046 | F24: 5 | H24: 13143 | I24: 3
A25: Por la 16.a …….. | B25: 14850 | C25: 1 | E25: 4375 | F25: 6 | G25: =1/2 -> 0.5 | H25: 10474 | I25: 1 | J25: =1/2 -> 0.5
A26: Por la 17.a …….. | B26: 3852 | C26: 1 | E26: 1417 | F26: 1 | G26: =3/4 -> 0.75 | H26: 2434 | I26: 6 | J26: =1/4 -> 0.25
A27: Por la 18.a …….. | B27: 5803 | C27: 1 | E27: 3127 | F27: 7 | H27: 2675 | I27: 1
A28: Por la 19.a …….. | B28: 5696 | C28: 1 | E28: 2602 | F28: 6 | H28: 3093 | I28: 2
A29: Por la 20.a …….. | B29: 3150 | C29: 1 | E29: 2602 | F29: 6 | H29: 3150 | I29: 2
A30: Por la 21.a …….. | B30: 34646 | C30: 6 | E30: 19002 | F30: 2 | H30: 15644 | I30: 4
A31: Por la 22.a …….. | B31: 34646 | C31: 6 | E31: 19002 | F31: 2 | H31: 15644 | I31: 4
A32: Por la 23.a …….. | B32: 34646 | C32: 6 | E32: 19002 | F32: 2 | H32: 15644 | I32: 4
A33: Por la 24.a …….. | B33: 20542 | C33: 6 | E33: 6803 | F33: 2 | G33: =1/4 -> 0.25 | H33: 13738 | I33: 5 | J33: =3/4 -> 0.75
A34: Por la 25.a …….. | B34: 20542 | C34: 6 | E34: 6803 | F34: 2 | H34: 13738 | I34: 5
A35: Por la 26.a …….. | B35: 20542 | C35: 6 | E35: 6803 | F35: 2 | H35: 13738 | I35: 5
A36: Por la 27.a …….. | B36: 11180 | C36: 6 | E36: 6495 | F36: 2 | H36: 4685 | I36: 5
A37: Por la 28.a …….. | B37: 65954 | C37: 5 | E37: 25834 | F37: 6 | G37: =3/4 -> 0.75 | H37: 40119 | I37: 6 | J37: =1/4 -> 0.25
A38: Por la 29.a …….. | B38: 81251 | C38: 5 | E38: 23087 | F38: 6 | G38: =1/2 -> 0.5 | H38: 58163 | I38: 7 | J38: =1/2 -> 0.5
A39: Por la 30.a …….. | B39: 47980 | C39: 5 | E39: 21815 | F39: 5 | H39: 26164 | I39: 3
A40: Por la 31.a …….. | B40: 70876 | C40: 4 | E40: 35521 | F40: 4 | G40: =1/4 -> 0.25 | H40: 35354 | I40: 7 | J40: =3/4 -> 0.75
A41: Por la 32.a …….. | B41: 5885 | C41: 7 | E41: 3742 | F41: 6 | G41: =1/4 -> 0.25 | H41: 2143 | I41: 7 | J41: =3/4 -> 0.75
A42: Por la 33.a …….. | B42: 1300 | C42: 7 | E42: 174 | F42: 7 | G42: =1/4 -> 0.25 | H42: 1125 | I42: 7 | J42: =3/4 -> 0.75
A43: Por la 34.a …….. | B43: 63982 | C43: 7 | D43: =3/4 -> 0.75 | E43: 63982 | F43: 7 | G43: =3/4 -> 0.75 | H43: 1125 | I43: 7
A44: Por la 35.a …….. | B44: 63982 | C44: 7 | E44: 63982 | F44: 7 | H44: 1125 | I44: 7
A45: Por la 36.a …….. | B45: 15271 | C45: 6 | D45: =1/2 -> 0.5 | E45: 15271 | F45: 6 | G45: =1/2 -> 0.5 | H45: 1125 | I45: 7
A46: Por la 37.a …….. | B46: 15271 | C46: 6 | E46: 15271 | F46: 6 | H46: 1125 | I46: 7
A47: Por la 38.a …….. | B47: 15271 | C47: 6 | E47: 15271 | F47: 6 | H47: 1125 | I47: 7
A48: Por la 39.a …….. | B48: 3920 | C48: 6 | D48: =1/2 -> 0.5 | E48: 3920 | F48: 6 | G48: =1/2 -> 0.5 | H48: 1125 | I48: 7
A49: Por la 40.a …….. | B49: 3920 | C49: 6 | E49: 3920 | F49: 6 | H49: 1125 | I49: 7
A50: Por la 41.a …….. | B50: 27292 | C50: 5 | E50: 27292 | F50: 5 | H50: 1125 | I50: 7
A51: Por la 42.a …….. | B51: 128859 | C51: 5 | D51: =1/4 -> 0.25 | E51: 128859 | F51: 5 | G51: =1/4 -> 0.25 | H51: 1125 | I51: 7
A52: Por la 43.a …….. | B52: 68845 | C52: 6 | D52: =3/4 -> 0.75 | E52: 68845 | F52: 6 | G52: =3/4 -> 0.75 | H52: 1125 | I52: 7
A53: Por la 44.a …….. | B53: 8317 | C53: 5 | D53: =1/2 -> 0.5 | E53: 68845 | F53: 6 | H53: 8317 | I53: 5 | J53: =1/2 -> 0.5
A54: Por la 45.a …….. | B54: 8317 | C54: 5 | E54: 68845 | F54: 6 | H54: 8317 | I54: 5
A55: Por la 46.a …….. | B55: 8317 | C55: 5 | E55: 68845 | F55: 6 | H55: 8317 | I55: 5
A56: Por la 47.a …….. | B56: 5000 | C56: 5 | E56: 68845 | F56: 6 | H56: 5000 | I56: 5
A57: Por la 48.a …….. | B57: 636575 | C57: 5 | E57: 405904 | F57: 7 | G57: =1/2 -> 0.5 | H57: 230670 | I57: 5 | J57: =1/2 -> 0.5
A58: Por la 49.a …….. | B58: 15100 | C58: 5 | E58: 12090 | F58: 6 | G58: =1/2 -> 0.5 | H58: 3009 | I58: 1 | J58: =1/2 -> 0.5
A59: Por la 50.a …….. | B59: 30300 | C59: 5 | E59: 26592 | F59: 4 | G59: =1/4 -> 0.25 | H59: 3707 | I59: 3 | J59: =3/4 -> 0.75
A60: TOTAL | B60: 1995007 | C60: 5 | D60: =1/4 -> 0.25 | E60: 1162952 | F60: 4 | G60: =1/2 -> 0.5 | H60: 832054 | I60: 7 | J60: =1/2 -> 0.5
B61: =SUM(B23:B59)+B21 -> 2220451 | C61: =SUM(C23:C59)+C21 -> 221 | D61: =SUM(D23:D59)+D21 -> 4.25 | E61: =SUM(E23:E59)+E21 -> 1591779 | F61: =SUM(F23:F59)+F21 -> 236 | G61: =SUM(G23:G59)+G21 -> 13.75 | H61: =SUM(H23:H59)+H21 -> 918689 | I61: =SUM(I23:I59)+I21 -> 230 | J61: =SUM(J23:J59)+J21 -> 12.5
A65: CUADRO No. 2
A66: CONTRIBUCIONES Y RENTAS
A68: 1842-1843
A69: Aduanas | B69: 1134107 | C69: 3
A70: Correos | B70: 80681 | C70: 1
A71: Casas de monedas | B71: 166842 | C71: 1 | D71: =3/4 -> 0.75
A72: Tabacos | B72: 784694 | C72: 5 | D72: =1/2 -> 0.5
A73: Ramos de tesorerias | B73: 737265
A74: Ramos Ajenos | B74: 68958 | C74: 6 | D74: =1/2 -> 0.5
A75: TOTAL | B75: 2972549 | C75: 1 | D75: =3/4 -> 0.75 | E75: Reconocimiento | F75: Efectivo
B76: =SUM(B69:B74) -> 2972547 | C76: =SUM(C69:C74) -> 16 | D76: =SUM(D69:D74) -> 1.75 | E76: =CN161+FH196+H213 -> 2134244.5 | F76: =CE161+EV196+B212 -> 1256553
A80: CUADRO No. 3
A81: DISTRIBUCIÓN DEL PRODUCTO DE LAS RENTAS NACIONALES
A82: CUENTA JENERAL DEL TESORO
A83: CARGO
A84: Ecsistencia de la cuenta del año anterior
A85: El tabaco en especie a principal i costos | B85: 361100 | C85: 7 | D85: =1/4 -> 0.25
A86: En lo que se quedo adeudando de las contribuciones i rentas nacionales por fin de dicho año | B86: 465496 | C86: 7 | D86: =1/2 -> 0.5
A87: En billetes de amortización de moneda | B87: 20640 | C87: 3 | D87: =1/2 -> 0.5
A88: En documentos de Tesorerias de hacienda no datados | B88: 377249 | C88: 6 | D88: =1/2 -> 0.5
A89: En dinero | B89: 201986 | C89: 1 | D89: =1/4 -> 0.25
B90: 1426474 | C90: 2
B91: =SUM(B85:B89) -> 1426471 | C91: =SUM(C85:C89) -> 24 | D91: =SUM(D85:D89) -> 2
A92: Dejado de cargar a la ecsistencia de tabaco, por falta de datos | B92: 64097 | E92: 1490571 | F92: 2
E93: =SUM(B85:B89)+B92 -> 1490568 | F93: =SUM(C85:C89)+C92 -> 24 | G93: =SUM(D85:D89)+D92 -> 2
A94: Producto de las contribuciones nacionales en el último año
A95: Derechos de aduanas | B95: 1134107 | C95: 3
A96: Renta de correos | B96: 80681 | C96: 1
A97: Utilidad de las dos casas de moneda | B97: 166842 | C97: 1 | D97: =3/4 -> 0.75
A98: Renta de tabaco | B98: 784694 | C98: 1 | D98: =1/2 -> 0.5
A99: Contribuciones y rentas que se recaudan en las Tesorerias | B99: 737265 | C99: 2
A100: Producto de los ramos ajenos con inclusion de los suplementos y depositos | B100: 262500 | C100: 7 | E100: 3166091 | G100: =1/4 -> 0.25
E101: =SUM(B95:B100) -> 3166089 | F101: =SUM(C95:C100) -> 15 | G101: =SUM(D95:D100) -> 1.25
A102: Recaudos por contribuciones de años anteriores
A103: Importe de las contribuciones i rentas que se han recaudado en el último año, correspondiente a los anteriores | E103: 745334 | F103: 3 | G103: =3/4 -> 0.75
A104: Cartas de crédito
A105: Valor de las cartas de crédito emitidas á favor de los empleados civiles i de hacienda, por la parte de sueldo que se les ha retenido | B105: 230446 | C105: 7 | D105: =3/4 -> 0.75
A106: Valor de las cartas de crédito emitidas á favor de los empleados militares, por parte de sueldo que se les ha retenido | B106: 89336 | C106: 3 | E106: 319782 | F106: 3 | G106: =3/4 -> 0.75
E107: 5721779 | F107: 1 | G107: =3/4 -> 0.75
E108: =E101+E103+E106+E93 -> 5721773 | F108: =F101+F103+F106+F93 -> 45 | G108: =G101+G103+G106+G93 -> 4.75
A109: DATA
...

Sheet 1845 Hacienda
A1: CUADRO No. 1
A2: Cuadro comparativo del producto de las rentas nacionales en los dos ultimos años economicos.
A3: Ramos en que ha habido aumento. | B3: Producto de 1842 á 1843. | E3: Producto de 1843 á 1844. | H3: Diferencia a favor del último año. | K3: Diferencia en contra del último año.
A4: Renta de amonedacion | B4: 166842 | C4: 1 | D4: =3/4 -> 0.75 | E4: 173883 | F4: 6 | G4: 0.5 | H4: 7041 | I4: 4 | J4: 0.75
A5: " de salinas | B5: 288562 | C5: 1 | E5: 321986 | F5: 1 | G5: 0.75 | H5: 33424 | I5: 1 | J5: 0.75
A6: " de tabacos | B6: 784694 | C6: 5 | D6: 0.5 | E6: 820438 | F6: 4 | G6: 0.5 | H6: 35743 | I6: 7
A7: " de aguardientes | B7: 172840 | C7: 5 | D7: 0.25 | E7: 180359 | F7: 1 | G7: 0.25 | H7: 7519 | I7: 1
A8: " de hipotecas i rejistros | B8: 14076 | C8: 3 | E8: 14661 | F8: 4 | H8: 585 | I8: 1
A9: Esportacion de mineral concentrado | B9: 578 | C9: 5 | D9: 0.25 | E9: 640 | F9: 4 | G9: 0.5 | H9: 61 | I9: 3 | J9: 0.25
A10: Derecho de internacion | B10: 5599 | C10: 3 | E10: 6651 | F10: 4 | H10: 1051 | I10: 5
A11: Derecho de sello de títulos i patentes | B11: 312 | C11: 3 | E11: 842 | F11: 4 | G11: 0.25 | H11: 530 | I11: 4 | J11: 0.25
A12: Ramos en que ha habido disminución | B12: Producto de 1842 á 1843. | E12: Producto de 1843 á 1844. | H12: Diferencia a favor del último año. | K12: Diferencia en contra del último año.
A13: Aduanas | B13: 1134107 | C13: 3 | E13: 1124345 | F13: 4 | G13: 0.75 | K13: 9761 | L13: 6 | M13: 0.25
A14: Correos | B14: 80681 | C14: 1 | E14: 80462 | F14: 3 | G14: 0.75 | K14: 218 | L14: 5 | M14: 0.25
A15: Papel sellado | B15: 79539 | C15: 2 | D15: 0.5 | E15: 74480 | F15: 6 | G15: 0.25 | K15: 5058 | L15: 4 | M15: 0.25
A16: Quintos i fundicion | B16: 59508 | C16: 4 | E16: 51008 | F16: 7 | G16: 0.75 | K16: 8499 | L16: 4 | M16: 0.25
A17: Haber en diezmos | B17: 41184 | C17: 5 | E17: 36978 | F17: 6 | G17: 0.5 | K17: 4205 | L17: 6 | M17: 0.5
A18: Multas | B18: 6789 | C18: 3 | D18: 0.25 | E18: 280 | F18: 2 | G18: 0.75 | K18: 6509 | L18: 6 | M18: 0.5
A19: Emprésitos | B19: 25679 | C19: 3 | D19: 0.25 | E19: 10285 | F19: 6 | G19: 0.75 | K19: 15393 | L19: 4 | M19: 0.5
A20: Donativos | B20: 927 | C20: 5 | D20: 0.5 | K20: 927 | L20: 5 | M20: 0.5
A21: Venta de cal | B21: 887 | C21: 6 | E21: 616 | F21: 4 | G21: 0.25 | K21: 271 | L21: 1 | M21: 0.75
A22: Ramos diversos | B22: 109738 | C22: 5 | D22: 0.5 | E22: 74828 | F22: 7 | G22: 0.25 | K22: 34909 | L22: 6 | M22: 0.25
B23: 2972549 | C23: 1 | D23: 0.75 | K23: 85755 | L23: 5
B24: =SUM(B4:B22) -> 2972542 | C24: =SUM(C4:C22) -> 63 | D24: =SUM(D4:D22) -> 3.75 | K24: =SUM(K13:K22) -> 85750 | L24: =SUM(L13:L22) -> 47 | M24: =SUM(M13:M22) -> 4
A25: Diferencia á favor del año de 1843 á 1844 | B25: 201 | C25: 7 | K25: 201 | L25: 7
B26: =E28-B24 -> 200 | C26: =F28-C24 -> 10 | D26: =G28-D24 -> 4 | K26: =H28-K24 -> 204 | L26: =I28-L24 -> -21 | M26: =J28-M24 -> -2
B27: 2972751 | C27: 7 | D27: 0.75 | E27: 2972751 | F27: 7 | G27: 0.75 | H27: 85957 | I27: 4 | K27: 85957 | L27: 4
B28: =B24+B26 -> 2972742 | C28: =C24+C26 -> 73 | D28: =D24+D26 -> 7.75 | E28: =SUM(E4:E11)+SUM(E13:E22) -> 2972742 | F28: =SUM(F4:F11)+SUM(F13:F22) -> 73 | G28: =SUM(G4:G11)+SUM(G13:G22) -> 7.75 | H28: =SUM(H4:H11) -> 85954 | I28: =SUM(I4:I11) -> 26 | J28: =SUM(J4:J11) -> 2 | K28: =K24+K26 -> 85954 | L28: =L24+L26 -> 26 | M28: =M24+M26 -> 2
A32: CUADRO No. 2
A33: CUENTA JENERAL DEL TESORO DE LA NUEVA GRANADA
A34: Año económico de 1.o de septiembre de 1843 á 31 de agosto de 1844
A35: CARGO
A36: Existencia por fin de la cuenta del año anterior
A37: En billetes de amortización de moneda | E37: 20000
A38: En billetes de tesorería recibidos en pago de la quinta parte de aguardiente | E38: 2165
A39: En deudas á favor del tesoro existentes en pagares de aduana, de tesorerias i aguardientes | E39: 996625 | F39: 1 | G39: 0.5
A40: En pagares de tabaco vendido para la esportacion | E40: 2848 | F40: 2 | G40: 0.25
A41: En el valor de las cartas existentes en las administraciones de correos | E41: 3375 | F41: 7 | G41: 0.75
A42: En el valor principal i costos del tabaco existente en las administraciones i demas oficinas de la renta | E42: 382134 | F42: 3 | G42: 0.75
A43: En pagares de aduana existentes en la tesoreria de Casanare | E43: 2345 | F43: 7 | G43: 0.25
A44: En dinero en la tesorerias, casas de moneda, factorias i administraciones principales de tabacos i correos | E44: 413944 | F44: 7 | G44: 0.25 | H44: 1823439 | I44: 4 | J44: 0.75
H45: =+SUM(E44+E43+E42+E41+E40+E39+E38+E37)+I45 -> 1823439.4 | I45: =+SUM(F44+F43+F42+F41+F40+F39+F38+F37)/8 -> 3.375 | J45: =+SUM(G44+G43+G42+G41+G40+G39+G38+G37) -> 2.75
A46: Existencia en dinero i documentos de buenas cuentas no comprendidos en la data del año pasado, i que, según la relacion de gastos, quedaron en las comisarias de guerra | E46: 58897 | F46: 3 | G46: 0.25
A47: Dejado de cargar á la existencia de tabaco en especie | E47: 9548 | F47: 3 | G47: 0.25
A48: Cobrado por deudas de años anteriores, no comprendidas en los cuadros de existencias en deudas de los mismos años, a saber:
A49: Por noveno de consolidacion | B49: 16062 | C49: 6 | D49: 0.25
A50: Por novenos del Estado | B50: 14499 | C50: 5 | D50: 0.25
A51: Por vacantes mayores i menores | B51: 8416 | C51: 3 | D51: 0.25
A52: Pr id. de hospitales | B52: 445 | C52: 3 | D52: 0.25
A53: Por anualidades i medias annatas | B53: 115 | C53: 3 | D53: 0.25
A54: Por mesadas eclesiásticas | B54: 796 | C54: 4 | D54: 0.5
A55: Por cuarta episcopal | B55: 3608 | C55: 2 | D55: 0.75
A56: Por órden suprimida | B56: 3200 | C56: 2 | D56: 0.75
A57: Por derecho de fundicion | B57: 137 | C57: 6 | D57: 0.25
A58: Por rejistros | B58: 1013 | C58: 7 | D58: 0.25
A59: Por quintos | B59: 697 | C59: 3 | D59: 0.25
A60: Por reintegros | B60: 9002 | C60: 5 | D60: 0.25
... A66: Por utilidades de amonedacion | B66: 419 | C66: 1 | D66: 0.75
A67: Por reintegro de salinas | B67: 10625 | C67: 1 | D67: 0.75 | E67: 87623 | F67: 6 | G67: 0.5 | H67: 156069 | I67: 4 | J67: 0.75
E68: =SUM(B49:B67)+F68 -> 87624.25 | F68: =SUM(C49:C67)/8 -> 8.25 | G68: =SUM(D49:D67) -> 8.25 | H68: =E68+E46+E47+I68 -> 156071.03 | I68: =(F68+F46+F47)/8 -> 1.78125 | J68: =G68+G46+G47 -> 8.75
A69: Producto de las contribuciones nacionales en el año de esta cuenta
A70: De la renta de aduanas en dinero i pagares | E70: 1124345 | F70: 4 | G70: 0.75
A71: De la de correos | E71: 80462 | F71: 3 | G71: 0.75
A72: De la de amonedacion | E72: 173883 | F72: 6 | G72: 0.5
A73: De la de tabacos | E73: 820438 | F73: 4 | G73: 0.5
A74: Producto de las rentas que se recaudan directamente por las tesorerías de hacienda | E74: 451634 | F74: 3 | G74: 0.5
A75: Producto de las salinas que se administran por cuenta de la Republica | E75: 321986 | F75: 1 | G75: 0.75 | H75: 2972751 | I75: 4 | J75: 0.75
H76: =+SUM(E70:E75)+I76 -> 2972750.6 | I76: =+SUM(F70:F75)/8 -> 2.625 | J76: =+SUM(G70:G75) -> 3.75
A77: Ingresos en el tesoro por suplementos i depósitos | H77: 266847 | I77: 3 | J77: 0.75
H78: 5219107 | I78: 6 | J78: 0.75
H79: =H76+H68+H45+H77+I79 -> 5219109.4 | I79: =(I76+I68+I45+I77)/8 -> 1.3476562 | J79: =J76+J68+J45+J77 -> 16
A80: DATA
A81: Relacion jeneral de los gastos del Tesoro | E81: 3574742 | F81: 5 | G81: 0.75
A82: Dedúcense de esta suma la de 51,445 pesos 5 reales á que asciende la parte de sueldos retenida á los empleados civiles (45,569-5 1/4) i militares (5,875-7 3/4), cuya suma aparece en la relacion como satisfecha en dinero, habiéndolo sido en documentos de crédito amortizables confome á la lei | E82: 51445 | F82: 5 | G82: 0.75
E83: 3523297 | F83: 5 | G83: 0.75
E84: =+E81-E82 -> 3523297 | F84: =+F81-F82 -> 0 | G84: =+G81-G82 -> 0
A85: Pagado por premios á Powles, Illigworth i compalia por barras de plata | E85: 8641 | F85: 1 | G85: 0.25
A86: Valor de los billetes de amortizacion de moneda que aparecen en la primera partida de la existencia del año anterior i que fueron dados al fuego en la ciudad de Santamarta en día 23 de agosto de 1844, por órden del Poder Ejecutivo | E86: 20000 | F86: 1 | G86: 0.25
A87: Diferencia entre el valor de tabaco existente por la de 1844, cuya partida se deduce por quedar incluida en el producto total de la venta de tabaco | E87: 5173 | F87: 4 | G87: 0.75 | H87: 3557111 | I87: 6 | J87: 0.75
H88: =+E84+E85+E86+E87 -> 3557111 | I88: =+F84+F85+F86+F87 -> 6 | J88: =+G84+G85+G86+G87 -> 1.25
H89: 1661995 | I89: 7 | J89: 0.25
H90: =H79-H88 -> 1661998.4 | I90: =I79-I88 -> -4.6523438 | J90: =J79-J88 -> 14.75
A91: Existencias
A92: Estas existencias consisten:
A93: En deudas de aduanas de años anteriores, según resulta de la siguiente comparacion:
A94: Deudas que quedaron existentes en 31 de agosto de 1843, según la memoria del año pasado | B94: 891628 | C94: 1 | D94: 0.75
A95: Recaudado en el año de esta cuenta por tal motivo | B95: 855116 | C95: 2 | D95: 0.75
A96: Queda vijente en deudas de años anteriores | B96: 36511 | C96: 7 | D96: 0.75 | E96: 36511 | F96: 7 | G96: 0.75
B97: =+B94-B95 -> 36512 | C97: =+C94-C95 -> -1 | D97: =+D94-D95 -> 0
A98: En diferentes efectos, impresos, resagos de contribuciones por recaudar, alcances de cuentas i demas deudas del ramo de hacienda en comun | E98: 7177 | F98: 6 | G98: 0.75
A99: En billetes de recnocimiento | E99: 103 | F99: 7 | G99: 0.75
A100: En pagares de aduana en la tesorería de Casanare | E100: 2345 | F100: 7 | G100: 0.25
A101: En deudas a favor del tesoro por la rentas que se recaudan en las tesorerias i correspondientes al último año económico | E101: 24915 | F101: 4 | G101: 0.5
A102: En pagares de aduana de plazos no cumplidos i de la misma procedencia | E102: 788279 | F102: 7 | G102: 0.75
A103: En pagares de tabaco para la esportacion existentes en la tesorería de Mariquita | E103: 2120 | F103: 2 | G103: 0.25
A104: En tabaco en especie á principal i costos | E104: 386509 | F104: 1 | G104: 0.75
A105: En cartas sobrantes en las administraciones de correos | E105: 3494 | F105: 6 | G105: 0.75
A106: En dinero a saber:
A107: En las tesorerias de hacienda | B107: 153243 | C107: 3 | D107: 0.5
A108: En casas de moneda de Bogotá i Popayan, inclusive el valor de las pastas | B108: 171002 | C108: 3 | D108: 0.75
...

Sheet 1846 Hacienda
A1: CUADRO No. 1
A2: Resúmen de la cuenta jeneral de ingresos i egresos de la tesoreria jeneral i de las provinciales de hacienda en el año económico de 1844 á 1845.
A3: CARGO JENERAL.
A4: Existencia en dinero i documentos de pago en fin de agosto de 1844 | B4: Pesos | E4: 281288 | F4: 1 | G4: 3
A5: Recaudado directamente por las tesorerías, de productos del año | E5: 1017485 | F5: 3 | G5: 2
A6: Id. Por resagos de años anteriores (Id.) | E6: 141842 | F6: 1 | G6: 3
A7: Recaudado por las aduanas (Id.) | E7: 827893 | F7: 6 | G7: 3
A8: Recaudado por las oficinas de correos, de productos del año (Id.) | E8: 35099 | F8: 5 | G8: 1
A9: Id. Por resagos de años anteriores (Id.) | E9: 73 | F9: 6 | G9: 2
A10: Recaudado por las administraciones de salinas, de productos del año (Id.) | E10: 393179 | F10: 6 | G10: 2
A11: Id. Por resagos de años anteriores (Id.) | E11: 12893 | F11: 1 | G11: 3
A12: Recaudado por las administraciones de tabaco, de productos del año (Id.) | E12: 628890 | F12: 1 | G12: 1
A13: Id. Por resagos de años anteriores (Id.) | E13: 79 | F13: 2 | G13: 2
E14: 3338725 | F14: 3 | G14: 1
E15: =SUM(E4:E13) -> 3338721 | F15: =SUM(F4:F13) -> 32 | G15: =SUM(G4:G13) -> 22
A16: DATA JENERAL
A17: Viáticos, dietas i gastos del Congreso | E17: 61070 | F17: 5 | G17: 1
A18: Sueldos i gastos del Poder Ejecutivo | E18: 16199 | F18: 5 | G18: 1
A19: Id. del departamento de Relaciones Esteriores | E19: 39872 | F19: 4 | G19: 3
A20: Id. del departamento de lo Interior | E20: 322908 | F20: 3 | G20: 2
A21: Id. del departamento de Hacienda | E21: 549330 | F21: 4 | G21: 1
A22: Id. del departamento de guerra | E22: 878074 | F22: 2 | G22: 1
A23: Gastos varios de los cuatro departamentos | E23: 178749 | F23: 7 | G23: 1
A24: Gastos estraordinarios de id | E24: 51363 | F24: 4 | G24: 2
A25: Pago de deudas; á saber:
A26: Por deuda flotante | B26: 61834 | C26: 5 | D26: 2
A27: Por cartas de crédito amortizadas, de sueldos retenidos civiles i de hacienda | B27: 81831 | C27: 5 | D27: 1
A28: Por id. id. de sueldos militares | B28: 74766 | C28: 4 | D28: 1
A29: Por id. id. de la nueva deuda de suministros de guerra | B29: 66122 | C29: 2 | D29: 1
A30: Por deuda á los cosecheros de tabaco de Ambalema | B30: 59641 | C30: 5 | D30: 3
A31: Por id. de emprésitos | B31: 374464 | C31: 2 | D31: 2
A32: Por sueldos i gastos de años anteriores, subsidio para pago de intereses de la deuda consolidada interior i otros motivos | B32: 125340 | C32: 2 | D32: 2
A33: Por reintegros á la renta de diezmos, de suplementos para la del tabaco | B33: 74197 | C33: 1 | D33: 1
A34: Por id. particulares | B34: 2129 | C34: 1 | D34: 1 | E34: 920327 | F34: 4 | G34: 2
E35: =+SUM(B26:B34) -> 920324 | F35: =+SUM(C26:C34) -> 27 | G35: =+SUM(D26:D34) -> 14
E36: 3017897 | F36: 4 | G36: 1
E37: =E17+E18+E19+E20+E21+E22+E23+E24+B26+B27+B28+B29+B30+B31+B32+B33+B34 -> 3017889 | F37: =F17+F18+F19+F20+F21+F22+F23+F24+C26+C27+C28+C29+C30+C31+C32+C33+C34 -> 61 | G37: =G17+G18+G19+G20+G21+G22+G23+G24+D26+D27+D28+D29+D30+D31+D32+D33+D34 -> 26
A38: Cargo jeneral | E38: 3338725 | F38: 3 | G38: 1
A39: Data jeneral | E39: 3017897 | F39: 3 | G39: 1
A40: Existencia que debia resultar | E40: 320828 | F40: 3 | G40: 1
E41: =E15-E37 -> 320832 | F41: =F15-F37 -> -29 | G41: =G15-G37 -> -4
A42: Existencia efectiva en dinero i documentos de pago en las tesorerias, en 31 de agosto de 1845 | E42: 319922 | F42: 1 | G42: 3
A43: Diferencia, que proviene sin duda de error en la data | E43: 906 | F43: 1 | G43: 1
E44: =E41-E42 -> 910 | F44: =F41-F42 -> -30 | G44: =G41-G42 -> -7
A47: CUADRO No. 2
A48: CUADRO COMPARATIVO
A49: Ramos en que hubo aumento. | B49: Producto de 1843 á 1844. | E49: Producto de 1844 á 1845. | H49: Aumento en el 2.o Año.
A50: Derechos de títulos y patentes | B50: 842 | C50: 4 | D50: 0.25 | E50: 3058 | H50: 2215 | I50: 3 | J50: 0.75 | K50: =E50-B50 -> 2216 | L50: =F50-C50 -> -4 | M50: =G50-D50 -> -0.25
A51: Esportacion de mineral concentrado | B51: 640 | C51: 4 | D51: 0.5 | E51: 712 | F51: 6 | H51: 72 | I51: 5 | J51: 0.5 | K51: =E51-B51 -> 72 | L51: =F51-C51 -> 2 | M51: =G51-D51 -> -0.5
A52: Hipotecas i rejistro | B52: 14661 | C52: 4 | D52: 0.5 | E52: 18746 | F52: 7 | G52: 0.5 | H52: 4085 | I52: 3 | J52: 0.5 | K52: =E52-B52 -> 4085 | L52: =F52-C52 -> 3 | M52: =G52-D52 -> 0
A53: Multas | B53: 280 | C53: 2 | D53: 0.75 | E53: 1031 | F53: 2 | G53: 0.5 | H53: 750 | I53: 7 | J53: 0.25 | K53: =E53-B53 -> 751 | L53: =F53-C53 -> 0 | M53: =G53-D53 -> -0.25
A54: Papel sellado | B54: 74480 | C54: 6 | D54: 0.25 | E54: 79813 | F54: 4 | G54: 0.75 | H54: 5332 | I54: 6 | J54: 0.5 | K54: =E54-B54 -> 5333 | L54: =F54-C54 -> -2 | M54: =G54-D54 -> 0.5
A55: Salinas | B55: 535547 | C55: 6 | D55: 0.75 | E55: 548036 | F55: 5 | G55: 0.75 | H55: 12488 | I55: 6 | J55: 0.25 | K55: =E55-B55 -> 12489 | L55: =F55-C55 -> -1 | M55: =G55-D55 -> 0
A56: Tabaco | B56: 820438 | C56: 4 | D56: 0.5 | E56: 890264 | F56: 3 | G56: 0.75 | H56: 69825 | I56: 6 | J56: 0.5 | K56: =E56-B56 -> 69826 | L56: =F56-C56 -> -1 | M56: =G56-D56 -> 0.25
A57: Venta de cal | B57: 616 | C57: 4 | D57: 0.25 | E57: 623 | F57: 2 | H57: 6 | I57: 5 | J57: 0.75 | K57: =E57-B57 -> 7 | L57: =F57-C57 -> -2 | M57: =G57-D57 -> -0.25
B58: 1447508 | C58: 1 | D58: 0.25 | E58: 1542286 | F58: 6 | G58: 0.25 | H58: 94778 | I58: 5 | J58: 0.75 | K58: =E58-B58 -> 94778 | L58: =F58-C58 -> 5 | M58: =G58-D58 -> 0
B59: =SUM(B50:B57) -> 1447504 | C59: =SUM(C50:C57) -> 34 | D59: =SUM(D50:D57) -> 3.75 | E59: =+SUM(E50:E57) -> 1542283 | F59: =+SUM(F50:F57) -> 29 | G59: =+SUM(G50:G57) -> 3.25 | H59: =+SUM(H50:H57) -> 94773 | I59: =+SUM(I50:I57) -> 41 | J59: =+SUM(J50:J57) -> 4
A60: Ramos en que hubo disminucion. | B60: Producto de 1843 á 1844. | E60: Producto de 1844 á 1845. | H60: Disminucion en el 2.o Año.
A61: Aduanas | B61: 1124345 | C61: 4 | D61: 0.75 | E61: 851165 | F61: 6 | G61: 0.75 | H61: 273179 | I61: 6
A62: Aguardientes | B62: 180359 | C62: 1 | D62: 0.25 | E62: 174323 | F62: 6 | G62: 0.5 | H62: 6035 | I62: 2 | J62: 0.75
A63: Amonedacion | B63: 2102134 | C63: 4 | D63: 0.5 | E63: 1926698 | F63: 3 | G63: 0.75 | H63: 175436 | I63: 2 | J63: 0.75
A64: Correos | B64: 80462 | C64: 3 | D64: 0.75 | E64: 76418 | F64: 2 | G64: 0.75 | H64: 4044 | I64: 1 | J64: 0.75
A65: Haber en diezmos | B65: 36978 | C65: 6 | D65: 0.5 | E65: 23592 | F65: 5 | G65: 0.25 | H65: 13386 | I65: 1 | J65: 0.25
A66: Internacion de efectos estranjeros | B66: 6651 | C66: 6 | D66: 0.5 | E66: 5121 | F66: 3 | G66: 0.25 | H66: 1529 | I66: 5 | J66: 0.25
A67: Quintos de oro i fundicion | B67: 51008 | C67: 7 | D67: 0.75 | E67: 48308 | F67: 1 | G67: 0.5 | H67: 2700 | I67: 6 | J67: 0.25
A68: Ramos diversos | B68: 85114 | C68: 6 | D68: 0.75 | E68: 68262 | F68: 3 | G68: 0.5 | H68: 16852 | I68: 3 | J68: 0.25
B69: 5114563 | C69: 3 | D69: 0.75 | E69: 4716177 | F69: 6 | G69: 0.75 | H69: 493164 | I69: 2 | J69: 0.25
B70: =SUM(B61:B68)+B59 -> 5114555 | C70: =SUM(C61:C68)+C59 -> 71 | D70: =SUM(D61:D68)+D59 -> 8.5 | E70: =SUM(E61:E68)+E59 -> 4716170 | F70: =SUM(F61:F68)+F59 -> 58 | G70: =SUM(G61:G68)+G59 -> 7.5 | H70: =+SUM(H61:H68) -> 493161 | I70: =+SUM(I61:I68) -> 26 | J70: =+SUM(J61:J68) -> 3.25
A71: Disminucion de ingresos en unos ramos | H71: 493164 | I71: 2 | J71: 0.25
A72: Aumento de ingresos en otros | H72: 94778 | I72: 5 | J72: 0.25
A73: Aparece como diferencia contra el último año. | H73: 398385 | I73: 5 | J73: 0.25
H74: =H70-H59 -> 398388 | I74: =I70-I59 -> -15 | J74: =J70-J59 -> -0.75
A77: CUADRO No. 3
A78: Ahorro en costos de Produccion
A79: En el ramo de aduanas | B79: 35763 | C79: 7 | D79: 1
A80: En el de amonedacion | B80: 133681 | C80: 1 | D80: 1
A81: En el de correos | B81: 2992 | C81: 5 | D81: 1
A82: En el de salinas | B82: 86430 | C82: 1 | D82: 3
A83: En el de tabacos | B83: 40945 | C83: 7 | D83: 3
A84: Que suman | B84: 299813 | C84: 6 | D84: 1
B85: =SUM(B79:B83) -> 299811 | C85: =SUM(C79:C83) -> 21 | D85: =SUM(D79:D83) -> 9
A86: Diferencia contra el último año | B86: 98571 | C86: 6 | D86: 3
B87: =H74-B85 -> 98577 | C87: =I74-C85 -> -36 | D87: =J74-D85 -> -9.75
A90: CUADRO No. 4
A91: PRESUPUESTO GENERAL DE GASTOS.
A92: Para el año económico de 1846 á 1847
A93: Para el departamiento de gobierno $ | B93: 571239 | C93: 5 | D93: =2/4 -> 0.5
A94: Para el de Relaciones Esteriores i Mejoras internas | B94: 328085 | C94: 1 | D94: 0.25
A95: Para el de Guerra | B95: 945425 | C95: 1 | D95: 0.25
A96: Para el de Hacienda, inclusos 100.000 pesos para gastos estraordinarios de los cuatro departamentos | B96: 833736 | C96: 7 | D96: 0.75
A97: Total | B97: 2678486 | C97: 6 | D97: 0.5
B98: =SUM(B93:B96) -> 2678485 | C98: =SUM(C93:C96) -> 14 | D98: =SUM(D93:D96) -> 1.75
A100: Total presupuesto 1845 | B100: 3007604 | C100: 1 | D100: =3/4 -> 0.75
A101: Diferencia | B101: 329117 | C101: 3 | D101: =1/4 -> 0.25
B102: =B98-B100 -> -329119 | C102: =C98-C100 -> 13 | D102: =D98-D100 -> 1
A105: CUADRO No. 5
A106: PRESUPUESTO DEL DEPARTAMENTO DE HACIENDA
A107: Contaduría jeneral | B107: 22230
A108: Dirección del crédito nacional | B108: 3476
A109: Tesorerías | B109: 64917
...

Sheet 1849 Hacienda
A1: CUADRO No. 1
A2: CONTRIBUCIONES NACIONALES A CARGO DEL DIRECTOR JENERAL DE VENTAS
A3: Año economico finalizado en 31 de agosto de 1848
A4: Derechos causados a favor de dichas rentas
A5: DEJÓ DE RECAUDARSE
A6: En el año de 1845 a 1846 | B6: 28349 | C6: 75
A7: En el año de 1846 a 1847 | B7: 257128 | C7: 25
D8: 285478 | E8: 0
A9: Componen | D9: 15052193 | E9: 3
A10: Deducido lo recaudado por los años de 1845 a 1847 | B10: 116587
A11: De lo recaudado por el año de 47 a 48 | B11: 14579243 | C11: 32
D12: 14695830 | E12: 32
A13: Quedó por recaudar en fin del año | D13: 356362 | E13: 71
A14: A saber:
A15: Por los años de 45 a 47 | B15: 168891
A16: Por el año de 47 a 48 | B16: 187471 | C16: 71
D17: 356362 | E17: 71
A18: Ascendió lo causado a deber en el mismo año económico por las rentas que están bajo la Direccion de Impuestos según los datos que han podido adquirirse a la suma de | D18: 11048772 | E18: 96
A19: Que unida a las de años anteriores | D19: 8065899 | E19: 17
A20: Suma | D20: 19114672 | E20: 13
A21: De que se ha recaudado | D21: 10016677 | E21: 40
A22: I quedan en saldo por recaudar a favor del Tesero | D22: 9097994 | E22: 40
A23: Ingreso efectivo en el Tesoro por las diferentes contribuciones
A24: Por ventas | D24: 14695830 | E24: 32
A25: Por impuestos | D25: 10016677 | E25: 40
A26: Suman | D26: 24712507 | E26: 72

Sheet 1852 HACIENDA
A1: Por los balances del Mayor de la contabilidad general para el año económico de Hacienda de 47 a 48, que acompaño al presente informe número 1o, paraece que la cuenta denominada Capital del Tesoro dio un saldo favorable de reales | B1: 4365408 | C1: 60
A3: En esta forma:
A5: Salfos a favor del Tesoro Rs. | B5: 17393888 | C5: 50 | D5: 13/24
A6: Por deudas de contribuyentes por recaudar en 31 de agosto de 1848. Correspondientes a rentas causadas a deber antes de 1o de septiembre de 1846 | B6: 3515727 | C6: 22
A7: Correspondientes a rentas de 1846 a 1847 | B7: 462078 | C7: 35
A8: Correspondientes a rentas de 1847 a 1848 | B8: 5713399 | C8: 62
A9: Total de las rentas por recaudar en 31 de agosto de 1848 | B9: 9691205 | C9: 49 | D9: 13/24
A11: Además los siguientes:
A12: En poder de corresponsables de la extinguida Tesoreria General de la República | B12: 80000 | C12: 25
A13: En recibos de anticipaciones de sueldos y otras anticipaciones | B13: 1605293 | C13: 67
A14: En alcances por pagar deducidos contra empleados y otras acreeencias | B14: 840811 | C14: 23
A15: En el principal de la deuda de Rafael Garcia Tejada | B15: 76000
A16: En poder de Baring Hermanos y Compañía | B16: 572441 | C16: 87
A17: En letras por cobrar | B17: 31403
A18: En las cajas de los responsables del erario | B18: 3282199 | C18: 3
A19: En vías de una a otras cajas | B19: 1153062 | C19: 77
A20: En fallas en remesas | B20: 61471 | C20: 17
A21: Activo del Tesoro en 31 de agosto de 1848 | B21: 17393888 | C21: 50 | D21: 13/24
A23: Saldos en contra del Tesoro | B23: 14297088 | C23: 57
A24: Por deudas de contribuyentes por recaudar en 31 de agosto de 1848 en esta forma:
A25: Por servicios prestados antes del 1o de septiembre de 1846 | B25: 321333 | C25: 14
A26: Por servicios prestados en el año económico de 1846 a 1847 | B26: 1140995 | C26: 29
A27: Por servicios prestados en el año económico de 1847 a 1848 | B27: 6094201 | C27: 53
A29: Totoal de los gastos por pagar en 31 de agosto de 1848 | B29: 7556529 | C29: 97
A30: Además, había en contra del Tesoro en el mismo día 31 de agosto de 1848 los siguientes saldos:
A31: Adeudado a corresponsables del erario | B31: 1144577 | C31: 73
A32: A varios responsables del erario | B32: 21635 | C32: 55
A33: A Juan de Francisco Martín, Wilson y Schloos su cuena de empréstito de 1,216,000 reales, resto de capital | B33: 448054 | C33: 84
A34: A Juan de Francisco Martín, Wilson y Schloos su cuena de empréstito al seis por ciento, resto de capital | B34: 379775 | C34: 92
A35: A Powles, Wilson y Compañía su cuenta de empréstito al uno por ciiento, resto de capital | B35: 407675 | C35: 75
A36: A los mismos su cuento de seis décimos en el empréstico de un millón de reales, resto de capital | B36: 204618
A37: A Montoya, Sáenz y Compañía, su cuenta de cuadro décimos en el mismo empréstito, resto de capital | B37: 136412
A38: Por capital de vales flotantes | B38: 107937 | C38: 22
A39: De nueva deuda adminsible en pago de contribuciones | B39: 99475 | C39: 86
A40: De billetes de la extinguida Tesoreria General de la República | B40: 960
A41: De billetes de amortización de macuquina | B41: 23000
A42: De créditos librados de la extinguida Tesoreria General | B42: 4216 | C42: 50
A43: De empréstito voluntario | B43: 3775 | C43: 25
A44: De cartas de nueva deuda por empréstitos y suministros | B44: 218312 | C44: 63
A45: De cartas de créditos civiles | B45: 1587897 | C45: 46
A46: De cartas de créditos militares | B46: 262878 | C46: 78
A47: De libranzas de la Dirección General de Tesorerias | B47: 222368 | C47: 51
A48: De libranzas de abono contras las Aduanas | B48: 485339 | C48: 9
A49: De libranzas generales de pago | B49: 981647 | C49: 46
A50: Pasivo del Tesoro en 31 de agosto de 1848 | B50: 14297088 | C50: 57 | D50: 19/24
A51: Comparación
A52: Activo | B52: =+B21 -> 17393888 | C52: =+C21 -> 50 | D52: =+D21 -> 13/24
A53: Pasivo | B53: =+B50 -> 14297088 | C53: =+C50 -> 57 | D53: =+D50 -> 19/24
A54: Capital | B54: 3096799 | C54: 92 | D54: 18/24
A57: Informe del Secretario de Hacienda de 1852
A58: Murilo Toro. Manuel, Escritos Económicos, págs. 72, 73 y 74
A63: ADUANAS
A64: RENTAS 1 DE SEPTIEMBRE DE 1850 A 31 DE AGOSTO DE 1851
A66: Producto de derechos de importanción reconocidos con arreglos a la tarifa de la Ley de 14 de junio de 1847 | B66: 6396828 | C66: 83
A67: Diez por ciento de recargo decretado por la Ley de 29 de mayo de 1849 | B67: 710758 | C67: 75
A68: Derecho de toneladas | B68: 34588 | C68: 45
A69: Producto delos ramos de depósito, nacionalización de buques, derechos de práctico y exportación | B69: 26360 | C69: 75
A70: Producto de efectos decomisados y de premios de demora en los pagos | B70: 44890 | C70: 38
A71: Total | B71: 7213427 | C71: 16
A72: Los saldos pendientes del años económico de 1849 a 1850 recaudados en el año último ascendian a | B72: 4800193 | C72: 2
A73: El total recaudado durante el mismo año alcanza a | B73: 7315163 | C73: 28
A74: Y los saldos pendientes en pagarés de plazo no cumplido, y que deben recaudarse en el presente a | B74: 4698483 | C74: 90
A76: Murilo Toro. Manuel, Escritos Económicos, págs. 86 y 87
A80: PRODUCTO BRUTO DE LOS VARIOS DERECHOS COBRADOS EN LAS ADUANAS
A82: AÑOS ECONÓMICOS | B82: DERECHOS DE IMPORTACIÓN | D82: ALCABALA | F82: DERECHOS SUPRIMIDOS | H82: DERECHOS VARIOS EXISTENTES HOY | J82: TOTAL
B83: Pesos | C83: Rs | D83: Pesos | E83: Rs | F83: Pesos | G83: Rs | H83: Pesos | I83: Rs | J83: Pesos | K83: Rs | N83: 1831 a 1832 | O83: 1832 a 1833 | P83: 1833 a 1834 | Q83: 1834 a 1835 | R83: 1835 a 1836 | S83: 1836 a 1837 | T83: 1837 a 1838 | U83: 1838 a 1839 | V83: 1839 a 1840 | W83: 1840 a 1841 | X83: 1841 a 1842 | Y83: 1842 a 1843 | Z83: 1843 a 1844 | AA83: 1844 a 1845 | AB83: 1845 a 1846 | AC83: 1846 a 1847 | AD83: 1847 a 1848 | AE83: 1848 a 1849 | AF83: 1849 a 1850 | AG83: 1850 a 1851
A84: 1831 a 1832 | B84: 497643 | D84: 107499 | F84: 161100 | H84: 4605 | J84: =+SUM(B84:I84) -> 770847 | M84: =F84+H84 -> 165705 | N84: 1831 a 1832
A85: 1832 a 1833 | B85: 651695 | F85: 16756 | H85: 8043 | J85: =+SUM(B85:I85) -> 676494 | M85: =F85+H85 -> 24799 | N85: 1832 a 1833
A86: 1833 a 1834 | B86: 417641 | F86: 3041 | H86: 9317 | J86: =+SUM(B86:I86) -> 429999 | M86: =F86+H86 -> 12358 | N86: 1833 a 1834
A87: 1834 a 1835 | B87: 560833 | D87: 45328 | F87: 6149 | H87: 12376 | J87: =+SUM(B87:I87) -> 624686 | M87: =F87+H87 -> 18525 | N87: 1834 a 1835
A88: 1835 a 1836 | B88: 660697 | D88: 232946 | F88: 3449 | H88: 10019 | J88: =+SUM(B88:I88) -> 907111 | M88: =F88+H88 -> 13468 | N88: 1835 a 1836
A89: 1836 a 1837 | B89: 512558 | D89: 147943 | F89: 1602 | H89: 11454 | J89: =+SUM(B89:I89) -> 673557 | M89: =F89+H89 -> 13056 | N89: 1836 a 1837
A90: 1837 a 1838 | B90: 356306 | D90: 143895 | F90: 1850 | H90: 17737 | J90: =+SUM(B90:I90) -> 519788 | M90: =F90+H90 -> 19587 | N90: 1837 a 1838
A91: 1838 a 1839 | B91: 357974 | D91: 144170 | F91: 1429 | H91: 18568 | J91: =+SUM(B91:I91) -> 522141 | M91: =F91+H91 -> 19997 | N91: 1838 a 1839
A92: 1839 a 1840 | B92: 258817 | D92: 108407 | F92: 1837 | H92: 13774 | J92: =+SUM(B92:I92) -> 382835 | M92: =F92+H92 -> 15611 | N92: 1839 a 1840
A93: 1840 a 1841 | B93: 27151 | D93: 12812 | F93: 40 | H93: 235 | J93: 40246 | L93: =+SUM(B93:I93) -> 40238 | M93: =F93+H93 -> 275 | N93: 1840 a 1841
A94: 1841 a 1842 | B94: 447882 | D94: 206324 | F94: 1522 | H94: 18364 | J94: =+SUM(B94:I94) -> 674092 | M94: =F94+H94 -> 19886 | N94: 1841 a 1842
A95: 1842 a 1843 | B95: 597938 | D95: 250901 | F95: 36522 | H95: 21731 | J95: =+SUM(B95:I95) -> 907092 | M95: =F95+H95 -> 58253 | N95: 1842 a 1843
A96: 1843 a 1844 | B96: 686729 | D96: 283774 | F96: 233597 | H96: 18110 | J96: =+SUM(B96:I96) -> 1222210 | M96: =F96+H96 -> 251707 | N96: 1843 a 1844
A97: 1844 a 1845 | B97: 823686 | F97: 7269 | H97: 21103 | J97: =+SUM(B97:I97) -> 852058 | M97: =F97+H97 -> 28372 | N97: 1844 a 1845
A98: 1845 a 1846 | B98: 954696 | F98: 23800 | J98: =+SUM(B98:I98) -> 978496 | M98: =F98+H98 -> 23800 | N98: 1845 a 1846
A99: 1846 a 1847 | B99: 839532 | F99: 2619 | H99: 17577 | J99: =+SUM(B99:I99) -> 859728 | M99: =F99+H99 -> 20196 | N99: 1846 a 1847
A100: 1847 a 1848 | B100: 691247 | F100: 11 | H100: 11850 | J100: =+SUM(B100:I100) -> 703108 | M100: =F100+H100 -> 11861 | N100: 1847 a 1848
A101: 1848 a 1849 | B101: 688148 | F101: 21 | H101: 6017 | J101: =+SUM(B101:I101) -> 694186 | M101: =F101+H101 -> 6038 | N101: 1848 a 1849
A102: 1849 a 1850 | B102: 814714 | F102: 1000 | H102: 6134 | J102: =+SUM(B102:I102) -> 821848 | M102: =F102+H102 -> 7134 | N102: 1849 a 1850
A103: 1850 a 1851 | B103: 888452 | F103: 325 | H103: 12792 | J103: =+SUM(B103:I103) -> 901569 | M103: =F103+H103 -> 13117 | N103: 1850 a 1851
A104: Totales | B104: 11734347 | D104: 1683999 | F104: =+SUM(F84:F103) -> 503939 | H104: =+SUM(H84:H103) -> 239806 | J104: =+SUM(J84:J103) -> 14162091
B105: =+SUM(B84:B103) -> 11734339
B106: =+B105-B104 -> -8
A108: Murilo Toro. Manuel, Escritos Económicos, págs. 90
A110: CORREOS
A112: AÑOS ECONÓMICOS | B112: PRODUCTO BRUTO | D112: AUMENTO SOBRE EL PRODUCTO DEL AÑO ANTERIOR | F112: DISMINUCION SOBRE EL PRODUCTO DEL AÑO ANTERIOR
A113: 1843 a 1844 | B113: 641699 | C113: 75
A114: 1844 a 1845 | B114: 611346 | C114: 75 | F114: 30353
A115: 1845 a 1846 | B115: 632367 | C115: 50 | D115: 21020
A116: 1846 a 1847 | B116: 596428 | C116: 46 | F116: 35939 | G116: 4
A117: 1847 a 1848 | B117: 433642 | C117: 36 | F117: 162786 | G117: 10
A118: 1848 a 1849 | B118: 643091 | C118: 4 | D118: 209448 | E118: 68
A119: 1849 a 1850 | B119: 976116 | C119: 88 | D119: 333025 | E119: 84
A120: 1850 A 1851 | B120: 881460 | C120: 93 | F120: 94655 | G120: 95
...

Sheet 1853 Hacienda
A1: CUADRO No. 1
A2: Comparativo de las rentas descentralizadas, con los gastos que son a cargo de las provincias a virtud de la lei de 20 de abril de 1850, o conforme a los respectivos Presupuestos de gastos, i a las distribuciones hechas por el Poder Ejecutivo.
A3: RENTAS DESCENTRALIZADAS
A4: Aguardientes (Presupuesto Nacional) | B4: 1464700
A5: Diezmos (Presupuesto Nacional) | B5: 2500000
A6: Exportacion de mineral concentrado (P. N.) | B6: 20000
A7: Hipotecas i Rejistros (P. N.) | B7: 170000
A8: Internacion de mercancias (P. N.) | B8: 37000
A9: Idem de sales (P. N.) | B9: 4600
A10: Quintos de oro (P. N.) | B10: 850000 | D10: 5046300
D11: =SUM(B4:B10) -> 5046300
A12: GASTOS NACIONALES A CARGO DE LAS PROVINCIAS.
A13: Gobernacion (Personal i Material) | B13: 931552 | C13: (a )
A14: Tribunales (P. i M.) | B14: 570835 | C14: (b )
A15: Ministerio público (Fiscales) | B15: 170432
A16: Culto (distribucion del Poder Ejecutivo) | B16: 692209 | C16: (c )
A17: Judicaturas de circuito (P. i M.) fijo de 26 provincias) | B17: 869131 | C17: (d )
A18: Idem de idem (aproximacion de 9 provincias | B18: 77400 | C18: (e ) | D18: 3311559
A19: Diferencia a favor de las rentas provinciales | D19: 1734559
D20: =SUM(B13:B18) -> 3311559
D21: =D11-D20 -> 1734741
A22: NOTAS. (a ) En esta suma se comprende la de 219,600 reales en que se calculan aproximativamente los gastos de Personal i Material de las Gobernaciones de las provoncias. últimamente creadas, tomando por base el gasto de una de las antiguas menores.
A23: (b ) Monto de los gastos fijos de 22 Tribunales extablecidos en la República, según las dotaciones que señala la lei i las alteraciones que han hecho en los sueldos i gastos de Material de cada uno, las Camaras de provincia en virtud de las facultades que les confiere la lei de 20 de abril de 1850.
A24: (c ) Solamente Arzobispo, Obispos y Catedrales, (Personal i Material), pues los Curas de almas aunque son pagados las rentas provinciales, no es gasto que hacen por consecuencia de las rentas cedidas.
A25: (d ) Gastos conocidos de las Judicaturas de 26 provincias de que hai datos.
A26: (e ) Gastos por aproximacion de la Judicaturas de nueve provincias de que no se han recibido datos.

Sheet 1858 Hacienda
A1: INFORME: ESPOSICION QUE EL SECRETARIO DE ESTADO DEL DESPACHO DE HACIENDA 1858
A3: CUADRO No. 1
A4: INGRESOS que ha habido en la República, correspondientes a los años económicos de 1851 a 1855, según aparece de la cuenta jeneral del presupuesto i del Tesoro, en dicha época.
A5: RENTAS | B5: 1851. | D5: 1852. | F5: 1853. | H5: 1854. | J5: 1855. | L5: Totales
A6: Aduanas $ | B6: 710056 | C6: 190 | D6: 714977 | E6: 437 | F6: 1064775 | G6: 400 | H6: 347673 | I6: 114 | J6: 753994 | K6: 975 | L6: 3591477 | M6: 116 | N6: =B6+D6+F6+H6+J6 -> 3591475 | O6: =C6+E6+G6+I6+K6 -> 2116
A7: Aguardientes | B7: 45422 | C7: 655 | L7: 45422 | M7: 655 | N7: =B7+D7+F7+H7+J7 -> 45422 | O7: =C7+E7+G7+I7+K7 -> 655
A8: Arriendo de minas | B8: 15949 | C8: 650 | D8: 14200 | F8: 14316 | G8: 825 | H8: 12366 | I8: 825 | J8: 12319 | K8: 525 | L8: 69152 | M8: 825 | N8: =B8+D8+F8+H8+J8 -> 69150 | O8: =C8+E8+G8+I8+K8 -> 2825
A9: Bienes nacionales | B9: 19232 | C9: 680 | D9: 24991 | E9: 948 | F9: 14839 | G9: 435 | H9: 56215 | I9: 375 | J9: 29046 | K9: 990 | L9: 144326 | M9: 828 | N9: =B9+D9+F9+H9+J9 -> 144323 | O9: =C9+E9+G9+I9+K9 -> 3428
A10: Caminos | B10: 15486 | C10: 542 | F10: 11388 | G10: 900 | H10: 1355 | I10: 425 | J10: 366 | K10: 850 | L10: 28597 | M10: 617 | N10: =B10+D10+F10+H10+J10 -> 28595 | O10: =C10+E10+G10+I10+K10 -> 2717
A11: Censos, alquileres i premios | B11: 9157 | C11: 494 | D11: 18709 | E11: 597 | F11: 14365 | G11: 771 | H11: 19314 | I11: 825 | J11: 10492 | K11: 30 | L11: 72039 | M11: 717 | N11: =B11+D11+F11+H11+J11 -> 72037 | O11: =C11+E11+G11+I11+K11 -> 2717
A12: Correos | B12: 127767 | C12: 302 | D12: 64937 | E12: 840 | F12: 62979 | G12: 100 | H12: 53582 | I12: 650 | J12: 49035 | K12: 995 | L12: 358302 | M12: 887 | N12: =B12+D12+F12+H12+J12 -> 358300 | O12: =C12+E12+G12+I12+K12 -> 2887
A13: Diezmos | B13: 88580 | C13: 801 | L13: 88580 | M13: 801 | N13: =B13+D13+F13+H13+J13 -> 88580 | O13: =C13+E13+G13+I13+K13 -> 801
A14: Hipotecas i rejistros | B14: 5577 | C14: 604 | L14: 5577 | M14: 604 | N14: =B14+D14+F14+H14+J14 -> 5577 | O14: =C14+E14+G14+I14+K14 -> 604
A15: Internacion de sales | B15: 1302 | C15: 800 | F15: 242 | H15: 123 | I15: 220 | L15: 1668 | M15: 20 | N15: =B15+D15+F15+H15+J15 -> 1667 | O15: =C15+E15+G15+I15+K15 -> 1020
A16: Impuestos varios | B16: 9253 | C16: 524 | D16: 20735 | E16: 39 | F16: 3214 | G16: 687 | H16: 9101 | I16: 925 | J16: 5237 | K16: 525 | L16: 47542 | M16: 700 | N16: =B16+D16+F16+H16+J16 -> 47540 | O16: =C16+E16+G16+I16+K16 -> 2700
A17: Monedas | B17: 26062 | C17: 813 | D17: 26734 | E17: 289 | F17: 18131 | G17: 504 | H17: 6484 | I17: 157 | J17: 14412 | K17: 52 | L17: 91824 | M17: 815 | N17: =B17+D17+F17+H17+J17 -> 91823 | O17: =C17+E17+G17+I17+K17 -> 1815
A18: Multas | B18: 489 | C18: 375 | D18: 281 | E18: 975 | F18: 308 | G18: 190 | H18: 55 | I18: 800 | J18: 23 | K18: 300 | L18: 1158 | M18: 640 | N18: =B18+D18+F18+H18+J18 -> 1156 | O18: =C18+E18+G18+I18+K18 -> 2640
A19: Papel sellado | B19: 67671 | C19: 143 | D19: 72381 | E19: 750 | F19: 78585 | G19: 303 | H19: 59107 | I19: 75 | J19: 62560 | K19: 155 | L19: 340305 | M19: 420 | N19: =B19+D19+F19+H19+J19 -> 340304 | O19: =C19+E19+G19+I19+K19 -> 1426
A20: Pensiones civiles | B20: 6292 | C20: 365 | D20: 4239 | E20: 172 | F20: 5882 | H20: 7 | I20: 45 | L20: 16420 | M20: 582 | N20: =B20+D20+F20+H20+J20 -> 16420 | O20: =C20+E20+G20+I20+K20 -> 582
A21: Producto de rentas sin determinar | B21: 7523 | C21: 854 | D21: 13562 | E21: 375 | F21: 193 | G21: 132 | J21: 131 | K21: 125 | L21: 21410 | M21: 486 | N21: =B21+D21+F21+H21+J21 -> 21409 | O21: =C21+E21+G21+I21+K21 -> 1486
A22: Quintos i fundicion | B22: 18498 | C22: 595 | L22: 18498 | M22: 595 | N22: =B22+D22+F22+H22+J22 -> 18498 | O22: =C22+E22+G22+I22+K22 -> 595
A23: Redencion de censos | B23: 37176 | C23: 250 | D23: 295720 | E23: 482 | F23: 235276 | G23: 150 | H23: 87763 | I23: 235 | J23: 108756 | K23: 260 | L23: 764692 | M23: 377 | N23: =B23+D23+F23+H23+J23 -> 764691 | O23: =C23+E23+G23+I23+K23 -> 1377
A24: Rentas de producto accidental | B24: 9410 | C24: 604 | D24: 1636 | E24: 713 | F24: 338 | G24: 335 | H24: 1419 | I24: 75 | J24: 1415 | K24: 90 | L24: 14219 | M24: 817 | N24: =B24+D24+F24+H24+J24 -> 14218 | O24: =C24+E24+G24+I24+K24 -> 1817
A25: Salinas | B25: 456590 | C25: 625 | D25: 400184 | E25: 200 | F25: 344611 | G25: 445 | H25: 425694 | I25: 260 | J25: 429445 | K25: 50 | L25: 2056525 | M25: 580 | N25: =B25+D25+F25+H25+J25 -> 2056524 | O25: =C25+E25+G25+I25+K25 -> 1580
A26: Sello i derecho de títulos | B26: 3655 | C26: 201 | D26: 2937 | E26: 133 | F26: 3447 | G26: 200 | H26: 2320 | I26: 490 | L26: 12660 | M26: 24 | N26: =B26+D26+F26+H26+J26 -> 12359 | O26: =C26+E26+G26+I26+K26 -> 1024
A27: Tabaco | B27: 68293 | C27: 357 | L27: 68293 | M27: 357 | N27: =B27+D27+F27+H27+J27 -> 68293 | O27: =C27+E27+G27+I27+K27 -> 357
A28: Venta de vales de Nueva deuda Flotante | D28: 25298 | F28: 168578 | G28: 560 | L28: 193876 | M28: 560 | N28: =B28+D28+F28+H28+J28 -> 193876 | O28: =C28+E28+G28+I28+K28 -> 560
A29: Deuda de Perú | H29: 204000 | J29: 84852 | K29: 250 | L29: 288852 | M29: 250 | N29: =B29+D29+F29+H29+J29 -> 288852 | O29: =C29+E29+G29+I29+K29 -> 250
A30: Suman las Rentas | L30: 8341427 | M30: 273 | N30: =+SUM(N6:N29) -> 8341089 | O30: =+SUM(O6:O29) -> 37979
B31: =+SUM(B6:B29) -> 1749440 | C31: =+SUM(C6:C29) -> 11424 | D31: =+SUM(D6:D29) -> 1701521 | E31: =+SUM(E6:E29) -> 6950 | F31: =+SUM(F6:F29) -> 2041467 | G31: =+SUM(G6:G29) -> 6937 | H31: =+SUM(H6:H29) -> 1286578 | I31: =+SUM(I6:I29) -> 6496 | ... K31: =+SUM(K6:K29) -> 6172 | L31: =SUM(L6:L29) -> 8341414 | M31: =SUM(M6:M29) -> 13273
A32: Emprésitos | L32: 1960985 | M32: 312
A33: Corresponsales de los Responsables del Erario | L33: 1966448 | M33: 258
A34: Total ingresos | L34: 12268860 | M34: 843
L35: =L31+L32+L33 -> 12268847 | M35: =M31+M32+M33 -> 13843 | N35: =N30+L32+L33 -> 12268522 | O35: =O30+M32+M33 -> 38549
A38: CUADRO No. 2
A39: GASTOS hechos en la República correspondiente a los años económicos de 1851 a 1855, según aparece de la cuenta jeneral de Presupuesto i del tesoro, en dicha época.
B40: 1851. | D40: 1852. | F40: 1853. | H40: 1854. | J40: 1855. | L40: Totales
A41: Departamento de la Deuda nacional | B41: 94588 | C41: 455 | D41: 90698 | E41: 635 | F41: 114948 | G41: 880 | H41: 170243 | I41: 540 | J41: 129865 | K41: 815 | L41: 600345 | M41: 325 | N41: =SUM(B41+D41+F41+H41+J41) -> 600342 | O41: =SUM(C41+E41+G41+I41+K41) -> 3325
A42: Departamento de Gobierno | B42: 145153 | C42: 808 | D42: 152906 | E42: 475 | F42: 153860 | G42: 755 | H42: 101977 | I42: 605 | J42: 202551 | K42: 965 | L42: 756450 | M42: 608 | N42: =SUM(B42+D42+F42+H42+J42) -> 756447 | O42: =SUM(C42+E42+G42+I42+K42) -> 3608
A43: Departamento de Relaciones Esteriores | B43: 44455 | D43: 83125 | E43: 785 | F43: 50811 | G43: 20 | H43: 22372 | I43: 20 | J43: 50156 | K43: 965 | L43: 250920 | M43: 790 | N43: =SUM(B43+D43+F43+H43+J43) -> 250919 | O43: =SUM(C43+E43+G43+I43+K43) -> 1790
A44: Departamento de del Interior | B44: 11527 | C44: 585 | L44: 11527 | M44: 585 | N44: =SUM(B44+D44+F44+H44+J44) -> 11527 | O44: =SUM(C44+E44+G44+I44+K44) -> 585
A45: Departamento de Justicia | B45: 33836 | C45: 965 | D45: 9826 | E45: 775 | F45: 9179 | G45: 950 | H45: 6434 | I45: 665 | J45: 7817 | K45: 96 | L45: 67095 | M45: 451 | N45: =SUM(B45+D45+F45+H45+J45) -> 67092 | O45: =SUM(C45+E45+G45+I45+K45) -> 3451
A46: Departamento de Guerra | B46: 440267 | C46: 806 | D46: 576421 | E46: 539 | F46: 403962 | G46: 884 | H46: 387293 | I46: 300 | J46: 497210 | K46: 821 | L46: 2307610 | M46: 489 | N46: =+B46+B47+D46+D47+F46+H46+J46 -> 2307606 | O46: =+C46+C47+E46+E47+G46+I46+K46 -> 4489
A47: Departamento de Marina | B47: 362 | C47: 600 | D47: 2091 | E47: 539
A48: Departamento de Obras Públicas | B48: 230257 | C48: 544 | D48: 157079 | E48: 625 | F48: 141152 | G48: 179 | H48: 48148 | I48: 445 | J48: 26111 | K48: 200 | L48: 602748 | M48: 993 | N48: =SUM(B48+D48+F48+H48+J48) -> 602747 | O48: =SUM(C48+E48+G48+I48+K48) -> 1993
A49: Departamento de Beneficiencia i Recompensas | B49: 142770 | C49: 500 | D49: 121729 | E49: 857 | F49: 128131 | G49: 898 | H49: 95970 | I49: 734 | J49: 91171 | K49: 235 | L49: 579774 | M49: 224 | N49: =SUM(B49+D49+F49+H49+J49) -> 579771 | O49: =SUM(C49+E49+G49+I49+K49) -> 3224
A50: Departamento de Agricultura, minas, manufacturas i comercio | B50: 46 | C50: 400 | L50: 46 | M50: 400 | N50: =SUM(B50+D50+F50+H50+J50) -> 46 | O50: =SUM(C50+E50+G50+I50+K50) -> 400
A51: Departamento de Instrucción pública | B51: 12251 | C51: 735 | L51: 12251 | M51: 735 | N51: =SUM(B51+D51+F51+H51+J51) -> 12251 | O51: =SUM(C51+E51+G51+I51+K51) -> 735
A52: Departamento del culto | B52: 69165 | C52: 647 | L52: 69165 | M52: 647 | N52: =SUM(B52+D52+F52+H52+J52) -> 69165 | O52: =SUM(C52+E52+G52+I52+K52) -> 647
A53: Departamento de Gastos de Hacienda i del Tesoro | B53: 447306 | C53: 783 | D53: 465397 | E53: 185 | F53: 397762 | G53: 184 | H53: 272817 | I53: 681 | J53: 301304 | K53: 384 | L53: 1884588 | M53: 217 | N53: =SUM(B53+D53+F53+H53+J53) -> 1884586 | O53: =SUM(C53+E53+G53+I53+K53) -> 2217
A54: Departamento de Gastos sin determinar | B54: 412 | C54: 515 | H54: 1224 | I54: 750 | L54: 1637 | M54: 325 | N54: =SUM(B54+D54+F54+H54+J54) -> 1636 | O54: =SUM(C54+E54+G54+I54+K54) -> 1265
A55: Suman los Departamentos | B55: 1672403 | C55: 403 | D55: 1659277 | E55: 415 | F55: 1399809 | G55: 750 | H55: 1106482 | I55: 740 | J55: 1306189 | K55: 481 | L55: 7144162 | M55: 789 | N55: =SUM(B55+D55+F55+H55+J55) -> 7144160 | O55: =SUM(C55+E55+G55+I55+K55) -> 2789
B56: =SUM(B41:B54) -> 1672395 | C56: =SUM(C41:C54) -> 8343 | D56: =SUM(D41:D54) -> 1659272 | E56: =SUM(E41:E54) -> 5415 | F56: =SUM(F41:F54) -> 1399805 | G56: =SUM(G41:G54) -> 4750 | H56: =SUM(H41:H54) -> 1106478 | I56: =SUM(I41:I54) -> 4740 | J56: =+SUM(J41:J54) -> 1306185 | K56: =+SUM(K41:K54) -> 4481 | L56: =SUM(L41:L54) -> 7144156 | M56: =SUM(M41:M54) -> 6789
A57: Total de los Departamentos | L57: 7144162 | M57: 789
A58: Gastos sin legalizar
A59: Conmocion interior (1851) | B59: 122878 | C59: 245
A60: Id. Id (1854) | B60: 441642 | C60: 730
A61: Anticipaciones | B61: 885141 | C61: 702
A62: Total de gastos sin legalizar | L62: 1449662 | M62: 677
A63: Emprésitos | L63: 1052668 | M63: 661
A64: Corresponsales de los Responsables de Erario | L64: 1811483 | M64: 874
A65: Fallas en las cajas de los Responsables del Erario | L65: 190752 | M65: 190
A66: Ajencia fiscal de Lóndres | L66: 68402 | M66: 290
A67: Documentos de Deuda flotante | L67: 471662 | M67: 224
A68: Id. de Deuda civil | L68: 32288 | M68: 767
A69: Id. de Deuda militar | L69: 36338 | M69: 461
A70: Total egresos | L70: 12257421 | M70: 933
L71: =+SUM(L62:L69)+L57 -> 12257417 | M71: =+SUM(M62:M69)+M57 -> 4933
A74: CUADRO No. 3
A75: Aduanas.
A76: Contribucion año económico de 1856 a 1857, comparado con el que tuvo en el de 1855 a 1856.
A77: RAMOS. | B77: 1856. | E77: 1857. | H77: AUMENTO. | K77: DISMINUCION.
A78: Derechos de importacion | B78: 1004903 | C78: 24 | E78: 969469 | F78: 33 | G78: 0.75 | K78: 35433 | L78: 90 | M78: 0.25
A79: Id. de esportacion | B79: 89716 | C79: 85 | D79: 0.25 | E79: 124947 | F79: 82 | G79: 0.5 | H79: 35230 | I79: 97 | J79: 0.25
A80: Id. de tonelada | B80: 4039 | C80: 71 | E80: 5225 | F80: 39 | H80: 1185 | I80: 68
A81: Id. de prático | B81: 1037 | E81: 6 | K81: 1031
A82: Id. de depósito | B82: 813 | C82: 83 | E82: 1677 | F82: 77 | G82: 0.5 | H82: 863 | I82: 94 | J82: 0.5
A83: Id. de nacionalizacion | B83: 2 | E83: 13 | H83: 11
A84: Prémios i aprovechamientos | B84: 2143 | C84: 73 | E84: 874 | F84: 69 | G84: 0.5 | K84: 1269 | L84: 3 | M84: 0.5
A85: Comisos | B85: 1665 | C85: 5 | D85: 0.75 | E85: 342 | F85: 78 | G85: 0.5 | K85: 1322 | L85: 27 | M85: 0.25
A86: Multas | E86: 360 | F86: 98 | H86: 360 | I86: 98
B87: 1104321 | C87: 42 | E87: 1102917 | F87: 78 | G87: 0.75 | H87: 37652 | I87: 57 | J87: 0.75 | K87: 39056 | L87: 21
B88: =+SUM(B78:B86) -> 1104318 | C88: =+SUM(C78:C86) -> 341 | D88: =+SUM(D78:D86) -> 1 | E88: =+SUM(E78:E86) -> 1102913 | F88: =+SUM(F78:F86) -> 476 | G88: =+SUM(G78:G86) -> 2.75 | H88: =+SUM(H78:H86) -> 37649 | I88: =+SUM(I78:I86) -> 357 | ... M88: =+SUM(M78:M86) -> 1
A89: Diminucion | E89: 1403 | F89: 63 | G89: 0.25 | H89: 1403 | I89: 63 | J89: 0.25
E90: 1104321 | F90: 42 | H90: 39056 | I90: 21 | J90: 0.75
A94: CUADRO No. 4
A95: Contribucion de Aduanas
A96: Derecho de: | B96: 1856. | E96: 1857. | H96: AUMENTO. | K96: DISMINUCION.
A97: IMPORTACION | B97: 1004903 | C97: 24 | E97: 969469 | F97: 33 | G97: 0.75 | H97: 31752 | I97: 17 | J97: 0.75 | K97: 67186 | L97: 8
A98: Diminucion | E98: 35433 | F98: 90 | G98: 0.25 | H98: 35433 | I98: 90 | J98: 0.25
E99: 1004903 | F99: 24 | H99: 67186 | I99: 8
A100: ESPORTACION | B100: 89716 | C100: 85 | D100: 0.25
A101: Aumento | B101: 35230 | C101: 97 | D101: 0.25
B102: 124947 | C102: 82 | D102: 0.5 | E102: 124947 | F102: 82 | G102: 0.5 | H102: 37783 | I102: 77 | J102: 0.25 | K102: 37783 | L102: 77 | M102: 0.25
A106: CUADRO No. 5
B107: Salinas.
B108: Adiministradas por cuenta de la República i dadas en arrendamiento, año económico de 1856 a 1857.
B109: COMPACTADA | D109: VIJUA | F109: CALDERO | H109: TOTALES
B110: Kilógs. | D110: Kilógs. | F110: Kilógs. | H110: Kilógs.
B111: 7776289 | C111: 0.25 | D111: 2583568 | E111: 0.75 | F111: 43000 | H111: 10402858
...

Sheet 1861 Hacienda
A1: MEMORIA DE HACIENDA DE 1861
A3: CUADRO No. 1
A4: Salinas
A5: Años económicos. | B5: Producto bruto. | D5: Gastos. | F5: Producto líquido.
B6: PESOS. | C6: Milésimos. | D6: PESOS. | E6: Milésimos. | F6: PESOS. | G6: Milésimos.
A7: 1856 a 1857 | B7: 550755 | C7: 231 | D7: 139676 | E7: 320 | F7: 411078 | G7: 911
A8: 1857 a 1858 | B8: 690046 | C8: 419 | D8: 152627 | E8: 160 | F8: 447419 | G8: 259
A9: 1858 a 1859 | B9: 610682 | C9: 630 | D9: 168601 | E9: 590 | F9: 442081 | G9: 40
A10: 1859 a 1860 | B10: 669136 | C10: 22 | D10: 166894 | E10: 820 | F10: 502241 | G10: 202
B11: 2430620 | C11: 302 | D11: 627799 | E11: 890 | F11: 1802820 | G11: 412
B12: =+SUM(B7:B10) -> 2520619 | C12: =+SUM(C7:C10) -> 1302 | D12: =+SUM(D7:D10) -> 627798 | E12: =+SUM(E7:E10) -> 1890 | F12: =+SUM(F7:F10) -> 1802819 | G12: =+SUM(G7:G10) -> 1412
A15: CUADRO No. 2
A16: Presupuesto de Rentas s/c de cómputos lejislativos (1858.)
A17: DENOMINACION DE LAS RENTAS. | B17: CÓMPUTOS LEJISLATIVOS. | D17: Reconocimientos efectuados sobre los cómputos lejislativos | J17: DIFERENCIAS.
D18: En el primer año de vijencia (1857 a 1858). | F18: En el segundo año de vijencia (1858 a 1859) | H18: TOTALES. | J18: EN MAS. | L18: EN MÉNOS.
A19: Aduanas | B19: 1536220 | D19: 854567 | E19: 905 | F19: 463 | G19: 625 | H19: 855031 | I19: 530 | L19: 681188 | M19: 470
A20: Amonedacion | B20: 24300 | D20: 30244 | E20: 400 | H20: 30244 | I20: 400 | J20: 5944 | K20: 400
A21: Papel sellado | B21: 100000 | D21: 21134 | E21: 25 | F21: 1885 | G21: 805 | H21: 23019 | I21: 830 | L21: 76980 | M21: 170
A22: Esportacion de quina i tabaco | B22: 80000 | D22: 79971 | E22: 215 | H22: 79971 | I22: 215 | L22: 28 | M22: 785
A23: Derecho de tránsito por el Itsmo | B23: 25000 | L23: 25000
A24: Bienes nacionales | B24: 40000 | D24: 25448 | E24: 240 | F24: 86 | G24: 900 | H24: 25535 | I24: 140 | L24: 14464 | M24: 860
A25: Correos | B25: 70000 | D25: 45463 | E25: 164 | F25: 4220 | G25: 705 | H25: 49683 | I25: 869 | L25: 20316 | M25: 131
A26: Empresa de Ferrocarril | B26: 40000 | D26: 22723 | E26: 260 | H26: 22723 | I26: 260 | L26: 17276 | M26: 740
A27: Salinas | B27: 550000 | D27: 596657 | E27: 539 | F27: 3388 | G27: 880 | H27: 600046 | I27: 419 | J27: 50046 | K27: 419
A28: Aprovechamientos | B28: 10000 | D28: 27761 | E28: 246 | F28: 5133 | G28: 640 | H28: 32894 | I28: 886 | J28: 22894 | K28: 886
A29: Totales $ | B29: 2475520 | D29: 1703970 | E29: 994 | F29: 15179 | G29: 555 | H29: 1719150 | I29: 549 | J29: 78885 | K29: 705 | L29: 835255 | M29: 156
B30: =+SUM(B19:B28) -> 2475520 | C30: =+SUM(C19:C28) -> 0 | D30: =+SUM(D19:D28) -> 1703968 | E30: =+SUM(E19:E28) -> 2994 | F30: =+SUM(F19:F28) -> 15175 | G30: =+SUM(G19:G28) -> 4555 | H30: =+SUM(H19:H28) -> 1719146 | I30: =+SUM(I19:I28) -> 4549 | ... M30: =+SUM(M19:M28) -> 3156
A31: Diferencia líquida en ménos que pasa al Débito de la Cuenta jeneral del Presupuesto (1858)
A35: CUADRO No. 3
A36: Presupuesto de Gastos s/c de cómputos lejislativos (1858.)
A37: DENOMINACION DE LOS GASTOS. | B37: CÓMPUTOS LEJISLATIVOS. | D37: Reconocimientos efectuados sobre los cómputos lejislativos | J37: DIFERENCIAS.
D38: En el primer año de vijencia (1857 a 1858). | F38: En el segundo año de vijencia (1858 a 1859) | H38: TOTALES. | J38: EN MAS. | L38: EN MÉNOS.
A39: Gastos de vijencias espiradas (Culto) | F39: 703 | G39: 430 | H39: 703 | I39: 430 | J39: 703 | K39: 430
A40: Deuda nacional | B40: 737091 | D40: 751600 | E40: 53 | F40: 61487 | G40: 660 | H40: 813087 | I40: 713 | J40: 75996 | K40: 713
A41: Gobierno | B41: 144947 | C41: 780 | D41: 112345 | E41: 805 | F41: 21318 | G41: 690 | H41: 133664 | I41: 495 | L41: 11283 | M41: 285
A42: Relaciones Esteriores | B42: 47307 | C42: 580 | D42: 1648 | E42: 720 | F42: 5333 | G42: 870 | H42: 6982 | I42: 590 | L42: 11981 | M42: 970
D43: 13609 | E43: 150 | F43: 14733 | G43: 870 | H43: 28343 | I43: 20
A44: Justicia | B44: 19209 | C44: 650 | D44: 10291 | E44: 170 | F44: 1635 | G44: 505 | H44: 11926 | I44: 675 | L44: 7282 | M44: 975
A45: Guerra i Marina | B45: 785056 | C45: 420 | D45: 181565 | E45: 515 | F45: 55083 | G45: 390 | H45: 236648 | I45: 905 | L45: 548407 | M45: 515
A46: Obras públicas | B46: 53142 | D46: 19741 | E46: 350 | F46: 788 | G46: 400 | H46: 20529 | I46: 750 | L46: 32612 | M46: 250
A47: Beneficiencia i Recompensas | B47: 194483 | C47: 110 | D47: 116938 | E47: 629 | F47: 46088 | G47: 375 | H47: 163027 | I47: 4 | L47: 31456 | M47: 106
A48: Gastos de Hacienda i del Tesoro | B48: 759373 | C48: 95 | D48: 464592 | E48: 791 | F48: 98257 | G48: 807 | H48: 562850 | I48: 598 | L48: 196522 | M48: 497
A49: Totales $ | B49: 2740610 | C49: 635 | D49: 1672333 | E49: 183 | F49: 305430 | G49: 997 | H49: 1977764 | I49: 180 | J49: 76700 | K49: 143 | L49: 839546 | M49: 598
B50: =+SUM(B39:B48) -> 2740608 | C50: =+SUM(C39:C48) -> 2635 | D50: =+SUM(D39:D48) -> 1672329 | E50: =+SUM(E39:E48) -> 4183 | F50: =+SUM(F39:F48) -> 305425 | G50: =+SUM(G39:G48) -> 5997 | H50: =+SUM(H39:H48) -> 1977759 | I50: =+SUM(I39:I48) -> 5180 | ... M50: =+SUM(M39:M48) -> 3598
A51: Diferencia líquida en ménos que pasa al Crédito de la Cuenta jeneral del Presupuesto (1858)
A55: CUADRO No. 4
A56: Cuenta definitiva de las rentas i contribuciones nacionales causadas durante el año ecónomico transcurrido desde 1º de setiembre de 1857 hasta 31 de agosto de 1858, liquidadas durante él i en el año de 1858 a 1859.
A57: RENTAS I CONTRIBUCIONES NACIONALES. | B57: Cómputos lejislativos del Presupuesto de Rentas (1857 a 1858). | D57: Derechos reconocidos sobre las rentas i contribuciones nacionales durante los dos años de la vijencia del Presupuesto de 1857 a 1858. | F57: Recaudos efectuados durante los dos años de la vijencia del Presupuesto de rentas para el servicio de 1857 a 1858. | H57: DIFERENCIAS.
H58: Entre los cómputos lejislativos i los derechos reconocidos. | J58: Entre los derechos reconocidos i los reconocidos efectuados.
A59: Aduanas | B59: 1536220 | D59: 855031 | E59: 530 | F59: 815327 | G59: 647 | H59: 681188 | I59: 470 | J59: 39703 | K59: 883
A60: Amonedacion | B60: 24300 | D60: 30244 | E60: 400 | F60: 30244 | G60: 400 | H60: 5944 | I60: 400
A61: Papel sellado | B61: 100000 | D61: 23019 | E61: 830 | F61: 22953 | G61: 645 | H61: 76980 | I61: 170 | J61: 66 | K61: 185
A62: Esportacion de quina i tabaco | B62: 80000 | D62: 79971 | E62: 215 | F62: 79971 | G62: 215 | H62: 28 | I62: 785
A63: Derecho de tránsito por el Itsmo | B63: 25000 | H63: 25000
A64: Bienes nacionales | B64: 40000 | D64: 25535 | E64: 140 | F64: 25269 | G64: 500 | H64: 14464 | I64: 860 | J64: 265 | K64: 640
A65: Correos | B65: 70000 | D65: 49683 | E65: 869 | F65: 49396 | G65: 364 | H65: 20316 | I65: 131 | J65: 287 | K65: 505
A66: Empresa de Ferrocarril | B66: 40000 | D66: 22723 | E66: 260 | F66: 22723 | G66: 260 | H66: 17276 | I66: 740
A67: Salinas | B67: 550000 | D67: 600046 | E67: 419 | F67: 600046 | G67: 419 | H67: 50046 | I67: 419
A68: Aprovechamientos | B68: 10000 | D68: 32894 | E68: 886 | F68: 32894 | G68: 886 | H68: 22894 | I68: 886
A69: Totales $ | B69: 2475520 | D69: 1719150 | E69: 549 | F69: 1678827 | G69: 336 | H69: 914140 | I69: 861 | J69: 40323 | K69: 213
B70: =+SUM(B59:B68) -> 2475520 | C70: =+SUM(C59:C68) -> 0 | D70: =+SUM(D59:D68) -> 1719146 | E70: =+SUM(E59:E68) -> 4549 | F70: =+SUM(F59:F68) -> 1678823 | G70: =+SUM(G59:G68) -> 4336 | H70: =+SUM(H59:H68) -> 914136 | I70: =+SUM(I59:I68) -> 4861 | ... K70: =+SUM(K59:K68) -> 2213
A71: Si a los | J71: 40323 | K71: 213
A72: Se añade lo quedó por recaudar en 31 de agosto de 1859, correspondiente a servicios anteriores al de 1857 a 1858, cuyo pormenor en el sigueinte:
B73: Por Aduanas (1832 a 1857) | H73: 6639 | I73: 94
B74: Por pPapel sellado (1832 a 1857) | H74: 1056 | I74: 130
B75: Por bienes nacionales (1832 a 1857) | H75: 32765 | I75: 30
B76: Por correos (1832 a 1857) | H76: 251 | I76: 180
B77: Por aprovechamientos (1832 a 1857) | H77: 29414 | I77: 870
B78: Por renta de producto accidental (1832 a 1857) | H78: 486175 | I78: 646 | J78: 556301 | K78: 950
H79: =+SUM(H73:H78) -> 556300 | I79: =+SUM(I73:I78) -> 1950
A80: Se obtentrá el mismo saldo que consta en el pliego de Balances por los servicios de 1832 a 1858, que es de | J80: 596625 | K80: 163
J81: =J71+J78 -> 596624 | K81: =K71+K78 -> 1163
A84: CUADRO No. 5
A85: Cuenta definitiva de los gastos nacionales causados durante el año ecónomico transcurrido desde 1º de setiembre de 1857 hasta 31 de agosto de 1858, liquidados durante él i en el año de 1858 a 1859.
A86: DEPARTAMENTOS DE GASTOS. | B86: Créditos lejislativos del Presupuesto de Gastos de 1857 a 1858. | D86: Derechos reconocidos sobre los gastos nacionales durante los dos años de la vijencia del Presupuesto de 1857 a 1858. | F86: Pagos efectuados durante la vijencia del Presupuesto de gastos para el servicio de 1857 a 1858. | H86: DIFERENCIAS ENTRE LOS CREDITOS LEJISLATIVOS I DERECHOS RECONOCIDOS. | L86: DIFERENCIAS.
H87: En mas. | J87: En ménos. | L87: Entre los derechos reconocidos i los pagos efectuados.
A88: Deuda nacional | B88: 737091 | D88: 813087 | E88: 713 | F88: 258711 | G88: 78 | H88: 75996 | I88: 713 | L88: 554376 | M88: 635
A89: Gobierno | B89: 144947 | C89: 780 | D89: 133664 | E89: 495 | F89: 133638 | G89: 495 | J89: 11283 | K89: 285 | L89: 26
A90: Relaciones Esteriores | B90: 47307 | C90: 580 | D90: 35325 | E90: 610 | F90: 35229 | G90: 970 | J90: 11981 | K90: 970 | L90: 95 | M90: 640
A91: Justicia | B91: 19209 | C91: 650 | D91: 11926 | E91: 675 | F91: 11908 | G91: 15 | J91: 7282 | K91: 975 | L91: 18 | M91: 660
A92: Guerra i Marina | B92: 785056 | C92: 420 | D92: 236648 | E92: 905 | F92: 231119 | G92: 710 | J92: 548407 | K92: 515 | L92: 5529 | M92: 195
A93: Obras públicas | B93: 53142 | D93: 20529 | E93: 750 | F93: 20029 | G93: 750 | J93: 32612 | K93: 250 | L93: 500
A94: Beneficiencia i Recompensas | B94: 194483 | C94: 110 | D94: 163027 | E94: 4 | F94: 153621 | G94: 144 | J94: 31456 | K94: 106 | L94: 9405 | M94: 860
A95: Gastos de Hacienda i del Tesoro | B95: 759373 | C95: 95 | D95: 562850 | E95: 598 | F95: 552556 | G95: 208 | J95: 196522 | K95: 497 | L95: 10294 | M95: 390
A96: Culto | D96: 703 | E96: 430 | H96: 703 | I96: 430 | L96: 703 | M96: 430
A97: Totales $ | B97: 2740610 | C97: 635 | D97: 1977764 | E97: 180 | F97: 1396814 | G97: 370 | H97: 76700 | I97: 143 | J97: 839546 | K97: 598 | L97: 580949 | M97: 810
B98: =+SUM(B88:B96) -> 2740608 | C98: =+SUM(C88:C96) -> 2635 | D98: =+SUM(D88:D96) -> 1977759 | E98: =+SUM(E88:E96) -> 5180 | F98: =+SUM(F88:F96) -> 1396811 | G98: =+SUM(G88:G96) -> 3370 | H98: =+SUM(H88:H96) -> 76699 | I98: =+SUM(I88:I96) -> 1143 | ... M98: =+SUM(M88:M96) -> 3810
H99: 762846 | J99: 455
A100: Si a los | L100: 580949 | M100: 810
A101: Se añade lo que quedo por pagarse en 31 de agosto de 1859 correspondiente a servicios anteriores al de 1857 a 1858, i cuyo pormenor en el siguiente:
B102: (32 a 57) Deuda nacional | J102: 1924754 | K102: 622
B103: " Gobierno | J103: 1712 | K103: 280
B104: " Relaciones Esteriores | J104: 6635 | K104: 90
B105: " Justicia
B106: " Guerra i Marina | J106: 47285 | K106: 890
B107: " Obras Públicas | J107: 1197 | K107: 170
B108: " Culto | J108: 5 | K108: 100
B109: " Beneficiencia i recompensas | J109: 10706 | K109: 10
B110: " Gastos de Hacienda i del Tesoro | J110: 5162 | K110: 120 | L110: 1997458 | M110: 282
J111: =+SUM(J102:J110) -> 1997456 | K111: =+SUM(K102:K110) -> 2282
...

Sheet 1869 Hacienda
A1: MEMORIA DE HACIENDA AÑO ECONOMICO 1869-1870
A3: CUADRO No. 1
A4: Producto de las rentas i contribuciones
A5: Aduanas | B5: 1575904
A6: Salinas | B6: 758329
A7: Amonedacion | B7: 29213
A8: Ferrocarril de Panamá | B8: 250000
A9: Correos | B9: 51282
A10: Bienes nacionales | B10: 26600
A11: Tierras baldías (bosques nacionales) | B11: 6817
A12: Aprovechamientos | B12: 185613
A13: Totales $ | B13: 2883758
B14: =+SUM(B5:B12) -> 2883758
A15: Division proporcional de estas contribuciones
A16: Las aduanas producen el | B16: 54 por 100
A17: Las salinas, el | B17: 27 por 100
A18: El ferrocarril, el | B18: 9 por 100
A19: Los correos, el | B19: 2 por 100
A20: La amonedacion, el | B20: 1 por 100
A21: Los bienes nacionales, el | B21: 1 por 100
A22: Los aprovechamientos i tierra baldías, el | B22: 6 por 100
A23: Total $ | B23: 100
A27: CUADRO No. 2
A28: HACIENDA Y FOMENTO
A29: RENTAS | B29: 1851 a 1852. | C29: 1869 a 1870. | D29: Aumento. | E29: Disminucion.
A30: Aduanas | B30: 714978 | C30: 1575904 | D30: 860926
A31: Salinas | B31: 400457 | C31: 758329 | D31: 357872
A32: Correos | B32: 66126 | C32: 51282 | E32: 14844
A33: Bienes nacionales | B33: 59130 | C33: 26600 | E33: 32530
A34: Tierras baldías | C34: 6817
A35: Amonedacion | B35: 26734 | C35: 29213 | D35: 2479
A36: Ferrocarril | C36: 250000 | D36: 250000
A37: Aprovechamientos | B37: 93211 | C37: 185613 | D37: 92402
A38: Totales | B38: 1360639 | C38: 2883758
B39: =+SUM(B30:B37) -> 1360636 | C39: =+SUM(C30:C37) -> 2883758
A42: CUADRO No. 3
A43: RENTAS | B43: 1864 a 1865 | C43: 1865 a 1866 | D43: 1866 a 1867 | E43: 1867 a 1868 | F43: 1868 a 1869
A44: Aduanas | B44: 1337946 | C44: 1372331 | D44: 1148668 | E44: 1544587 | F44: 2089065
A45: Salinas | B45: 621007 | C45: 657391 | D45: 1066615 | E45: 728183 | F45: 686935
A46: Ferrocarril | B46: 34000 | C46: 34000 | D46: 1000000 | E46: 497904 | F46: 250000
A47: Amonedacion | B47: 13300 | C47: 13033 | D47: 17705 | E47: 21867 | F47: 20512
A48: Correos | C48: 49632 | D48: 39510 | E48: 45819 | F48: 48995
A49: Bienes nacionales | B49: 76789 | D49: 90927 | E49: 102200 | F49: 14700
A50: Tierras baldías | B50: 23849 | C50: 12264 | D50: 17996 | E50: 15551 | F50: 10811
A51: Aprovechamientos | E51: 9499 | F51: 167361
A52: Totales | B52: 2106891 | C52: 2139651 | D52: 3381621 | E52: 3065720 | F52: 3297579
B53: =+SUM(B44:B51) -> 2106891 | C53: =+SUM(C44:C51) -> 2138651 | D53: =+SUM(D44:D51) -> 3381421 | E53: =+SUM(E44:E51) -> 2965610 | F53: =+SUM(F44:F51) -> 3288379
A56: CUADRO No. 4
A57: Gasto en educación
A58: En Cundinamarca | B58: 16000
A59: En Antioquia | B59: 14000
A60: En el Cauca | B60: 11000
A61: En Santander | B61: 8000
A62: En Boyacá | B62: 6000
A63: En Bolivar | B63: 5000
A64: En el Tolima, Panamá i Magdalena | B64: 8000
A65: TOTAL | B65: 68000
B66: =+SUM(B58:B64) -> 68000
A69: CUADRO No. 5
A70: El consumo de licores espirituosos está gravado en el pais con impuestos que producen
A71: A la Nacion | B71: 100000
A72: Al Estado de Antioquia | B72: 150000
A73: Al de Santander | B73: 115000
A74: Al de Bolívar | B74: 45000
A75: Al del Magdalena | B75: 25000
A76: Al del Tolima | B76: 25000
A77: Total $ | B77: 480000
B78: =+SUM(B71:B76) -> 460000
A81: CUADRO No. 6
A82: Presupuestos de rentas i gastos de los Estados en el año de 1869 a 1870, o en el de 1870 puramente respecto de algunos.
A83: ESTADOS | B83: Presupuesto de rentas | C83: Presupuesto de gastos | D83: Deuda.
A84: 1. Antioquia | B84: 343546 | C84: 342546 | D84: 579966
A85: 2. Bolívar | B85: 233250 | C85: 235046 | D85: 379487
A86: 3. Boyacá | B86: 104232 | C86: 105376
A87: 4. Cauca | B87: 212847 | C87: 251173 | D87: 45005
A88: 5. Cundinamarca | B88: 341220 | C88: 296168
A89: 6. Magdalena | B89: 70939 | C89: 68142 | D89: 74961
A90: 7. Panamá | B90: 296349 | C90: 343955 | D90: 84602
A91: 8. Santander | B91: 190550 | C91: 220041 | D91: 188573
A92: 9. Tolima | B92: 109200 | C92: 117995 | D92: 38866
A93: Totales $ | B93: 1902133 | C93: 2029704 | D93: 1391460
B94: =+SUM(B84:B92) -> 1902133 | C94: =+SUM(C84:C92) -> 1980442 | D94: =+SUM(D84:D92) -> 1391460
A95: 1. Producto efectivo de la mitad de las rentas en el bienio de 1868 a 69 i presupuesto de la mitad de los gastos de 1868 a 1869.
A96: 2. Presupuesto de 1870
A97: 3. Presupuesto de 1871.
A98: 4. Presupuesto para la mitad del bienio de 1870 i 1871.
A99: 5. Presupuesto para 1871, con contribuciones nuevas o antiguas recargadas, cuyo producto no está demostrado aún por los hechos. Se ha computado ademas el producto de los peajes jenerales sobre efectos del pais i el que guarda los efectos estranjeros, cuyas partidas no figuran en el presupuesto de rentas, ni su inversion en el de gastos. Tambien se ha aumentado el subsidio de la renta de salinas para los caminos.
A100: 6. Recaudos i gastos efectivos en 1869.
A101: 7. Presupuesto para 1869, ya verificado en la práctica.
A102: 8. Presupuesto para 1871, perfectamente apoyado en la práctica.
A103: 9. Presupuesto para 1871, aún no bien ensayado.
A107: CUADRO No. 7
A108: Gravámen especial por cabeza.
A109: ESTADOS. | B109: Poblacion. | C109: Contribucion. | D109: Rata por cabeza de poblacion. $
A110: Antioquia (censo de 1870) | B110: 365200 | C110: 343100 | D110: 0.94 | E110: =+C110/B110 -> 0.93948521
A111: Bolívar (1864) | B111: 225337 | C111: 233250 | D111: 1.03 | E111: =+C111/B111 -> 1.0351163
A112: Boyacá (1864) | B112: 482800 | C112: 104232 | D112: 0.22 | E112: =+C112/B112 -> 0.21589064
A113: Cauca (1864) | B113: 386208 | C113: 212847 | D113: 0.59 | E113: =+C113/B113 -> 0.55112012
A114: Cundinamarca (1870) | B114: 409602 | C114: 341220 | D114: 0.81 | E114: =+C114/B114 -> 0.83305257
A115: Magdalena (1870) | B115: 85255 | C115: 70939 | D115: 0.81 | E115: =+C115/B115 -> 0.83208023
...

Sheet 1870 Tesoro
A1: MEMORIA DEL SECRETARIO DEL TESORO Y CREDITO 1870
A3: CUADRO No. 1
A4: Ingreso aproximado de caudales, por cada uno de los ramos, en el año 1868 a 1869
A5: Derechos de importacion | B5: 1496750
A6: Derechos de toneladas | B6: 7479
A7: Salinas | B7: 699616
A8: Correos | B8: 48995
A9: Amonedacion | B9: 13559
A10: Internacion de sales | B10: 3779
A11: Bienes nacionales | B11: 33000
A12: Bienes desamortizados | B12: 1258503
A13: Forrocarril de Panamá | B13: 193549
A14: Ingresos varios | B14: 3290
A15: Aprovechamientos | B15: 178980
A16: $ | B16: 3937500
B17: =+SUM(B5:B15) -> 3937500
A18: Derechos de Aduana (1868 a 1869) | B18: 2067485
A19: Derechos liquidados en (1867 a 1868) | B19: 31389
A20: Total recaudos (1868 a 1869) | B20: 2098874
A21: Pagares cuatro últimos meses | B21: 602124
A22: Renta disponible Aduanas | B22: 1496750
B23: =+B18+B19-B21 -> 1496750
A26: CUADRO No. 2
A27: Distribución de la recaudacion efectiva de caudales
A28: en el año 1868 a 1869
A29: Deuda esterior antigua | B29: 561281
A30: Robinson i Fleming y Barnett e hijos | B30: 101984
A31: Vales 5ª clase tambein llamados vales Mackintosh | B31: 83520
A32: Billetes de Panamá | B32: 11483
A33: Deuda interior consolidada | B33: 182754
A34: Renta de aprovechamientos recaudada en dinero | B34: 169380
A35: Bonos sin interes por intereses | B35: 66960
A36: Libranzas por créditos extranjeros | B36: 138553
A37: Arrendamiento minas de Muzo | B37: 14700
A38: Emprésito de 1863 | B38: 65603
A39: Camino de Buenaventura | B39: 51140
A40: Bonos flotantes del 3 por 100 | B40: 1092675
... A43: Total de las rentas especialmente gravadas a favor de la deuda nacional i otros servicios | B43: 2674439
B44: =+SUM(B29:B42) -> 2674439
A47: CUADRO No. 3
A48: Relacion de Gastos 1868 a 1869
A49: DEPARTAMENTO DE LA DEUDA NACIONAL.
A50: Pensiones pagaderas en dinero | E50: 236729 | F50: 25
A51: DEPARTAMENTO DEL TESORO.
A52: Secretaría del Tesoro, personal i material | B52: 21862 | C52: 5
A53: Oficina jeneral de cuentas, id. Id | B53: 9079 | C53: 60
A54: Tesorería jeneral, id. Id | B54: 9012 | E54: 39953 | F54: 65
E55: =+SUM(B52:B54) -> 39953 | F55: =+SUM(C52:C54) -> 65
A56: DEPARTAMENTO DE BIENES DESAMORTIZADOS.
A57: Personal i material del servicio i gastos varios | E57: 17600
A58: DEPARTAMENTO DE OBRAS PÚBLICAS.
A59: Construccion i reparacion de edificios | E59: 35896 | F59: 40
A60: DEPARTAMENTO DE LO INTERIOR.
A61: Congreso, personal, material i viáticos | B61: 110384 | C61: 80
A62: Poder Ejecutivo | B62: 10312 | C62: 80
A63: Secretaría del ramo, personal i material | B63: 14384 | C63: 35
A64: Gastos de imprenta | B64: 13990 | C64: 40
A65: Territorios, personal, material e imprevistos | B65: 14889 | C65: 35
A66: Gastos imprevistos | B66: 1806 | C66: 70 | E66: 165768 | F66: 40
E67: =+SUM(B61:B66) -> 165765 | F67: =+SUM(C61:C66) -> 340 | G67: =+SUM(D61:D66) -> 0
A68: DEPARTAMENTO DE RELACIONES ESTERIORES.
A69: Gastos diplomáticos | B69: 30857 | C69: 57
A70: Gastos consulares | B70: 6902 | C70: 10 | E70: 37759 | F70: 67
E71: =+SUM(B69:B70) -> 37759 | F71: =+SUM(C69:C70) -> 67 | G71: =+SUM(D69:D70) -> 0
A72: DEPARTAMENTO DE JUSTICIA.
A73: Corte Suprema, personal i material | B73: 16063 | C73: 50
A74: Ministerio público, id. Id | B74: 5859 | C74: 60 | E74: 21923 | F74: 10
E75: =+SUM(B73:B74) -> 21922 | F75: =+SUM(C73:C74) -> 110 | G75: =+SUM(D73:D74) -> 0
A76: DEPARTAMENTO DE INSTRUCCIÓN PÚBLICA.
A77: Universidad nacional, personal i gastos varios | E77: 28773 | F77: 95
A78: DEPARTAMENTO DE BENEFICIENCIA I RECOMPENSAS.
A79: Subvencion Panamá i Magdalena, i otros gastos | E79: 53999 | F79: 60
A80: DEPARTAMENTO DE GASTOS DE HACIENDA.
A81: Secretaría de ramo, personal i material | B81: 23190 | C81: 35
A82: Aduanas, personal, material i gastos varios | B82: 81122 | C82: 83
A83: Aduanas intérpretes, vijías i prácticos | B83: 2755 | C83: 50
A84: Administracion e inspeccion de salinas | B84: 27879 | C84: 10
A85: Wlaboracion i aprehension de sales | B85: 124629 | C85: 30
A86: Amonedacion, personal i material | B86: 29736 | C86: 39
A87: Resguardo de rentas | B87: 88038 | C87: 62 | D87: 0.5
A88: Gastos imprevistos | B88: 21823 | C88: 39
A89: Id. en los vapores Colombia i Bolívar | B89: 2601 | C89: 64 | E89: 401777 | F89: 12 | G89: 0.5
E90: =+SUM(B81:B89) -> 401773 | F90: =+SUM(C81:C89) -> 412 | G90: =+SUM(D81:D89) -> 0.5
A91: DEPARTAMENTO DE FOMENTO.
A92: Gastos varios, por telégrafo, publicacion de la Flora colombiana, subvencion a Boyacá sobre el producto de las salinas ubicadas en el mismo Estado, i otros menores | E92: 8184 | F92: 55
A93: DEPARTAMENTO DE CORREOS.
A94: Personal i material de oficinas | B94: 42071 | C94: 5
A95: Transporte de correspondencia i encomiendas | B95: 65628 | C95: 75 | E95: 107699 | F95: 80
E96: =+SUM(B94:B95) -> 107699 | F96: =+SUM(C94:C95) -> 80 | G96: =+SUM(D94:D95) -> 0
A97: DEPARTAMENTO DE GUERRA I MARINA.
A98: Secretaría, personal i material | B98: 14999 | C98: 25
A99: Sueldos de la Guardia colombiana | B99: 310000
A100: Material de la misma i hospitales | B100: 91391
A101: Escuela náutica | B101: 440 | E101: 416830 | F101: 25
E102: =+SUM(B98:B101) -> 416830 | F102: =+SUM(C98:C101) -> 25 | G102: =+SUM(D98:D101) -> 0
A103: Total de lo causado a deber por pensiones i servicios prestados durante el año económico de 1868 a 1869 | E103: 1572895 | F103: 74 | G103: 0.5
E104: =+SUM(E101+E95+E89+E92+E79+E77+E74+E70+E66+E59+E57+E54+E50) -> 1572890 | F104: =+SUM(F101+F95+F89+F92+F79+F77+F74+F70+F66+F59+F57+F54+F50) -> 574 | G104: =+SUM(G101+G95+G89+G92+G79+G77+G74+G70+G66+G59+G57+G54+G50) -> 0.5
A106: Liquidado a favor de la deuda nacional i otro compromisos | E106: 2674439
A107: Reconocimientos por gastos del personal i material del respectivo servicio | E107: 1572895 | F107: 74 | G107: 0.5
A108: Total de los gastos correspondientes al año económico de 1868 a 1869 | E108: 4247334 | F108: 74 | G108: 0.5
...

Sheet 1870 Hacienda
A1: MEMORIA DE HACIENDA DE 1870
A3: CUADRO No. 1
A4: Liquidacion del presupuesto de rentas.
A5: Aduanas -- Producto presupuesto
A6: Tiene esta renta los siguientes gravámenes fijos, establecidos por disposiciones lejislativas, cuyo total debe descontarse del producto presupuesto. | D6: 2080000
A7: 37 1/2 por 100, para el pago de la antigua deuda interior, según el convenio de 25 de marzo de 1861 | B7: 780000
A8: 7 1/2 po 10, para el pago de la deuda reconocida a favor de Robinson i Fleming i Barnet e hijo según convenio de 1868 | B8: 156000
A9: 5 por 100, para el pago de los créditos reconocidos a favor de estranjeros por sentencias de la Corte Suprema federal, según el decreto lejislativo de 18 de mayo de 1869 | B9: 104000
A10: 5 por 100, para el pago de las espropiaciones hechas a los estanjeros, de acuerdo con la resolucion ejecutiva de 16 de diciembre de 1867 | B10: 104000
A11: 25 por 100, para el pago de los intereses dela deuda interior consolidada, según lo dispuesto en el artículo 8º de la lei de 3 de junio de 1868, orgánica del Crédito nacional | B11: 520000
A12: 5 por 100, para la amortizacion de los vales sin interes mandados emitir en pago de intereses por el artículo 12 de la lei arriba citada | B12: 104000
A13: 10 por 100, por aproximacion se calculan para gasto de administracion | B13: 208000
A14: El producto líquido de las Aduanas de Buenaventura, Tumaco i Turbo, deducido el 37 1/2 por 100 para la deuda interior i 10 por 100 para gastos de administracion, está destinado al pago del emprésito de 1.000,000 para el camino de Buenaventura | B14: 90142 | C14: 50 | D14: 2066142 | E14: 50
D15: =+SUM(B7:B14) -> 2066142 | E15: =+SUM(C7:C14) -> 50
A16: PARTE LIBRE | D16: 13857 | E16: 50
D17: =+D6-D14 -> 13858 | E17: =+E6-E14 -> -50
A18: Producto presupuesto de la Aduana de Cúcuta | B18: 63200
A19: 95 por 100 de gravámen | B19: 61040
A20: PARTE LIBRE | B20: 3160
B21: =+B18-B19 -> 2160
A22: Mitad, o sea 2 1/2 por 100 del producto bruto, para el camino de Cúcuta al Magdalena | B22: 1580
A23: Salinas---Producto presupuesto | D23: 900000
A24: Esta renta está gravada con lo siguiente:
A25: 15 por 100, para el pago del emprésito de 1.000,000 para el camino de ruedas de Buenaventura Cali | B25: 135000
A26: 10 por 100, para distribuir entre los Estados que tengan derecho a la parte que les corresponda sobre la renta de sales, según la disposicion del artículo 2º de la lei de 24 de mayo de 1869 "sobre salinas" | B26: 94500
A27: 25 por 100, en que se computan aproximadamente los gastos de elaboracion i administracion de esta renta | B27: 225000 | D27: 454500
D28: =+B25+B26+B27 -> 454500
A29: PARTE LIBRE | D29: 445500
D30: =+D23-D27 -> 445500
A31: Internacion de sales---Producto presupuesto | D31: 10000
A32: Tiene esta renta el 50 por 100 de gravámen, según las dispocisiones de la lei de 24 de mayo de 1869, "sobre salinas" | D32: 5000
A33: PARTE LIBRE | D33: 5000
A34: Ferrocarril de Panamá---Producto presupuesto | D34: 250000
A35: Subvencio al Estado de Panamá (contrato de venta de reservas) | D35: 25000
A36: PARTE LIBRE | D36: 225000
A37: Correos---Producto presupuesto | D37: 60000
A38: Producto | B38: 48995
A39: Gastos | B39: 82558
A40: Déficit | B40: 33563
A41: Amonedacion---Producto presupuesto | D41: 20000
A42: Bienes nacionales---Producto presupuesto | D42: 30000
A46: CUADRO No. 2
A47: Presupuesto de gastos
A48: Aduanas | D48: 13857 | E48: 50
A49: Salinas | D49: 445500
A50: Internacion de sales | D50: 5000
A51: Ferrocarril de Panamá | D51: 225000
A52: Bienes nacionales | D52: 30000
A53: Ingresos varios i aprovechamientos | D53: 25000
A54: Se deduce el déficit en las rentas de:
A55: Correos | B55: 33563
A56: Amonedacion | B56: 12000 | D56: 45563
A57: $ | D57: 698794 | E57: 50
D58: =+D48+D49+D50+D51+D52+D53-B55-B56 -> 698794 | E58: =+E48+E49+E50+E51+E52+E53-C55-C56 -> 50
A59: Renta efectiva $ | D59: 3555000
A60: Renta disponible | D60: 698794 | E60: 50
A64: CUADRO No. 3
A65: SECCION PRIMERA--Aduanas
A66: Año económico 1868 a 1869
A67: I-- Cómputos jenerales
A68: El producto de las Aduanas ha sido $ | B68: 2089065 | C68: 81 | D68: 0.5
A69: Los gastos que han causado son | B69: 149611 | C69: 41 | D69: 0.25
A70: Producto líquido | B70: 1939454 | C70: 40 | D70: 0.25
A71: La suma computada por la lei de presupuestos como rendimiento de esta renta fue | B71: 1600000
A72: La diferencia obtenida ascendiendo este cómputo | B72: 489065 | C72: 81 | D72: 0.5
A73: Comparado los productos del último año con los del anterior:
A74: 1868 a 1869, producto | B74: 2084827 | C74: 9
A75: 1867 a 1868, producto | B75: 1543473 | C75: 70 | D75: 0.5
A76: Diferencia o aumento del último año | B76: 541353 | C76: 38 | D76: 0.5
A77: Renta de Aduana, de 1866 a 1867 | B77: 1148668 | C77: 27 | D77: 0.25
A78: Aumento comparado con el último año | B78: 940397 | C78: 54 | D78: 0.25
A79: Las importaciones en especie alcanzan a k. | B79: 15182030 | C79: 913
A80: I en el año anterior habian alcanzado a k. | B80: 12726491 | C80: 250
A81: Dando un aumento de | B81: 2455539 | C81: 663
A82: Cálculo al que deben agregarse los kilógramos importados por las Aduanas de Carlosama i Turbo de que no hai datos completos, i que tomando los del año anterior, sin aumento proporcional, dan | B82: 114343 | C82: 750
A83: Siendo el aumento efectivo de K. | B83: 2569883 | C83: 663

Sheet 1872 Hacienda
A1: MEMORIA DE HACIENDA (1872)
A3: CUADRO No. 1
A4: Producto de las rentas i contribuciones nacionales, durante el año económico de 1870 a 1871
A5: Aduanas | B5: 1561082 | C5: 10
A6: Salinas (Venta en las Administraciones nacionales) | B6: 770143 | C6: 48 | D6: 0.5
A7: Internacion de sales | B7: 19865 | C7: 30
A8: Ferrocarril de Panamá | B8: 187500
A9: Correos | B9: 52941 | C9: 85
A10: Monedas. (Casas de Bogotá i Popayan) | B10: 24759 | C10: 15
A11: Bienes nacionales venta i arrendamiento (dinero) | B11: 37271 | C11: 50
A12: Bienes desamortizados (arrendamiento) | B12: 15673 | C12: 88
A13: Id. Id. (venta por bonos) | B13: 738114
A14: Tierras baldías (arrendamiento) | B14: 1223 | C14: 75
A15: Aprovechamientos | B15: 151169 | C15: 17 | D15: 0.5
A16: Telégrafo | B16: 1926 | C16: 37 | D16: 0.5
A17: Ingresos varios | B17: 8909 | C17: 65
A18: Total $ | B18: 3570580 | C18: 21 | D18: 0.5
B19: =+SUM(B5:B17)+C19/8 -> 3570640 | C19: =+SUM(C5:C17) -> 520 | D19: =+SUM(D5:D17) -> 1.5
A22: CUADRO No. 2
A23: Cálculo de rentas del ministro en el último año.
A24: Aduanas | B24: 1600000
A25: Salinas | B25: 780000
A26: Ferrocarril de Panamá | B26: 250000
A27: Correos | B27: 60000
A28: Telégrafo | B28: 5000
A29: Amonedacion | B29: 40000
A30: Bienes nacionales | B30: 25000
A31: Aprovechamientos (enterados en dinero) | B31: 16000
A32: Total | B32: 2775000
B33: =+SUM(B24:B31) -> 2776000
A36: CUADRO No. 3
A37: IMPOSICION EN GRAN BRETAÑA
A38: Años. | B38: Poblacion. | C38: Valor de la riqueza total, raiz i mueble. | E38: Produccion anual total. | G38: Por cabeza de poblacion. $
A39: 1793 | B39: 14500000 | C39: a. $ | D39: 7132000000 | E39: a. $ | F39: 1069000000 | G39: 73 | H39: 78 | I39: =+F39/B39 -> 73.724138
A40: 1800 | B40: 16000000 | C40: b. | D40: 8753000000 | E40: b. | F40: 1313000000 | G40: 82 | H40: 6 | I40: =+F40/B40 -> 82.0625
A41: 1812 | B41: 18000000 | C41: c. | D41: 10212000000 | E41: c. | F41: 1531000000 | G41: 85 | H41: 10 | I41: =+F41/B41 -> 85.055556
A42: 1816 | B42: 19275000 | C42: d. | D42: 10400000000 | E42: d. | F42: 1560000000 | G42: 80 | H42: 90 | I42: =+F42/B42 -> 80.933852
A43: 1823 | B43: 21193000 | C43: e. | D43: 10698000000 | E43: e. | F43: 1702000000 | G43: 80 | H43: 31 | I43: =+F43/B43 -> 80.309536
A44: 1833 | B44: 24304000 | C44: f. | D44: 17199000000 | E44: f. | F44: 2503000000 | G44: 103 | I44: =+F44/B44 -> 102.98716
A45: 1841 | B45: 27341000 | C45: g. | D45: 19452000000 | E45: g. | F45: 2188000000 | G45: 80 | H45: 92 | I45: =+F45/B45 -> 80.026334
A46: 1850 | B46: 27300000 | C46: h. | D46: 22564000000 | E46: h. | F46: 2450000000 | G46: 89 | H46: 74 | I46: =+F46/B46 -> 89.74359
A47: 1858 | B47: 29000000 | C47: i. | D47: 29178000000 | E47: i. | F47: 2917000000 | G47: 100 | H47: 61 | I47: =+F47/B47 -> 100.58621
A48: 1861 | B48: 29334000 | C48: j. | D48: 31512000000 | E48: j. | F48: 3151000000 | G48: 107 | H48: 42 | I48: =+F48/B48 -> 107.41801
A49: a. Cálculo de Mr. Joseph Lowe. b. Sir W. Pulfeney. c. Mr. Colquhoun. d. Mr. Wr. Elder. e. Mr. Joseph Lowe. f. Mr. Pablo Pebrer. g. Mr. G. R. Porter. h. Mer. Elder. i. Mr. Leone Leví. j. Mr. Elder.
A53: CUADRO No. 4
A54: PAISES. | B54: Producion anual | C54: Rentas nacionales. | D54: Rata proporcional entre la produccion i los impuestos
A55: Gran Bretaña en 1861 | B55: 3151000000 | C55: 360000000 | D55: 12 por 100 | E55: =+C55/B55 -> 0.11424944
A56: Estados Unidos en 1870 | B56: 4800000000 | C56: 411000000 | D56: 9 por 100 | E56: =+C56/B56 -> 0.085625
A57: Colombia | B57: 128000000 | C57: 2650000 | D57: 2 por 100 | E57: =+C57/B57 -> 0.020703125
A61: CUADRO No. 5
A62: TARIFA DE ADUANAS Y RECAUDO 1871
B63: Peso. | C63: Derechos. $
A64: Telas de algodón finas i pintadas ($ 0,45) Ks | B64: 1349303 | C64: 606186 | D64: 35
A65: Id. Blancas a (0.20) | B65: 895068 | C65: 179013 | D65: 60
A66: Id. de lana a (0,45) | B66: 340298 | C66: 152134 | D66: 10
A67: Id. de lino (0,45) | B67: 56528 | C67: 25437 | D67: 60
A68: Id. de cáñamo (0,20) | B68: 356324 | C68: 71264 | D68: 80
A69: Id. de seda | B69: 17885 | C69: 8048 | D69: 25
A70: Id. de diversos hilos (0,45) | B70: 244864 | C70: 101188 | D70: 80
A71: Totales | B71: 3260270 | C71: 1143273 | D71: 50
B72: =+SUM(B64:B70) -> 3260270 | C72: =+SUM(C64:C70) -> 1143270 | D72: =+SUM(D64:D70) -> 350
A75: CUADRO No. 6
A76: GOBIERNO NACIONAL CHILE - INGRESOS
A77: 1861 $ | B77: 5850821 | C77: 19
A78: 1862 | B78: 6287155 | C78: 26
A79: 1863 | B79: 6700659 | C79: 27
A80: 1864 | B80: 6574918 | C80: 31
A81: 1865 | B81: 7301043 | C81: 87
A82: 1866 | B82: 6197111 | C82: 74
A83: 1867 | B83: 9756838 | C83: 3
A84: 1868 | B84: 10694974 | C84: 4
A85: 1869 | B85: 11484806 | C85: 75
A86: 1870 | B86: 11537781 | C86: 42

Sheet 1873 Hacienda
A1: MEMORIA DE HACIENDA 1873
A3: CUADRO No. 1
A4: Estimación de Gastos de la administracion pública año 1873.
A5: Para el servicio de la Secretaría de lo Interior i Relaciones Esteriores | B5: 575400
A6: Para el de la de Hacienda i Fomento | B6: 971000
A7: Para el de la del Tesoro i Crédito nacional | B7: 1262000
A8: Para el de la de Guerra i Marina | B8: 373000
A9: Para gastos varios imprevistos en todos los Departamentos | B9: 69333
A10: Suma $ | B10: 3250733
B11: =+SUM(B5:B9) -> 3250733
A12: Comparacion.
A13: Producto de las rentas $ | B13: 3400733
A14: Importe de los gastos | B14: 3250733
A15: Diferencia a favor de las rentas $ | B15: 150000
A19: CUADRO No. 2
A20: Productos i gastos Aduanas año económico de 1871 a 1872.
A21: Productos de las Aduanas | B21: 2039450 | C21: 21
A22: Gastos de las Aduanas | B22: 181477 | C22: 28
A23: Producto líquido | B23: 1875482 | C23: 78
A24: Déficit de algunas Aduanas | B24: 17509 | C24: 85
A25: Producto líquido para la Nacion | B25: 1857972 | C25: 93
A29: CUADRO No. 3
A30: Pormenores de los productos.
A31: Los derechos de importacion i demas ingresos que constituyen la renta de Aduanas, se distribuyeron en el año de 1871 a 1872 del modo siguiente:
A32: ADUANAS. | B32: DERECHOS DE IMPORTACION. | O32: Multas i recargos por castigo. | R32: Productos de los comisos. | T32: Otros productos.
B33: De sal. | D33: De 2ª clase. | G33: De 3ª clase. | J33: De 4ª clase. | L33: Total.
A34: Santamarta | B34: 8271 | C34: 95 | D34: 91805 | E34: 75 | G34: 220499 | J34: 585976 | K34: 75 | L34: 906553 | M34: 45 | O34: 3002 | P34: 35 | T34: 2295 | U34: 55
A35: Sabanilla | B35: 11036 | C35: 25 | D35: 118038 | E35: 65 | G35: 171605 | H35: 75 | J35: 358364 | K35: 90 | L35: 659045 | M35: 55 | O35: 3327 | P35: 75 | T35: 2635 | U35: 95
A36: Buenaventura | B36: 18084 | C36: 65 | D36: 15582 | E36: 85 | G36: 47053 | H36: 30 | J36: 94793 | K36: 5 | L36: 175513 | M36: 85 | R36: 1995 | S36: 40 | T36: 387 | U36: 10
A37: Cartajena | B37: 10439 | C37: 72 | D37: 44086 | E37: 97 | F37: 0.25 | G37: 21384 | H37: 71 | I37: 0.5 | J37: 36554 | K37: 57 | L37: 112465 | M37: 97 | N37: 0.75 | O37: 1392 | P37: 46 | R37: 555 | S37: 65 | T37: 1455 | U37: 96 | V37: 0.75
A38: Cúcuta | B38: 14873 | C38: 75 | D38: 19969 | E38: 80 | G38: 29646 | J38: 45202 | K38: 15 | L38: 109691 | M38: 70 | O38: 369 | P38: 55 | R38: 63 | S38: 80 | T38: 564 | U38: 20
A39: Tumaco | B39: 11284 | C39: 80 | D39: 3575 | E39: 95 | G39: 8474 | H39: 35 | J39: 9130 | K39: 95 | L39: 32466 | M39: 5 | O39: 3 | R39: 586 | S39: 35 | T39: 269 | U39: 85
A40: Riohacha | B40: 903 | C40: 90 | D40: 4463 | E40: 30 | G40: 8974 | H40: 30 | J40: 7288 | K40: 75 | L40: 21630 | M40: 25 | O40: 81 | P40: 45 | R40: 87 | S40: 30 | T40: 672
A41: Tolú | B41: 864 | L41: 864 | R41: 501 | S41: 30
A42: Carlosama | B42: 204 | C42: 20 | D42: 209 | E42: 10 | G42: 130 | H42: 40 | J42: 4 | K42: 50 | L42: 548 | M42: 20 | R42: 424 | S42: 20
A43: Riosucio
A44: El Viento
A45: Totales $ | B45: 75963 | C45: 22 | D45: 297732 | E45: 37 | F45: 0.25 | G45: 507767 | H45: 81 | I45: 0.5 | J45: 1137315 | K45: 62 | L45: 2018779 | M45: 2 | N45: 0.75 | O45: 8176 | P45: 56 | Q45: 0.5 | R45: 4214 | T45: 8280 | U45: 61 | V45: 0.75
B46: =+SUM(B34:B44) -> 75958 | C46: =+SUM(C34:C44) -> 522 | D46: =+SUM(D34:D44) -> 297727 | E46: =+SUM(E34:E44) -> 537 | F46: =+SUM(F34:F44) -> 0.25 | G46: =+SUM(G34:G44) -> 507765 | H46: =+SUM(H34:H44) -> 281 | I46: =+SUM(I34:I44) -> 0.5 | ... V46: =+SUM(V34:V44) -> 0.75
A49: CUADRO No. 4
A50: Peso de las mercaderias importadas.
A51: El peso de las mercaderías importadas por cada una de las aduanas ha sido:
A52: ADUANAS | B52: 1ª CLASE. | D52: 2ª CLASE. | F52: 3º CLASE. | H52: 4ª CLASE | J52: SAL. | L52: TOTAL.
B53: Libre. | D53: 5 centavos. | F53: 20 centavos. | H53: 45 centavos.
B54: Kilógramos. | C54: Gs. | D54: Kilógramos. | E54: Gs. | F54: Kilógramos. | G54: Gs. | H54: Kilógramos. | I54: Gs. | J54: Kilógramos. | K54: Gs. | L54: Kilógramos. | M54: Gs.
A55: Sabanilla | B55: 1548480 | D55: 2360773 | F55: 858029 | H55: 796366 | J55: 551812 | L55: 6115460 | N55: =+J55+H55+F55+D55+B55 -> 6115460 | O55: =+K55+I55+G55+E55+C55 -> 0
A56: Santamarta | B56: 850354 | C56: 616 | D56: 1836114 | E56: 559 | F56: 1102495 | G56: 52 | H56: 1302170 | I56: 540 | J56: 413597 | L56: 5504731 | M56: 767 | N56: =+J56+H56+F56+D56+B56 -> 5504730 | O56: =+K56+I56+G56+E56+C56 -> 1767
A57: Buenaventura | B57: 180782 | D57: 311654 | E57: 500 | F57: 235266 | H57: 210651 | J57: 904242 | L57: 1842595 | M57: 500 | N57: =+J57+H57+F57+D57+B57 -> 1842595 | O57: =+K57+I57+G57+E57+C57 -> 500
A58: Cúcuta | B58: 366997 | C58: 250 | D58: 398991 | F58: 148208 | G58: 150 | H58: 100373 | I58: 300 | J58: 743604 | L58: 1758173 | M58: 700 | N58: =+J58+H58+F58+D58+B58 -> 1758173 | O58: =+K58+I58+G58+E58+C58 -> 700
A59: Tumaco | B59: 16356 | D59: 71615 | F59: 42371 | G59: 500 | H59: 20290 | I59: 500 | J59: 506555 | L59: 657188 | N59: =+J59+H59+F59+D59+B59 -> 657187 | O59: =+K59+I59+G59+E59+C59 -> 1000
A60: Riohacha | B60: 418885 | D60: 87816 | F60: 44857 | H60: 16146 | J60: 49454 | L60: 617158 | N60: =+J60+H60+F60+D60+B60 -> 617158 | O60: =+K60+I60+G60+E60+C60 -> 0
A61: Cartajena | N61: =+J61+H61+F61+D61+B61 -> 0 | O61: =+K61+I61+G61+E61+C61 -> 0
A62: Tolú | J62: 57885 | L62: 57885 | N62: =+J62+H62+F62+D62+B62 -> 57885 | O62: =+K62+I62+G62+E62+C62 -> 0
A63: Carlosama | B63: 46498 | C63: 500 | D63: 4182 | F63: 652 | H63: 10 | J63: 10210 | L63: 61552 | M63: 500 | N63: =+J63+H63+F63+D63+B63 -> 61552 | O63: =+K63+I63+G63+E63+C63 -> 500
A64: El Viento | N64: =+J64+H64+F64+D64+B64 -> 0 | O64: =+K64+I64+G64+E64+C64 -> 0
A65: Riosucio | N65: =+J65+H65+F65+D65+B65 -> 0 | O65: =+K65+I65+G65+E65+C65 -> 0
A66: Totales | B66: 3428353 | C66: 366 | D66: 5071146 | E66: 59 | F66: 2431878 | G66: 702 | H66: 2446007 | I66: 340 | J66: 3273759 | L66: 16614744 | M66: 467
B67: =+SUM(B55:B65) -> 3428352 | C67: =+SUM(C55:C65) -> 1366 | D67: =+SUM(D55:D65) -> 5071145 | E67: =+SUM(E55:E65) -> 1059 | F67: =+SUM(F55:F65) -> 2431878 | G67: =+SUM(G55:G65) -> 702 | H67: =+SUM(H55:H65) -> 2446006 | I67: =+SUM(I55:I65) -> 1340 | ... M67: =+SUM(M55:M65) -> 2467

Sheet 1874 Hacienda
A1: MEMORIA DE HACIENDA 1874
A3: CUADRO No. 1
A4: Producto de las rentas nacionales en el año económico anterior (1873)
A5: Aduanas | B5: 2775450
A6: Salinas | B6: 799213
A7: Ferrocarril de Panamá | B7: 250000
A8: Correos | B8: 67609
A9: Bienes nacionales | B9: 72595
A10: Casas de moneda (aproximacion) | B10: 18000
A11: Telégrafos | B11: 10627
A12: Bienes desamortizados (aproximacion) | B12: 6506
A13: Total $ | B13: 4000000
B14: =+SUM(B5:B12) -> 4000000
A15: Gastos imputables al mismo periodo fiscal
A16: Gastos reconocidos y por reconocer, correspondientes a la Secretaría de lo Interior i Relaciones Esteriores, cuyos comprobantes han sido presentados $ | B16: 518775
A17: Id. a la de Hacienda i Fomento | B17: 739050
A18: Id. a la de Guerra i Marina | B18: 651527
A19: Id. a la del Tesoro i Crédito nacional | B19: 1060700
A20: Gastos cuyos comprobantes están por presentarse (aproximacion) | B20: 179948
A21: Total $ | B21: 3150000
B22: =+SUM(B16:B20) -> 3150000
A23: Total producto de las rentas | B23: 4000000
A24: Suma de los gastos | B24: 3150000
A25: Saldo a favor del Tesoro $ | B25: 850000
A29: CUADRO No. 2
A30: Pormenor de los productos en el último año económico es el siguiente:
A31: ADUANAS. | B31: DERECHOS DE IMPORTACION. | O31: Multas i recargos por castigo. | R31: Productos de los comisos. | T31: Otros productos.
B32: De sal. | D32: De 2ª clase. | G32: De 3ª clase. | J32: De 4ª clase. | L32: TOTAL.
A33: Riohacha | D33: 8428 | E33: 75 | G33: 8892 | J33: 13582 | K33: 60 | L33: 30903 | M33: 35 | O33: 17 | P33: 35 | T33: 704 | U33: 5
A34: Santamarta | B34: 5571 | C34: 20 | D34: 75486 | E34: 25 | G34: 165295 | H34: 60 | J34: 297361 | K34: 65 | L34: 543714 | M34: 70 | O34: 827 | P34: 40 | T34: 2626 | U34: 35
A35: Sabanilla | B35: 13281 | C35: 85 | D35: 204285 | E35: 55 | G35: 410224 | H35: 5 | J35: 927531 | K35: 20 | L35: 1555322 | M35: 65 | O35: 2707 | P35: 55 | T35: 2846 | U35: 15
A36: Cartajena | D36: 57911 | E36: 58 | F36: 0.25 | G36: 51470 | H36: 6 | I36: 0.5 | J36: 86328 | K36: 21 | L36: 195709 | M36: 85 | N36: 0.75 | O36: 1117 | P36: 82 | Q36: 0.75 | R36: 8155 | S36: 10 | T36: 2383 | U36: 21
A37: Tolú | D37: 399 | E37: 77 | F37: 0.5 | G37: 2013 | H37: 20 | J37: 2194 | K37: 20 | L37: 4607 | M37: 17 | N37: 0.5 | O37: 98 | P37: 64 | T37: 1308 | U37: 89 | V37: 0.5
A38: Riosucio | B38: 72 | C38: 80 | D38: 106 | E38: 54 | G38: 106 | H38: 54 | J38: 106 | K38: 57 | L38: 392 | M38: 45 | O38: 27 | P38: 94 | R38: 157 | S38: 25
A39: San Andres i San Luis de Providencia | L39: 687 | M39: 65
A40: Buenaventura | B40: 16011 | C40: 95 | D40: 26896 | E40: 10 | G40: 48622 | H40: 40 | J40: 132403 | K40: 15 | L40: 223933 | M40: 60 | O40: 3074 | P40: 50 | R40: 212 | S40: 25 | T40: 1727 | U40: 65
A41: Tumaco | B41: 4561 | C41: 49 | D41: 8421 | E41: 70 | G41: 10400 | H41: 45 | J41: 12021 | K41: 75 | L41: 35405 | M41: 39 | O41: 1112 | P41: 55 | R41: 442 | S41: 15 | T41: 1231 | U41: 95
A42: Carlosama | B42: 261 | C42: 80 | D42: 426 | E42: 35 | G42: 296 | L42: 984 | M42: 15 | R42: 80
A43: Cúcuta | B43: 13885 | C43: 50 | D43: 28828 | E43: 10 | G43: 46281 | H43: 10 | J43: 63100 | K43: 80 | L43: 152095 | M43: 50 | O43: 288 | P43: 10 | T43: 547 | U43: 5
A44: Arauca
B45: 53649 | C45: 59 | D45: 411190 | E45: 69 | F45: 0.75 | G45: 743601 | H45: 40 | I45: 0.5 | J45: 1534630 | K45: 13 | L45: 2743756 | M45: 47 | N45: 0.25 | O45: 9271 | P45: 85 | Q45: 0.75 | R45: 9046 | S45: 75 | T45: 13375 | U45: 30 | V45: 0.5
B46: =+SUM(B33:B44) -> 53642 | C46: =+SUM(C33:C44) -> 459 | D46: =+SUM(D33:D44) -> 411186 | E46: =+SUM(E33:E44) -> 469 | F46: =+SUM(F33:F44) -> 0.75 | G46: =+SUM(G33:G44) -> 743599 | H46: =+SUM(H33:H44) -> 240 | I46: =+SUM(I33:I44) -> 0.5 | ... V46: =+SUM(V33:V44) -> 0.5
A49: CUADRO No. 3
A50: Productos
B51: AÑO DE 1871 A 1872. | D51: AÑO DE 1872 A 1873. | G51: AUMENTO. | J51: DISMINUCION.
A52: ADUANAS | B52: 2039450 | C52: 21 | D52: 2774185 | E52: 9 | F52: 0.5 | G52: 1099417 | H52: 78 | I52: 0.5 | J52: 364682 | K52: 90
A53: Diferencia en mas | G53: 734734 | I53: 88 | K53: 0.5
A57: CUADRO No. 4
A58: GASTOS -- Los gastos de las Aduanas fueron: (1874)
A59: ADUANAS | B59: Sueldos de los empleados de la Aduana | H59: Sueldos del Resguardo i de los vijias. | N59: Sueldos de los interpretes i prácticos | P59: Gastos de material. | R59: Gastos varios. | U59: TOTAL.
B60: FIJOS. | E60: EVENTUALES. | H60: FIJOS. | K60: EVENTUALES.
A61: Arauca | B61: 991 | C61: 65 | H61: 1020 | P61: 66 | Q61: 66 | U61: 2078 | V61: 31 | W61: =+R61+P61+N61+K61+H61+E61+B61 -> 2077 | X61: =+S61+Q61+O61+L61+I61+F61+C61 -> 131
A62: Buenaventura | B62: 4294 | C62: 55 | E62: 2290 | F62: 70 | H62: 13434 | I62: 90 | K62: 6863 | L62: 55 | P62: 1824 | Q62: 80 | R62: 1373 | S62: 35 | U62: 30081 | V62: 85 | W62: =+R62+P62+N62+K62+H62+E62+B62 -> 30078 | X62: =+S62+Q62+O62+L62+I62+F62+C62 -> 385
A63: carlosama | B63: 1152 | E63: 26 | F63: 27 | H63: 2263 | I63: 80 | K63: 54 | L63: 23 | P63: 216 | R63: 30 | U63: 3742 | V63: 30 | W63: =+R63+P63+N63+K63+H63+E63+B63 -> 3741 | X63: =+S63+Q63+O63+L63+I63+F63+C63 -> 130
A64: Cartajena | B64: 5403 | C64: 45 | E64: 2535 | F64: 90 | H64: 12395 | I64: 60 | K64: 5786 | L64: 70 | N64: 1508 | P64: 437 | Q64: 40 | R64: 1429 | S64: 37 | U64: 29496 | V64: 42 | W64: =+R64+P64+N64+K64+H64+E64+B64 -> 29493 | X64: =+S64+Q64+O64+L64+I64+F64+C64 -> 342
A65: Cúcuta | B65: 5548 | C65: 90 | E65: 2776 | F65: 20 | H65: 8358 | I65: 15 | K65: 4994 | L65: 85 | P65: 10344 | Q65: 60 | U65: 32022 | V65: 70 | W65: =+R65+P65+N65+K65+H65+E65+B65 -> 32020 | X65: =+S65+Q65+O65+L65+I65+F65+C65 -> 270
A66: Riohacha | B66: 2931 | C66: 10 | E66: 573 | F66: 21 | H66: 5196 | I66: 85 | K66: 1016 | L66: 79 | N66: 199 | O66: 80 | P66: 1008 | R66: 322 | S66: 40 | U66: 11248 | V66: 15 | W66: =+R66+P66+N66+K66+H66+E66+B66 -> 11245 | X66: =+S66+Q66+O66+L66+I66+F66+C66 -> 315
A67: Riosucio | B67: 2208 | E67: 12 | F67: 43 | G67: 0.5 | H67: 3553 | I67: 52 | K67: 20 | L67: 2 | M67: 0.5 | P67: 108 | Q67: 81 | R67: 136 | S67: 45 | U67: 6039 | V67: 24 | W67: =+R67+P67+N67+K67+H67+E67+B67 -> 6037 | X67: =+S67+Q67+O67+L67+I67+F67+C67 -> 223
A68: Sabanilla | B68: 6632 | C68: 55 | E68: 13700 | F68: 5 | H68: 6700 | I68: 35 | K68: 13744 | L68: 40 | N68: 376 | P68: 1272 | U68: 42425 | V68: 35 | W68: =+R68+P68+N68+K68+H68+E68+B68 -> 42424 | X68: =+S68+Q68+O68+L68+I68+F68+C68 -> 135
A69: Santamarta | B69: 9177 | C69: 95 | E69: 4846 | F69: 60 | H69: 11527 | I69: 95 | K69: 6093 | L69: 65 | N69: 250 | P69: 499 | Q69: 80 | U69: 32395 | V69: 95 | W69: =+R69+P69+N69+K69+H69+E69+B69 -> 32392 | X69: =+S69+Q69+O69+L69+I69+F69+C69 -> 395
A70: Tolú | B70: 3243 | C70: 85 | E70: 204 | F70: 70 | H70: 4092 | I70: 75 | K70: 273 | L70: 75 | P70: 399 | Q70: 10 | R70: 119 | S70: 70 | U70: 8333 | V70: 85 | W70: =+R70+P70+N70+K70+H70+E70+B70 -> 8330 | X70: =+S70+Q70+O70+L70+I70+F70+C70 -> 385
A71: Tumaco | B71: 2915 | C71: 97 | D71: 0.5 | E71: 819 | F71: 41 | G71: 0.5 | H71: 8268 | I71: 67 | J71: 0.5 | K71: 2226 | L71: 6 | P71: 10759 | Q71: 20 | R71: 636 | S71: 2 | T71: 0.5 | U71: 25625 | V71: 35 | W71: =+R71+P71+N71+K71+H71+E71+B71 -> 25623 | X71: =+S71+Q71+O71+L71+I71+F71+C71 -> 233
A72: San Andres i San Luis de Providencia | U72: 687 | V72: 65 | W72: =+R72+P72+N72+K72+H72+E72+B72 -> 0 | X72: =+S72+Q72+O72+L72+I72+F72+C72 -> 0
B73: 44499 | C73: 97 | D73: 0.5 | E73: 27785 | F73: 48 | H73: 76812 | I73: 54 | J73: 0.5 | K73: 41074 | M73: 0.5 | N73: 2333 | O73: 80 | P73: 26936 | Q73: 37 | R73: 4047 | S73: 29 | T73: 0.5 | U73: 224177 | V73: 12
B74: =+SUM(B61:B72) -> 44494 | C74: =+SUM(C61:C72) -> 597 | D74: =+SUM(D61:D72) -> 0.5 | E74: =+SUM(E61:E72) -> 27781 | F74: =+SUM(F61:F72) -> 447 | G74: =+SUM(G61:G72) -> 1 | H74: =+SUM(H61:H72) -> 76806 | I74: =+SUM(I61:I72) -> 654 | ... V74: =+SUM(V61:V72) -> 612
A75: Comparados estos gastos con los del año anterior resulta:
A76: ADUANAS | B76: Sueldos de los empleados de la Aduana | L76: Sueldos del Resguardo i de los vijias. | V76: Gastos de material. | Z76: Otros gastos. | AE76: Diferencia líquida
B77: FIJOS. | G77: EVENTUALES. | L77: FIJOS. | Q77: EVENTUALES.
B78: Mas. | E78: Menos. | G78: Mas. | J78: Menos. | L78: Mas. | O78: Menos. | Q78: Mas. | T78: Menos. | V78: Mas. | X78: Menos. | Z78: Mas. | AC78: Menos. | AE78: Mas. | AG78: Menos.
A79: Buenaventura | E79: 93 | F79: 25 | G79: 246 | H79: 10 | L79: 2599 | M79: 85 | Q79: 1818 | R79: 85 | V79: 688 | W79: 10 | Z79: 567 | AA79: 55 | AE79: 5827 | AF79: 20
A80: carlosama | K80: 83 | Q80: 2 | R80: 13 | AC80: 101 | AD80: 90 | AG80: 100 | AH80: 60
A81: Cartajena | B81: 833 | C81: 40 | G81: 1039 | H81: 15 | L81: 3241 | M81: 17 | N81: 0.5 | Q81: 2948 | R81: 89 | S81: 0.5 | V81: 27 | W81: 60 | AC81: 2429 | AD81: 83 | AE81: 5660 | AF81: 39
A82: Cúcuta | E82: 52 | F82: 75 | G82: 882 | H82: 19 | O82: 115 | Q82: 1355 | R82: 1 | V82: 9629 | W82: 60 | AC82: 474 | AD82: 40 | AE82: 11224 | AF82: 65
A83: Riohacha | B83: 15 | C83: 10 | G83: 138 | H83: 46 | L83: 2337 | M83: 65 | Q83: 274 | R83: 79 | V83: 210 | Z83: 248 | AA83: 65 | AE83: 3224 | AF83: 65
A84: Riosucio | AG84: 2235 | AH84: 76
A85: Sabanilla | B85: 2158 | C85: 60 | G85: 4548 | H85: 70 | L85: 260 | Q85: 1042 | R85: 30 | V85: 312 | W85: 40 | AC85: 8 | AE85: 8314
A86: Santamarta | B86: 16 | C86: 35 | J86: 1426 | K86: 20 | L86: 175 | M86: 5 | T86: 1327 | U86: 70 | X86: 158 | Y86: 80 | AC86: 1342 | AD86: 95 | AG86: 4064 | AH86: 25
A87: Tolú | E87: 537 | F87: 45 | G87: 160 | H87: 45 | L87: 710 | M87: 85 | Q87: 233 | R87: 50 | V87: 299 | W87: 50 | AC87: 162 | AD87: 65 | AE87: 704 | AF87: 20
A88: Tumaco | B88: 43 | C88: 22 | D88: 0.5 | G88: 57 | H88: 16 | I88: 0.5 | L88: 1145 | M88: 72 | N88: 0.5 | Q88: 335 | R88: 66 | V88: 9419 | W88: 85 | Z88: 482 | AA88: 7 | AB88: 0.5 | AE88: 11483 | AF88: 70
B89: 3066 | C89: 67 | D89: 0.5 | E89: 683 | F89: 45 | G89: 7072 | H89: 21 | I89: 0.5 | J89: 1427 | K89: 3 | L89: 10470 | M89: 30 | O89: 115 | Q89: 8011 | R89: 13 | S89: 0.5 | T89: 1327 | U89: 70 | V89: 20587 | W89: 5 | X89: 158 | Y89: 80 | Z89: 1298 | AA89: 27 | AB89: 0.5 | AC89: 4519 | AD89: 73 | AE89: 46438 | AF89: 79 | AG89: 1500 | AH89: 61
B90: =+SUM(B79:B88) -> 3065 | C90: =+SUM(C79:C88) -> 167 | D90: =+SUM(D79:D88) -> 0.5 | E90: =+SUM(E79:E88) -> 682 | F90: =+SUM(F79:F88) -> 145 | G90: =+SUM(G79:G88) -> 7070 | H90: =+SUM(H79:H88) -> 221 | I90: =+SUM(I79:I88) -> 0.5 | ... AH90: =+SUM(AH79:AH88) -> 161
B91: 2383 | D91: 22 | E91: 0.5 | G91: 5645 | I91: 18 | K91: 0.5 | L91: 10355 | N91: 30 | Q91: 6683 | S91: 43 | U91: 0.5 | V91: 20428 | X91: 25 | Z91: 3221 | AC91: 45 | AD91: =1/2 -> 0.5 | AE91: 39938 | AG91: 18
A95: CUADRO No. 5
A96: El producto líquido de las aduanas fue:
A97: ADUANAS | B97: En 1871 a 1872. | F97: En 1872 a 1873.
B98: Producto. | D98: Déficit. | F98: Producto. | I98: Déficit.
A99: Arauca | I99: 2078 | J99: 31
A100: Buenaventura | B100: 153641 | C100: 70 | F100: 198866 | G100: 15
A101: Carlosama | D101: 2870 | E101: 50 | I101: 2678 | J101: 15
A102: Cartajena | B102: 92034 | C102: 3 | F102: 177869 | G102: 57 | H102: 0.5
A103: Cúcuta | B103: 89886 | C103: 90 | F103: 120907 | G103: 95
A104: Riohacha | B104: 14447 | C104: 50 | F104: 20376 | G104: 60
A105: Riosucio | D105: 8375 | I105: 5461 | J105: 60
A106: Sabanilla | B106: 630897 | C106: 90 | F106: 1518451
A107: Santamarta | B107: 875391 | C107: 15 | F107: 514772 | G107: 50
A108: Tolú | D108: 6264 | E108: 35 | I108: 2319 | J108: 14
A109: Tumaco | B109: 19183 | C109: 60 | F109: 12566 | G109: 69
A110: San Andres i San Luis de Providencia
B111: 1875482 | C111: 78 | D111: 17509 | E111: 85 | F111: 2563810 | G111: 46 | H111: 0.5 | I111: 12537 | J111: 20
B112: =+SUM(B99:B110) -> 1875479 | C112: =+SUM(C99:C110) -> 378 | D112: =+SUM(D99:D110) -> 17509 | E112: =+SUM(E99:E110) -> 85 | F112: =+SUM(F99:F110) -> 2563807 | G112: =+SUM(G99:G110) -> 346 | H112: =+SUM(H99:H110) -> 0.5 | I112: =+SUM(I99:I110) -> 12536 | J112: =+SUM(J99:J110) -> 120
...

Sheet 1875 Hacienda
A1: MEMORIA DEL SECRETARIO DE HACIENDA Y FOMENTO 1875
A3: CUADRO No. 1
A4: Año económico 1873 a 1874.
A5: Superávit de la vijencia económica anterior, según los resultados del la cuenta jenral formada en la Secretaría del Tesoro $ | B5: 1177600
A6: Producto de las rentas en el año económico de 1873 a 1874 (aproximacion) $ | B6: 3921000
A7: Suma $ | B7: 5098600
A8: Producto que en número redondos se descompone así:
A9: Aduanas | B9: 2811000
A10: Salinas | B10: 656000
A11: Ferrocarril de Panamá | B11: 250000
A12: Correos | B12: 63000
A13: Telégrafos | B13: 20000
A14: Casas de Moneda | B14: 19000
A15: Bienes nacionales | B15: 80000
A16: Aprovechamientos | B16: 14000
A17: Ingresos vários | B17: 8000
A18: Total de las rentas $ | B18: 3921000
B19: =+SUM(B9:B17) -> 3921000 | C19: =+SUM(C9:C17) -> 0
A20: Monto de los gastos en dinero correspondientes a toda la vijencia económica de 1873 a 1874, según la cuenta que ha formado la Secretaría del Tesoro (aproximacion) | B20: 3729000
A21: Deduciendo esta suma de la de | B21: 5098600
A22: Queda a favor del Tesoro un saldo de $ | B22: 1369600
B23: =+B21-B20 -> 1369600
A26: CUADRO No. 2
A27: Resúmen del movimiento del comercio esterior relacionado con las aduanas de la Union en el año económico de 1873 a 1874.
A28: ADUANAS. | B28: EMBARCACIONES | H28: BULTOS. | L28: Peso de las mercaderias. | R28: VALORES. | X28: Producto i gasto de las Aduanas.
B29: Han entrado. | E29: Han salido. | H29: Importados. | J29: Esportados. | L29: Importadas. | O29: Esportadas. | R29: Importados. | U29: Esportados. | X29: Producto bruto. | AA29: Gastos. | AD29: Producto liquido.
B30: Nº | C30: Toneladas | E30: Nº | F30: Toneladas | H30: Número. | J30: Número. | L30: Kilógramos. | O30: Kilógramos. | R30: Pesos. | U30: Pesos. | X30: Pesos. | AA30: Pesos. | AD30: Pesos.
A31: Buenaventura | B31: 96 | C31: 46786 | E31: 109 | F31: 48187 | H31: 625615 | J31: 29283 | L31: 2455207 | O31: 1704165 | R31: 1054549 | S31: 10 | U31: 912635 | X31: 242972 | Y31: 45 | AA31: 37859 | AB31: 57 | AD31: 205112 | AE31: 88
A32: Carlosama | H32: 2992 | J32: 6521 | K32: * | L32: 174853 | O32: 340600 | Q32: * | R32: 172943 | S32: 26 | U32: 54042 | W32: * | X32: 1465 | Y32: 87 | Z32: 0.5 | AA32: 5202 | AB32: 95 | AD32: 3737 | AE32: 7 | AF32: 0.5 | AG32: Déficit
A33: Cartajena | B33: 90 | C33: 56287 | E33: 90 | F33: 56236 | H33: 71972 | I33: * | J33: 150897 | L33: 2296065 | M33: 130 | N33: * | O33: 2594909 | P33: 500 | R33: 651095 | S33: 91 | T33: * | U33: 409880 | V33: 20 | X33: 182710 | Y33: 56 | Z33: 0.75 | AA33: 33781 | AB33: 89 | AD33: 148918 | AE33: 67 | AF33: 0.75
A34: Cúcuta | B34: 302 | C34: 8950 | D34: 0.25 | E34: 309 | F34: 9246 | H34: 30213 | I34: ** | J34: 116965 | K34: ** | L34: 1383008 | M34: 250 | N34: ** | O34: 6808001 | Q34: ** | R34: 858918 | S34: 60 | T34: ** | U34: 433915 | W34: ** | X34: 160832 | Y34: 87 | Z34: 0.5 | AA34: 24588 | AB34: 55 | AD34: 136244 | AE34: 32 | AF34: 0.5
A35: Riohacha | B35: 154 | C35: 12001 | D35: 0.5 | E35: 142 | F35: 10508 | G35: 0.5 | H35: 46975 | J35: 68954 | L35: 477129 | M35: 500 | O35: 3186958 | R35: 90565 | S35: 67 | U35: 171993 | V35: 52 | X35: 23708 | Y35: 31 | Z35: 0.75 | AA35: 10670 | AB35: 55 | AD35: 13038 | AE35: 35
A36: Sabanilla | B36: 193 | C36: 190633 | D36: * | E36: 189 | F36: 185643 | G36: * | H36: 297319 | I36: * | J36: 367532 | K36: * | L36: 11619998 | M36: 712 | N36: * | O36: 17315191 | P36: 500 | Q36: * | R36: 7136822 | S36: 95 | T36: * | U36: 8168344 | V36: 10 | W36: * | X36: 1877100 | AA36: 31546 | AB36: 95 | AD36: 1845553 | AE36: 5
A37: Santamarta | B37: 123 | C37: 65077 | D37: 0.5 | E37: 119 | F37: 61058 | G37: 0.5 | H37: 52778 | J37: 35689 | L37: 2383841 | M37: 700 | O37: 2240848 | R37: 1028259 | S37: 25 | U37: 228779 | V37: 50 | X37: 294435 | Y37: 60 | AA37: 27361 | AB37: 85 | AD37: 267073 | AE37: 75
A38: Tumaco | B38: 118 | C38: 35878 | D38: 0.5 | E38: 92 | F38: 28832 | G38: 0.5 | H38: 496945 | J38: 78085 | L38: 839500 | M38: 500 | O38: 1204678 | P38: 500 | R38: 172536 | S38: 98 | U38: 107693 | V38: 20 | X38: 27933 | Y38: 24 | AA38: 13726 | AB38: 18 | AC38: 0.5 | AD38: 14207 | AE38: 5 | AF38: 0.5
B39: 1076 | C39: 415613 | D39: 0.75 | E39: 1050 | F39: 399711 | G39: 0.5 | H39: 1624809 | J39: 853926 | L39: 21629603 | M39: 792 | O39: 35395351 | P39: 500 | R39: 11165691 | S39: 72 | U39: 10487282 | V39: 52 | X39: 2811158 | Y39: 92 | Z39: 0.5 | AA39: 183707 | AB39: 31 | AC39: 0.5 | AD39: 2626411 | AE39: 1 | AF39: 0.5 | AG39: ***
B40: =+SUM(B31:B38) -> 1076 | C40: =+SUM(C31:C38) -> 415612 | D40: =+SUM(D31:D38) -> 1.75 | E40: =+SUM(E31:E38) -> 1050 | F40: =+SUM(F31:F38) -> 399710 | G40: =+SUM(G31:G38) -> 1.5 | H40: =+SUM(H31:H38) -> 1624809 | I40: =+SUM(I31:I38) -> 0 | ... AC40: =+SUM(AC31:AC38) -> 0.5 | AD40: =+AD31+AD33+AD34+AD35+AD36+AD37+AD38 -> 2630145 | AE40: =+AE31+AE33+AE34+AE35+AE36+AE37+AE38 -> 307 | AF40: =+AF31+AF33+AF34+AF35+AF36+AF37+AF38 -> 1.75 | AG40: =+SUM(AG31:AG38) -> 0
A41: * Esta partida se ha tomado del respectivo dato anual, por no haberse recibido algunos mensuales.
A42: ** Faltan los datos de esportacion por esta aduana en agosto i los de importacion en junio, julio i agosto. Tampoco se tiene el dato anual.
A43: *** Suma deducido el déficit
A44: NOTA-- A última hora se han recibido algunos de los datos que figuran en el cuadro.
A48: CUADRO No. 3
A49: Salinas
B50: Producto bruto. | D50: Gastos. | F50: Producto líquido.
B51: Pesos. | C51: Cs. | D51: Pesos. | E51: Cs. | F51: Pesos. | G51: Cs.
A52: Totales $ | B52: 660980 | C52: 35 | D52: 248716 | E52: 60 | F52: 413574 | G52: 77 | H52: =1/2 -> 0.5

Sheet 1875 Tesoro
A1: MEMORIA DEL SECRETARIO DEL TESORO I CRÉDITO NACIONAL 1875
A3: CUADRO No. 1
A4: GASTOS DE LA VIJENCIA ECONOMICA DE 1872 A 1873.
A5: Gastos de Hacienda | B5: 571600 | C5: 17 | D5: 0.5
A6: Fomento | B6: 168288 | C6: 97 | D6: 0.5
A7: Correos | B7: 252263 | C7: 39 | D7: 0.5
A8: Interior | B8: 250181 | C8: 80
A9: Justicia | B9: 31096 | C9: 67 | D9: 0.5
A10: Relaciones Esteriores | B10: 79556 | C10: 5
A11: Instrucción pública | B11: 115776 | C11: 87 | D11: 0.5
A12: Beneficiencia i Recompensas | B12: 49862 | C12: 20
A13: Guerra | B13: 512706 | C13: 68
A14: Tesoro | B14: 54742 | C14: 95
A15: Bienes desamortizados | B15: 9027
A16: Obras públicas | B16: 77648 | C16: 25
A17: Deuda nacional | B17: 1553210 | C17: 43
A18: Vijencias económicas espiradas | B18: 668 | C18: 75 | D18: 0.5
A19: Deducido Pagos a bienes desamortizados | B19: 202659 | C19: 7 | D19: 0.5
A20: Total de gastos hechos en dinero $ | B20: 3523971 | C20: 13 | D20: 0.5
B21: =+SUM(B5:B18)-B19 -> 3523964 | C21: =+SUM(C5:C18)-C19 -> 711 | D21: =+SUM(D5:D18)-D19 -> 2.5
A24: CUADRO No. 2
A25: GASTOS DE LA VIJENCIA ECONOMICA DE 1873 A 1874.
A26: Gastos de Hacienda | B26: 260469 | C26: 54 | D26: 0.5
A27: Fomento | B27: 53176 | C27: 97 | D27: 0.5
A28: Interior | B28: 220844 | C28: 87 | D28: 0.5
A29: Justicia | B29: 29402
A30: Relaciones Esteriores | B30: 84253 | C30: 67 | D30: 0.5
A31: Instrucción pública | B31: 86820 | C31: 80
A32: Beneficiencia i Recompensas | B32: 48181 | C32: 15
A33: Guerra | B33: 162145 | C33: 92 | D33: 0.5
A34: Correos | B34: 128750 | C34: 72 | D34: 0.5
A35: Tesoro | B35: 45725 | C35: 75
A36: Bienes desamortizados | B36: 6748 | C36: 25
A37: Obras públicas | B37: 93882 | C37: 20
A38: Deuda nacional | B38: 1479203 | C38: 63 | D38: 0.5
A39: Suma $ | B39: 2699605 | C39: 50 | D39: 0.5
B40: =+SUM(B26:B38) -> 2699598 | C40: =+SUM(C26:C38) -> 747 | D40: =+SUM(D26:D38) -> 3.5
A41: Saldos que en 31 de agosto último quedaron pendientes a cargo del Tesoro, según la cuenta de Ordenacion de gastos | B41: 279328 | C41: 30
A42: Saldos por pagar que no han sido cubiertos | B42: 750000
A43: Suma total $ | B43: 3728933 | C43: 80 | D43: 0.5
B44: =+B39+B41+B42 -> 3728933 | C44: =+C39+C41+C42 -> 80 | D44: =+D39+D41+D42 -> 0.5
A47: CUADRO No. 3
A48: RENTAS DE LA VIJENCIA ECONOMICA DE 1872 A 1873.
A49: Aduanas | E49: 2568622 | F49: 97 | G49: 0.5
A50: Amonedacion | E50: 6859 | F50: 797
A51: Correos | E51: 58903 | F51: 385
A52: Telégrafo | E52: 11636 | F52: 825
A53: Bienes nacionales | E53: 76363 | F53: 200
A54: Empresa de ferrocarril de Pánama | E54: 225000
A55: Salinas | E55: 774724 | F55: 200
A56: Renta de bienes desamortizados | E56: 31648 | F56: 720
A57: Derecho de internacion de sales | E57: 890 | F57: 900
A58: Venta de bienes desamortizados | E58: 392233 | F58: 855
A59: Ingresos varios | E59: 50
A60: Aprovechamientos | E60: 708626 | F60: 249 | G60: 0.5
A61: Suma $ | E61: 4855559 | F61: 229
E62: =+SUM(E49:E60) -> 4855554 | F62: =+SUM(F49:F60) -> 5228 | G62: =+SUM(G49:G60) -> 1
A63: Saldos que quedaron por cobrar al fin del primer año i de los nuevos reconocimientos que se hicieron a favor del Tesoro, como sigue:
A64: Aduanas | B64: 176435 | C64: 500
A65: Correos | B65: 1049 | C65: 100
A66: Telégrafo | B66: 1315 | C66: 575
A67: Bienes nacionales | B67: 18067 | C67: 900
A68: Renta de bienes desamortizados | B68: 1748 | C68: 100
A69: Ingresos varios | B69: 340 | C69: 375
A70: Aprovechamientos | B70: 14777 | C70: 200 | E70: 213733 | F70: 750
E71: =+SUM(B64:B70) -> 213731 | F71: =+SUM(C64:C70) -> 2750 | G71: =+SUM(D64:D70) -> 0
A72: Suma total $ | E72: 5069292 | F72: 979
E73: =+E61+E70 -> 5069292 | F73: =+F61+F70 -> 979 | G73: =+G61+G70 -> 0
A74: Recaudado en documentos de crédito público i los aprovechamientos del Tesoro en la amortizacion de documentos de esta misma clase:
A75: Venta de bienes desamortizados | B75: 392233 | C75: 855
A76: Renta de bienes desamortizados | B76: 33396 | C76: 820
A77: Aprovechamientos | B77: 678229 | C77: 50 | E77: 1103859 | F77: 725
E78: =+SUM(B75:B77) -> 1103858 | F78: =+SUM(C75:C77) -> 1725 | G78: =+SUM(D75:D77) -> 0
A79: Total de las rentas en dinero $ | E79: 3965433 | F79: 254
E80: =+E72-E77 -> 3965433 | F80: =+F72-F77 -> 254 | G80: =+G72-G77 -> 0
A81: Existencias en caja i cartera el 31 de agosto de 1872:
A82: Pagarés i letras | B82: 476979 | C82: 402 | D82: 0.5
A83: Caja | B83: 259183 | C83: 432 | E83: 736162 | F83: 834 | G83: 0.5
E84: =+B82+B83 -> 736162 | F84: =+C82+C83 -> 834 | G84: =+D82+D83 -> 0.5
A85: Suma $ | E85: 4701596 | F85: 88 | G85: 0.5
E86: =+E79+E83 -> 4701595 | F86: =+F79+F83 -> 1088 | G86: =+G79+G83 -> 0.5
A90: CUADRO No. 4
A91: RENTAS DE LA VIJENCIA ECONOMICA DE 1873 A 1874.
A92: Aduanas | E92: 2406725 | F92: 710
A93: Amonedacion | E93: 5134 | F93: 795
A94: Correos | E94: 43416 | F94: 150
A95: Telégrafo | E95: 14717 | F95: 200
A96: Bienes nacionales | E96: 48381 | F96: 600
A97: Empresa de ferrocarril de Pánama | E97: 112500
A98: Salinas | E98: 656926 | F98: 575
A99: Renta de bienes desamortizados | E99: 145994 | F99: 475
A100: Ingresos varios | E100: 7910 | F100: 225
A101: Aprovechamientos | E101: 810822 | F101: 12
A102: Suma $ | E102: 4252528 | F102: 742
E103: =+SUM(E92:E101) -> 4252525 | F103: =+SUM(F92:F101) -> 3742 | G103: =+SUM(G92:G101) -> 0
A104: Rentas de las aduanas de Cartajena i Carlosama, de las Administraciones de Hacienda de Popayan, Cali, Cartajena i Panamá i de la casa de la moneda de Popayan. (aproximación) | E104: 200000
A105: Suma $ | E105: 4452528 | F105: 742
A106: Saldos por cobrar al 31 de agosto de 1874
A107: Aduanas | B107: 60517 | C107: 300
A108: Correos | B108: 120 | C108: 25
...

Sheet 1876 Hacienda
A1: MEMORIA DEL SECRETARIO DE HACIENDA Y FOMENTO 1876
A3: CUADRO No. 1
A4: SALINAS
A5: Producto bruto año económico de 1873 a 1874 $ | B5: 660980 | C5: 35
A6: Producto bruto año económico de 1874 a 1875 $ | B6: 754293 | C6: 15
A7: Ventas año económico 1873 a 1874 Ks. | B7: 16543739 | C7: 600
A8: Ventas año económico 1874 a 1875 Ks. | B8: 14742834
A12: CUADRO No. 2
A13: Número de kilógramos de sal vendida y producto de las ventas
B14: AÑO DE 1873 A 1874 | D14: AÑO DE 1874 A 1875. | F14: PRODUCTOS EN 1873 A 1874 | I14: PRODUCTOS EN 1874 A 1875.
B15: Ks. | C15: Gs. | D15: Ks. | E15: Gs. | F15: Ps | G15: Cs. | I15: Ps. | J15: Cs.
A16: Totales jenerales | B16: 16543739 | C16: 600 | D16: 14742834 | F16: 660980 | G16: 35 | I16: 754293 | J16: 15
A20: CUADRO No. 3
A21: Producto i gastos SALINAS año económico de 1873 a 1874.
A22: SALINAS | B22: Producto bruto. | D22: Gastos. | G22: Producto líquido.
B23: Pesos. | C23: Cs. | D23: Pesos. | E23: Cs. | G23: Pesos. | H23: Cs.
A24: Totales | B24: 754293 | C24: 15 | D24: 238793 | E24: 2 | F24: 0.5 | G24: 518947 | H24: 90
A26: Gasto económico de 1873 a 1874 $ | B26: 248716 | C26: 60
A30: CUADRO No. 4
A31: CUADRO que manifiesta las sumas liquidadas en las aduanas por derechos primitivos de importacion i las liquidadas por derechos adicionales,
A32: ADUANAS | B32: DERECHOS DE IMPORTACION.
B33: DERECHO PRIMITIVO. | E33: DERECHO ADICIONAL. | H33: TOTALES.
A34: Buenaventura | B34: 104787 | C34: 50 | E34: 34929 | F34: 20 | H34: 139716 | I34: 70
A35: Cartajena | B35: 107943 | C35: 31 | D35: 0.5 | E35: 35981 | F35: 40 | H35: 143924 | I35: 71 | J35: 0.5
A36: Carlosama | B36: 1210 | C36: 24 | E36: 435 | F36: 43 | G36: 0.5 | H36: 1645 | I36: 67 | J36: 0.5
A37: Cúcuta | B37: 114096 | C37: 5 | E37: 15977 | F37: 90 | H37: 130073 | I37: 95
A38: Riohacha | B38: 29793 | C38: 53 | D38: 0.5 | E38: 6918 | F38: 86 | G38: 0.5 | H38: 36712 | I38: 40
A39: Sabanilla | B39: 1518297 | C39: 70 | E39: 379561 | F39: 95 | H39: 1897859 | I39: 65
A40: Santamarta | B40: 139486 | E40: 30142 | F40: 65 | H40: 169628 | I40: 65
A41: Tumaco | B41: 18329 | C41: 61 | E41: 5528 | F41: 60 | H41: 23858 | I41: 21
A42: Sumas $ | B42: 2033943 | C42: 95 | E42: 509476 | H42: 2543419 | I42: 95
B43: =+SUM(B34:B41) -> 2033941 | C43: =+SUM(C34:C41) -> 294 | D43: =+SUM(D34:D41) -> 1 | E43: =+SUM(E34:E41) -> 509471 | F43: =+SUM(F34:F41) -> 499 | G43: =+SUM(G34:G41) -> 1 | H43: =+SUM(H34:H41) -> 2543415 | I43: =+SUM(I34:I41) -> 494 | J43: =+SUM(J34:J41) -> 1
A46: CUADRO No. 5
A47: CUADRO comparativo de los productos de las aduanas en los años económicos de 1873 a 1874 i 1874 a 1875, i de estos últimos con las sumas presupuestas por el poder Lejislativo.
A48: ADUANAS. | B48: Productos en 1873 a 1874. | E48: Cantidades presupuestas para 1874 a 1875, por el Poder Lejislativo. | H48: Productos en 1874 a 1875. | K48: DIFERENCIAS.
K49: Entre los productos de los dos años. | Q49: Entre los productos del último año i las sumas propuestas.
K50: Mayor en el último año. | N50: Menor en el último año. | Q50: Mayores productos | S50: Menores productos
A51: Buenaventura | B51: 242972 | C51: 45 | E51: 279285 | F51: 78 | H51: 142330 | I51: 60 | N51: 100641 | O51: 85 | S51: 136955 | T51: 18
A52: Carlosama | B52: 1465 | C52: 87 | D52: 0.5 | E52: 2428 | F52: 57 | H52: 1677 | I52: 47 | J52: 0.5 | K52: 211 | L52: 60 | S52: 751 | T52: 9 | U52: 0.5
A53: Cartajena | B53: 182710 | C53: 56 | D53: 0.75 | E53: 242857 | F53: 20 | H53: 149480 | I53: 90 | J53: 0.5 | N53: 33229 | O53: 66 | P53: 0.25 | S53: 93376 | T53: 29 | U53: 0.5
A54: Cúcuta | B54: 160832 | C54: 87 | D54: 0.5 | E54: 182142 | F54: 57 | H54: 130383 | I54: 15 | N54: 30449 | O54: 72 | P54: 0.5 | S54: 51759 | T54: 42
A55: Riohacha | B55: 23708 | C55: 90 | E55: 36428 | F55: 57 | H55: 37860 | I55: 50 | K55: 14151 | L55: 60 | Q55: 1431 | R55: 93
A56: Sabanilla | B56: 1877100 | E56: 1942857 | F56: 22 | H56: 1916875 | I56: 50 | K56: 39775 | L56: 50 | M56: * | S56: 25981 | T56: 72 | U56: *
A57: Santamarta | B57: 294435 | C57: 60 | E57: 659357 | F57: 22 | H57: 170783 | I57: 95 | N57: 123651 | O57: 65 | S57: 488573 | T57: 27
A58: Tumaco | B58: 27933 | C58: 24 | E58: 54642 | F58: 87 | H58: 24881 | I58: 76 | J58: 0.5 | N58: 3051 | O58: 47 | P58: 0.5 | S58: 29761 | T58: 10 | U58: 0.5
A59: Totales $ | B59: 2811159 | C59: 50 | D59: 0.5 | E59: 3400000 | H59: 2574273 | I59: 84 | J59: 0.5 | K59: 54138 | L59: 70 | N59: 291024 | O59: 36 | P59: 0.25 | Q59: 1431 | R59: 93 | S59: 827158 | T59: 8 | U59: 0.5
B60: =+SUM(B51:B58)+C60 -> 2811211.1 | C60: =+SUM(C51:C58)/8 -> 56.125 | D60: =+SUM(D51:D58) -> 1.75 | E60: =+SUM(E51:E58) -> 3399996 | F60: =+SUM(F51:F58) -> 400 | G60: =+SUM(G51:G58) -> 0 | H60: =+SUM(H51:H58)+I60 -> 2574329.4 | I60: =+SUM(I51:I58)/8 -> 60.375 | J60: =+SUM(J51:J58) -> 1.5 | K60: =+SUM(K51:K58) -> 54137 | L60: =+SUM(L51:L58) -> 170 | M60: =+SUM(M51:M58) -> 0 | N60: =+SUM(N51:N58) -> 291021 | O60: =+SUM(O51:O58) -> 335 | P60: =+SUM(P51:P58) -> 1.25 | Q60: =+SUM(Q51:Q58) -> 1431 | ... U60: =+SUM(U51:U58) -> 1.5
K61: 236885 | N61: 66 | O61: 0.5 | P61: * | Q61: 825726 | S61: 15 | T61: 0.5
A62: * Veánse las advertencias puestas al pié del "resúmen de los productos de Aduanas" que se halla en la pájina XIX.
A66: CUADRO No. 6
A67: CUADRO comparativo de los gastos de las Aduanas en los años económicos de 1873 a 1874 i 1874 a 1875.
A68: ADUANAS. | B68: GASTOS en 1873 a 1874. | E68: GASTOS en 1874 a 1875. | H68: DIFERENCIAS.
H69: Mayores gastos en el último año. | K69: Menores gastos en el último año.
A70: Buenaventura | B70: 37859 | C70: 57 | E70: 33438 | F70: 15 | K70: 4421 | L70: 42
A71: Carlosama | B71: 5202 | C71: 95 | E71: 5054 | F71: 17 | G71: 0.5 | K71: 148 | L71: 77 | M71: 0.5
A72: Cartajena | B72: 33781 | C72: 89 | E72: 28055 | F72: 5 | K72: 5726 | L72: 84
A73: Cúcuta | B73: 24588 | C73: 55 | E73: 19172 | F73: 70 | K73: 5415 | L73: 85
A74: Riohacha | B74: 10670 | C74: 55 | E74: 11207 | F74: 80 | H74: 537 | I74: 25
A75: Sabanilla | B75: 31546 | C75: 95 | E75: 132784 | F75: 40 | H75: 101370 | I75: 45
A76: Santamarta | B76: 27361 | C76: 85 | E76: 29795 | F76: 40 | H76: 2433 | I76: 55
A77: Tumaco | B77: 13726 | C77: 18 | D77: 0.5 | E77: 13388 | F77: 13 | K77: 338 | L77: 5 | M77: 0.5
B78: 184738 | C78: 49 | D78: 0.5 | E78: 272895 | F78: 80 | G78: 0.5 | H78: 104280 | I78: 208 | J78: 0.5 | K78: 16050 | L78: 94
B79: =+SUM(B70:B77) -> 184733 | C79: =+SUM(C70:C77) -> 549 | D79: =+SUM(D70:D77) -> 0.5 | E79: =+SUM(E70:E77) -> 272893 | F79: =+SUM(F70:F77) -> 280 | G79: =+SUM(G70:G77) -> 0.5 | H79: =+SUM(H70:H77) -> 104340 | I79: =+SUM(I70:I77) -> 125 | ... M79: =+SUM(M70:M77) -> 1
B80: 88157 | F80: 31 | H80: 88157 | L80: 31
A81: Ademas de los gastos que espresa este cuadro, se hizo el de $2,984--10, en el vapor "Vijilante"
A82: La diferencia en los gastos proviene principalmente de las mayores restriciones decretadas en el último año. La cifra de estas asciende a $ 901,530--85, i en el año anterior fue de $4,734--71 1/2
A86: CUADRO No. 7
A87: Año económico de 1874 a 1875 --- Movimiento de la especie --- Ingresos.
A88: ADMINISTRACIONES. | B88: Existencias en 1º de Sbre. | D88: Sales recibidas de los elaboradores. | K88: Sales aprehendidas | N88: TOTALES.
B89: Compactada. | C89: Vijua. | D89: Compactada. | F89: Caldero. | H89: Vijua. | J89: Agua salada. | K89: Compactada. | M89: Vijua. | N89: Compactada. | P89: Caldero. | R89: Vijua. | T89: Agua salada.
B90: Ks. | C90: Ks. | D90: Ks. | E90: Gs. | F90: Ks. | G90: Gs. | H90: Ks. | I90: Gs. | J90: Ks. | K90: Ks. | L90: Gs. | M90: Ks. | N90: Ks. | O90: Gs. | P90: Ks. | Q90: Gs. | R90: Ks. | S90: Gs. | T90: Ks.
A91: ……………….. Cipaquirá | D91: 4005025 | F91: 466025 | H91: 3427575 | K91: 2244 | N91: 4007269 | P91: 466025 | R91: 3427575
A92: ……………….. Nemocon | D92: 1289700 | H92: 2046275 | N92: 1289700 | R92: 2046275
A93: Cipaquirá……………….. Tausa | D93: 752125 | N93: 752125
A94: ……………….. Sesquilé | D94: 897225 | F94: 30975 | H94: 88475 | N94: 897225 | P94: 30975 | R94: 88475
A95: ……………….. Gachetá | J95: 354675 | K95: 321 | N95: 321 | T95: 354675
A96: Totales | D96: 6944075 | F96: 497000 | H96: 5562325 | J96: 354675 | K96: 2565 | N96: 6946640 | P96: 497000 | R96: 5562325 | T96: 354675
A97: Boyacá………………….. Chita i Muneque | D97: 1275487 | E97: 500 | F97: 83943 | G97: 750 | K97: 831 | L97: 250 | N97: 1276318 | O97: 750 | P97: 83943 | Q97: 750
A98: ………………….. Pajarito | C98: 2500 | H98: 125031 | I98: 250 | K98: 50 | L98: 500 | N98: 50 | O98: 500 | R98: 127531 | S98: 250
A99: Totales | C99: 2500 | D99: 8219562 | E99: 500 | F99: 580943 | G99: 750 | H99: 5687356 | I99: 250 | J99: 354675 | K99: 3446 | L99: 750 | N99: 8223009 | O99: 250 | P99: 580943 | Q99: 750 | R99: 5689856 | S99: 250 | T99: 354675
A100: Cumaral i Upin | C100: 31250 | H100: 135000 | R100: 166250
A101: Totales jenerales | C101: 33750 | D101: 8219562 | E101: 500 | F101: 580943 | G101: 750 | H101: 5822356 | I101: 250 | J101: 354675 | K101: 3446 | L101: 750 | N101: 8223009 | O101: 250 | P101: 580943 | Q101: 750 | R101: 5856106 | S101: 250 | T101: 354675
B102: =+SUM(B91++B92+B93+B94+B95+B97+B98+B100) -> 0 | C102: =+SUM(C91++C92+C93+C94+C95+C97+C98+C100) -> 33750 | D102: =+SUM(D91++D92+D93+D94+D95+D97+D98+D100) -> 8219562 | E102: =+SUM(E91++E92+E93+E94+E95+E97+E98+E100) -> 500 | F102: =+SUM(F91++F92+F93+F94+F95+F97+F98+F100) -> 580943 | G102: =+SUM(G91++G92+G93+G94+G95+G97+G98+G100) -> 750 | H102: =+SUM(H91++H92+H93+H94+H95+H97+H98+H100) -> 5822356 | I102: =+SUM(I91++I92+I93+I94+I95+I97+I98+I100) -> 250 | ... T102: =+SUM(T91++T92+T93+T94+T95+T97+T98+T100) -> 354675
B103: 33750 | D103: 14977537 | I103: 500 | K103: 3496 | M103: 750 | N103: 15014734 | T103: 250
A107: CUADRO No. 8
A108: Año económico de 1874 a 1875 --- Movimiento de la especie --- Egresos.
A109: ADMINISTRACIONES | B109: SALES VENDIDAS | N109: TOTALES. | V109: Existencia en 31 de agosto.
B110: De las recibidas. | J110: De las decomisadas.
B111: Compactada. | D111: Caldero. | F111: Vijua. | H111: Agua salada. | J111: Compactada. | L111: Vijua. | N111: Compactada. | P111: Caldero. | R111: Vijua. | T111: Agua salada. | V111: Compactada. | X111: Vijua.
B112: Kilógs. | C112: Gs. | D112: Kilógs. | E112: Gs. | F112: Kilógs. | G112: Gs. | H112: Kilógs. | I112: Gs. | J112: Kilógs. | K112: Gs. | L112: Kilógs. | M112: Gs. | N112: Kilógs. | O112: Gs. | P112: Kilógs. | Q112: Gs. | R112: Kilógs. | S112: Gs. | T112: Kilógs. | U112: Gs. | V112: Kilógs. | W112: Gs. | X112: Kilógs. | Y112: Gs.
A113: ……………….. Cipaquirá | B113: 4000600 | D113: 466025 | F113: 3402650 | J113: 2244 | N113: 4002844 | P113: 466025 | R113: 3402650
A114: ……………….. Nemocon | B114: 1015800 | F114: 1911625 | N114: 1015800 | R114: 1911625 | X114: 109900
A115: Cipaquirá……………….. Tausa | B115: 752125 | N115: 752125
A116: ……………….. Sesquilé | B116: 872475 | D116: 30975 | F116: 88475 | N116: 872475 | P116: 30975 | R116: 88475
A117: ……………….. Gachetá | H117: 354675 | J117: 321 | N117: 321 | T117: 354675
A118: Totales | B118: 6641000 | D118: 497000 | F118: 5402750 | H118: 354675 | J118: 2565 | N118: 6643565 | P118: 497000 | R118: 5402750 | T118: 354675 | X118: 134650
A119: Boyacá………………….. Chita i Muneque | B119: 1227600 | D119: 83943 | E119: 750 | J119: 831 | K119: 250 | N119: 1228431 | O119: 250 | P119: 83943 | Q119: 750 | V119: 47887 | W119: 500
A120: ………………….. Pajarito | F120: 123356 | G120: 250 | J120: 50 | K120: 500 | N120: 50 | O120: 500 | R120: 123356 | S120: 250 | X120: 2500
A121: Totales | B121: 7868600 | D121: 580943 | E121: 750 | F121: 5526106 | G121: 250 | H121: 354675 | J121: 3446 | K121: 750 | N121: 7872046 | O121: 750 | P121: 580943 | Q121: 750 | R121: 5526106 | S121: 250 | T121: 354675 | V121: 47887 | W121: 500 | X121: 109900
A122: Almacen en Sogamoso | B122: 237812 | C122: 500 | F122: 35531 | G122: 500 | N122: 237812 | O122: 500 | R122: 35531 | S122: 500
...

Sheet 1877 Hacienda
A1: MEMORIA DEL SECRETARIO DE HACIENDA I FOMENTO 1877
A3: CUADRO No. 1
A4: Productos de las Aduanas, su progreso o decadencia en los últimos años.
A5: ADUANAS. | B5: 1868 a 1869. | E5: 1869 a 1870. | H5: 1870 a 1871. | K5: 1871 a 1872. | N5: 1872 a 1873. | Q5: 1873 a 1874. | T5: 1874 a 1875. | W5: 1875 a 1876.
A6: Totales. | B6: 2089065 | C6: 81 | D6: =1/2 -> 0.5 | E6: 1575904 | F6: 3 | G6: =3/4 -> 0.75 | H6: 1561082 | I6: 11 | J6: =3/4 -> 0.75 | K6: 2039450 | L6: 21 | N6: 2775450 | O6: 38 | P6: =1/2 -> 0.5 | Q6: 2811158 | R6: 92 | S6: =1/2 -> 0.5 | T6: 2574273 | U6: 84 | V6: =1/2 -> 0.5 | W6: 2367816 | X6: 83
A10: CUADRO No. 2
A11: Número de bultos i peso de las mercaderías importadas por cada Aduana, i sus respectivos valores.
A12: ADUANAS. | B12: NUMERO DE BULTOS | C12: PESO DE LAS MERCADERIAS. | N12: VALORES.
C13: 1ª CLASE. | E13: 2ª CLASE. | G13: 3ª CLASE. | I13: 4ª CLASE. | K13: 5ª CLASE. | M13: SAL.
C14: Ks. | D14: Gs. | E14: Ks. | F14: Gs. | G14: Ks. | H14: Gs. | I14: Ks. | J14: Gs. | K14: Ks. | L14: Gs. | M14: Ks. | N14: Ps. | O14: Cs.
A15: Buenaventura | B15: 459585 | C15: 82010 | E15: 183212 | G15: 223477 | I15: 118964 | K15: 138248 | M15: 547829 | N15: 467373 | O15: 10
A16: Carlosama
A17: Cartajena | B17: 53663 | C17: 341007 | D17: 250 | E17: 539315 | F17: 175 | G17: 648723 | I17: 175797 | J17: 188 | K17: 132147 | L17: 439 | N17: 456537 | O17: 65
A18: Cúcuta
A19: Riohacha | B19: 22539 | C19: 378016 | E19: 159986 | G19: 88130 | I19: 51105 | K19: 33734 | N19: 140690 | O19: 3
A20: Sabanilla | B20: 260911 | C20: 1866181 | D20: 734 | E20: 2427596 | G20: 2882994 | H20: 610 | I20: 1472011 | J20: 65 | K20: 1899106 | L20: 859 | M20: 804265 | N20: 5921779 | O20: 45
A21: Santamarta | B21: 17397 | C21: 144435 | E21: 194163 | F21: 500 | G21: 241063 | H21: 650 | I21: 60003 | K21: 63519 | L21: 650 | N21: 216048 | O21: 80
A22: Tumaco | B22: 394800 | C22: 472595 | E22: 48156 | G22: 70264 | I22: 33624 | K22: 16360 | N22: 126499 | O22: 66
A23: Totales | B23: 1208895 | C23: 3284244 | D23: 984 | E23: 3552428 | F23: 675 | G23: 4154652 | H23: 260 | I23: 1911504 | J23: 253 | K23: 2283115 | L23: 984 | M23: 1352094 | N23: 7328928 | O23: 69
B24: =+SUM(B15:B22) -> 1208895 | C24: =+SUM(C15:C22) -> 3284244 | D24: =+SUM(D15:D22) -> 984 | E24: =+SUM(E15:E22) -> 3552428 | F24: =+SUM(F15:F22) -> 675 | G24: =+SUM(G15:G22) -> 4154651 | H24: =+SUM(H15:H22) -> 1260 | I24: =+SUM(I15:I22) -> 1911504 | ... O24: =+SUM(O15:O22) -> 269
C25: =C24+E24+G24+I24+K24+M24 -> 16538035
A27: CUADRO No. 3
A28: Número de Kilógramos de sal vendida en cada una de las salinas i el producto de las ventas en el año económico de 1875 a 1876, comparado con en año económico 1874 1875.
B29: AÑO DE 1874 a 1875. | D29: AÑO DE 1875 a 1876. | F29: PRODUCTOS EN 1874 a 1875. | H29: PRODUCTOS EN 1875 a 1876.
B30: Kilógrams. | C30: Gs. | D30: Kilógrams. | E30: Gs. | F30: Ps. | G30: Cs. | H30: Ps. | I30: Cs.
A31: Cipaquirá | B31: 7871519 | D31: 10320515 | F31: 399057 | G31: 90 | H31: 526441 | I31: 70
A32: Nemocon | B32: 2927425 | D32: 1245525 | F32: 133065 | G32: 40 | H32: 73246 | I32: 80
A33: Tausa | B33: 752125 | D33: 732475 | F33: 46807 | G33: 40 | H33: 46878 | I33: 40
A34: Sesquilé | B34: 991925 | D34: 1135475 | F34: 58935 | G34: 90 | H34: 68753 | I34: 80
A35: Gachetá | B35: 354996 | D35: 397200 | F35: 2858 | G35: 10 | H35: 3192 | I35: 30
A36: Totales | B36: 12897990 | D36: 13831190 | F36: 640724 | G36: 70 | H36: 718513
A37: Chita i Muneque | B37: 1312375 | D37: 1439010 | F37: 80038 | G37: 40 | H37: 88489 | I37: 10
A38: Pajarito | B38: 123406 | C38: 750 | D38: 187980 | F38: 4701 | G38: 35 | H38: 7783 | I38: 60
A39: Almacen en Sogamoso | B39: 273344 | D39: 563947 | E39: 500 | F39: 25571 | G39: 80 | H39: 28326 | I39: 90
A40: Totales | B40: 1709125 | C40: 75 | D40: 2190937 | E40: 500 | F40: 110311 | G40: 55 | H40: 124599 | I40: 60
A41: Cumaral i Upin | B41: 135718 | C41: 250 | D41: 138893 | E41: 625 | F41: 3256 | G41: 90 | H41: 3332 | I41: 75
A42: Totales | B42: 135718 | C42: 250 | D42: 138893 | E42: 625 | F42: 3256 | G42: 90 | H42: 3332 | I42: 75
A43: RESUMEN.
A44: En Cundinamarca | B44: 12897990 | D44: 13831190 | F44: 640724 | G44: 70 | H44: 718513
A45: En Boyacá | B45: 1709125 | C45: 750 | D45: 2190937 | E45: 500 | F45: 110311 | G45: 55 | H45: 124599 | I45: 60
A46: Salinas varias | B46: 135718 | C46: 250 | D46: 138893 | E46: 625 | F46: 3256 | G46: 90 | H46: 3331 | I46: 75
A47: Totales jenerales | B47: 14742834 | D47: 16161021 | E47: 125 | F47: 754293 | G47: 15 | H47: 846445 | I47: 35
B48: =+SUM(B31+B32+B33+B34+B35+B37+B38+B39+B41) -> 14742833 | C48: =+SUM(C31+C32+C33+C34+C35+C37+C38+C39+C41) -> 1000 | D48: =+SUM(D31+D32+D33+D34+D35+D37+D38+D39+D41) -> 16161020 | E48: =+SUM(E31+E32+E33+E34+E35+E37+E38+E39+E41) -> 1125 | F48: =+SUM(F31+F32+F33+F34+F35+F37+F38+F39+F41) -> 754288 | G48: =+SUM(G31+G32+G33+G34+G35+G37+G38+G39+G41) -> 515 | H48: =+SUM(H31+H32+H33+H34+H35+H37+H38+H39+H41) -> 846440 | I48: =+SUM(I31+I32+I33+I34+I35+I37+I38+I39+I41) -> 535
A51: CUADRO No. 4
A52: Productos i gastos año económico 1875 a 1876
A53: SALINAS. | B53: PRODUCTO BRUTO. | D53: GASTOS. | F53: PRODUCTO LIQUIDO.
B54: Pesos. | C54: Cs. | D54: Pesos. | E54: Cs. | F54: Pesos. | G54: Cs.
A55: Ciopaquirá | B55: 526441 | C55: 70 | D55: 104269 | E55: 20 | F55: 422172 | G55: 50
A56: Nemocon | B56: 73246 | C56: 80 | D56: 17515 | E56: 65 | F56: 55731 | G56: 15
A57: Tausa | B57: 46878 | C57: 40 | D57: 8563 | E57: 50 | F57: 38314 | G57: 90
A58: Sesquilé | B58: 68753 | C58: 80 | D58: 19925 | E58: 20 | F58: 48828 | G58: 60
A59: Gachetá | B59: 3192 | C59: 30 | D59: 1606 | E59: 70 | F59: 1585 | G59: 60
A60: Chita i Muneque | B60: 88489 | C60: 10 | D60: 48536 | E60: 50 | F60: 39952 | G60: 60
A61: Pajarito | B61: 7783 | C61: 60 | D61: 6800 | E61: 60 | F61: 983
A62: Almacen en Sigamoso | B62: 28326 | C62: 90 | D62: 5519 | E62: 30 | F62: 22807 | G62: 60
A63: Cumaral i Upin | B63: 3332 | C63: 75 | D63: 3652 | E63: 50
A64: Totales | B64: 846445 | C64: 35 | D64: 216389 | E64: 15 | F64: 630375 | G64: 95
B65: =+SUM(B55:B63) -> 846440 | C65: =+SUM(C55:C63) -> 535 | D65: =+SUM(D55:D63) -> 216385 | E65: =+SUM(E55:E63) -> 415 | F65: =+SUM(F55:F63) -> 630372 | G65: =+SUM(G55:G63) -> 395
A66: Gastos 1874 a 1875 | B66: 238793 | C66: 2 | D66: =1/2 -> 0.5
A67: Gastos 1875 a 1876 | B67: 216389 | C67: 15
A68: Producto líquido salinas 1874 a 1875 | B68: 518947 | C68: 90
A69: Producto líquido salinas 1875 a 1876 | B69: 630375 | C69: 95

Sheet 1877 Tesoro
A1: MEMORIA DEL SECRETARIO DEL TESORO I CRÉDITO NACIONAL 1877
A3: CUADRO No. 1
A4: RENTAS DE LA VIJENCIA ECONOMICA DE 1874 A 1875.
A5: Aduanas $ | B5: 1971555 | C5: 615
A6: Aprovechamientos | B6: 688576 | C6: 674
A7: Bienes nacionales | B7: 21710 | C7: 275
A8: Empresa del ferrocarril de Panamá | B8: 168750
A9: Ingresos varios | B9: 5270 | C9: 675
A10: Renta de Correos | B10: 61125 | C10: 435
A11: Renta de Bienes desamortizados | B11: 20899 | C11: 425
A12: Salinas | B12: 728721 | C12: 355
A13: Amonedacion | B13: 5308 | C13: 226
A14: Empresa de telégrafo | B14: 23070 | C14: 995
A15: Venta de Bienes desamortizados | B15: 108211 | C15: 250 | E15: 3803199 | F15: 925
E16: =+SUM(B5:B15) -> 3803195 | F16: =+SUM(C5:C15) -> 4925 | G16: =+SUM(D5:D15) -> 0
A17: Cuentas de algunas oficinas de Hacienda que no se recibieron a tiempo
A18: Aduanas $ | B18: 285089 | C18: 430
A19: Renta de Correos | B19: 4432 | C19: 530
A20: Empresa de telégrafo | B20: 2564 | C20: 600
A21: Aprovechamientos | B21: 141 | C21: 185
A22: Ingresos varios | B22: 123 | C22: 200
A23: Bienes nacionales | B23: 12 | C23: 800 | E23: 292363 | F23: 745
E24: =+SUM(B18:B23) -> 292361 | F24: =+SUM(C18:C23) -> 2745 | G24: =+SUM(D18:D23) -> 0
A25: Saldos por cobrar i nuevos reconociemientos a favor del Tesoro:
A26: Aduanas $ | B26: 146398 | C26: 705
A27: Empresa de ferrocarril de Panamá | B27: 56250
A28: Bienes nacionales | B28: 4919 | C28: 750
A29: Telégrafos | B29: 1683 | C29: 25
A30: Venta de Bienes desamortizados | B30: 1417 | C30: 300
A31: Ingresos varios | B31: 1362 | C31: 515
A32: Renta de Correos | B32: 186 | C32: 850
A33: Aprovechamientos | B33: 20 | E33: 212238 | F33: 145
E34: 4307801 | F34: 815
E35: =+E15+E23+E33 -> 4307800 | F35: =+F15+F23+F33 -> 1815
A36: En el producto de las rentas figuran algunas partidas que no representan recaudos en dinero sino en documentos de crédito, i otras que provienen de los aprovechamientos que obtiene en Tesoro en la cancelacion de documentos por la diferencia entre su valor nominal i el precio a que se amortizan. Esas sumas, que deben deducirse para hallar el rendimiento en dinero de las rentas, son las que siguen:
A37: Renta de Bienes desamortizados | B37: 11432 | C37: 550
A38: Aprovechamientos | B38: 653004 | C38: 790
A39: Venta de Bienes desamortizados | B39: 105709 | C39: 600 | E39: 770146 | F39: 940
E40: =+SUM(B37:B39) -> 770145 | F40: =+SUM(C37:C39) -> 1940
A41: Diferencia $ | E41: 3537654 | F41: 875
E42: =+E34-E39 -> 3537655 | F42: =+F34-F39 -> -125
A43: Que representa el ingreso en dinero que ha tenido el Tesoro durante la vijencia mencionada, al comenzar la cual habia, procedente de la anterior, una existencia en Caja i Cartera de | E43: 762701 | F43: 888 | G43: 0.5
